Workbook
Name Print_Area: 'Q-Entrada'!$A$3:$BK$23
Name Print_Area: 'Q-Extravasor'!$A$3:$BK$40
Name Print_Area: 'Q-Saída'!$A$3:$BK$23
Name Print_Titles: 'Q-Entrada'!$3:$8
Name Print_Titles: 'Q-Extravasor'!$3:$8
Name Print_Titles: 'Q-Saída'!$3:$8

Sheet Resumo
B2: SAMAE | C2: SERVIÇO AUTÔNOMO MUNICIPAL DE ÁGUA E ESGOTO DE MOGI GUAÇU | H2: Referência de Preços
C3: PLANILHA DE ORÇAMENTO | H3: SINAPI Desonerado I0: | K3: Dezembro/2023
B4: OBRA | C4: PROJETO EXECUTIVO DE IMPLANTAÇÃO DE | H4: SABESP Io: | K4: Novembro/2023
C5: NOVO RESERVATÓRIO METÁLICO NO SETOR EUCALIPTOS | H5: BDI (apenas SINAPI)
C6: RESUMO GERAL | H6: Obras Civis e Serviços: | K6: 0.2698
H7: Materiais e Equipamentos: | K7: 0.168
B8: Item | C8: Discriminação | H8: Preço Total com BDI (R$)
B10: 1 | C10: ='OS-Reservatório'!$C$6 -> RESERVATÓRIO METÁLICO
C11: ='OS-Reservatório'!$C$7 -> OBRAS CIVIS E SERVIÇOS | H11: ='OS-Reservatório'!$K$14 -> 26188.7 | L11: --
B13: =B10+1 -> 2 | C13: ='ME-Reservatório'!$C$6 -> RESERVATÓRIO METÁLICO
C14: ='ME-Reservatório'!$C$7 -> MATERIAIS E EQUIPAMENTOS | H14: ='ME-Reservatório'!$K$14 -> 2563225 | L14: --
B16: =B13+1 -> 3 | C16: ='OS-Entrada'!$C$6 -> INTERLIGAÇÃO DE ENTRADA DO RESERVATÓRIO
C17: ='OS-Entrada'!$C$7 -> OBRAS CIVIS E SERVIÇOS | H17: ='OS-Entrada'!$K$22 -> 66329.54 | L17: --
B19: =B16+1 -> 4 | C19: ='ME-Entrada'!$C$6 -> INTERLIGAÇÃO DE ENTRADA DO RESERVATÓRIO
C20: ='ME-Entrada'!$C$7 -> MATERIAIS E EQUIPAMENTOS | H20: ='ME-Entrada'!$K$12 -> 305332.56 | L20: --
B22: =B19+1 -> 5 | C22: ='OS-Extravasor'!$C$6 -> INTERLIGAÇÃO DO EXTRAVASOR E DESCARGA
C23: ='OS-Extravasor'!$C$7 -> OBRAS CIVIS E SERVIÇOS | H23: ='OS-Extravasor'!$K$24 -> 34944.77 | L23: --
B25: =B22+1 -> 6 | C25: ='ME-Extravasor'!$C$6 -> INTERLIGAÇÃO DO EXTRAVASOR E DESCARGA
C26: ='ME-Extravasor'!$C$7 -> MATERIAIS E EQUIPAMENTOS | H26: ='ME-Extravasor'!$K$12 -> 131077.09 | L26: --
B28: =B25+1 -> 7 | C28: ='OS-Saída'!$C$6 -> INTERLIGAÇÃO DE SAÍDA DO RESERVATÓRIO
C29: ='OS-Saída'!$C$7 -> OBRAS CIVIS E SERVIÇOS | H29: ='OS-Saída'!$K$24 -> 32714.99 | L29: --
B31: =B28+1 -> 8 | C31: ='ME-Saída'!$C$6 -> INTERLIGAÇÃO DE SAÍDA DO RESERVATÓRIO
C32: ='ME-Saída'!$C$7 -> MATERIAIS E EQUIPAMENTOS | H32: ='ME-Saída'!$K$12 -> 244873.85 | L32: --
B34: =B31+1 -> 9 | C34: ='OS-Respiro'!$C$6 -> RESPIRO
C35: ='OS-Respiro'!$C$7 -> OBRAS CIVIS E SERVIÇOS | H35: ='OS-Respiro'!$K$12 -> 1734.39 | L35: --
B37: =B34+1 -> 10 | C37: ='ME-Respiro'!$C$6 -> RESPIRO
C38: ='ME-Respiro'!$C$7 -> MATERIAIS E EQUIPAMENTOS | H38: ='ME-Respiro'!$K$12 -> 23335.76 | L38: --
B40: =B37+1 -> 11 | C40: ='OS-Canteiro'!$C$6 -> CANTEIRO DE OBRAS
C41: ='OS-Canteiro'!$C$7 -> OBRAS CIVIS E SERVIÇOS | H41: ='OS-Canteiro'!$K$14 -> 91515.83 | L41: -- | M41: =H43*0.025 -> 88031.812
C43: TOTAL | H43: =SUM(H9:K42) -> 3521272.5 | M43: 2969450.7 | N43: Rev-0 | O43: =H43-M43 -> 551821.73

Sheet OS-Reservatório
B2: SAMAE | C2: SERVIÇO AUTÔNOMO MUNICIPAL DE ÁGUA E ESGOTO DE MOGI GUAÇU | H2: Referência de Preços
C3: PLANILHA DE ORÇAMENTO | H3: SINAPI Desonerado I0: | K3: Novembro/2023
B4: OBRA | C4: PROJETO EXECUTIVO DE IMPLANTAÇÃO DE | H4: SABESP Io: | K4: Novembro/2023
C5: NOVO RESERVATÓRIO METÁLICO NO SETOR EUCALIPTOS | H5: BDI (apenas SINAPI)
C6: RESERVATÓRIO METÁLICO | H6: Obras Civis e Serviços: | K6: 0.2698 | L6: 0
C7: OBRAS CIVIS E SERVIÇOS | H7: Materiais e Equipamentos: | K7: 0.168 | L7: 1.28
B8: Item | C8: Discriminação | D8: Código | E8: Fonte | F8: Unid. | G8: Quant. | H8: Preço Unitário sem BDI (R$) | I8: BDI Aplicado (%) | J8: Preço Unitário com BDI (R$) | K8: Preço Total com BDI (R$)
B10: =B16 -> 1 | C10: =UPPER(C16) -> MONTAGEM DE MATERIAIS E EQUIPAMENTOS ELÉTRICOS | K10: =K22 -> 19534.5
B12: =B24 -> 2 | C12: =UPPER(C24) -> URBANIZAÇÃO | K12: =K27 -> 6654.2
C14: TOTAL | K14: =SUM(K9:K13) -> 26188.7
B16: 1 | C16: Montagem de Materiais e Equipamentos Elétricos
B17: 1.1 | C17: ='E-001'!$C$8 -> Montagem da entrada de energia | D17: ='E-001'!$C$7 -> E-001 | E17: ='E-001'!$C$6 -> COMP. | F17: ='E-001'!$C$10 -> gb | G17: 1 | H17: =ROUND('E-001'!$H$19,2) -> 3759.68 | I17: =$K$6 -> 0.2698 | J17: =ROUND(H17*(I17+1),2) -> 4774.04 | K17: =ROUND(J17*G17,2) -> 4774.04
B18: 1.2 | C18: ='E-002'!$C$8 -> Montagem do sistema de aterramento e SPDA | D18: ='E-002'!$C$7 -> E-002 | E18: ='E-002'!$C$6 -> COMP. | F18: ='E-002'!$C$10 -> gb | G18: 1 | H18: =ROUND('E-002'!$H$19,2) -> 6127.44 | I18: =$K$6 -> 0.2698 | J18: =ROUND(H18*(I18+1),2) -> 7780.62 | K18: =ROUND(J18*G18,2) -> 7780.62
B19: 1.3 | C19: ='E-003'!$C$8 -> Transporte de materiais e equipamentos | D19: ='E-003'!$C$7 -> E-003 | E19: ='E-003'!$C$6 -> COMP. | F19: ='E-003'!$C$10 -> gb | G19: 1 | H19: =ROUND('E-003'!$H$17,2) -> 1712.96 | I19: =$K$6 -> 0.2698 | J19: =ROUND(H19*(I19+1),2) -> 2175.12 | K19: =ROUND(J19*G19,2) -> 2175.12
B20: 1.4 | C20: ='E-004'!$C$8 -> Instalação e comissionamento de instrumentos | D20: ='E-004'!$C$7 -> E-004 | E20: ='E-004'!$C$6 -> COMP. | F20: ='E-004'!$C$10 -> gb | G20: 1 | H20: =ROUND('E-004'!$H$18,2) -> 3783.84 | I20: =$K$6 -> 0.2698 | J20: =ROUND(H20*(I20+1),2) -> 4804.72 | K20: =ROUND(J20*G20,2) -> 4804.72
C22: Subtotal 1 | J22: =ROUND(H22*(I22+1),2) -> 0 | K22: =SUM(K17:K21) -> 19534.5 | M22: 14516.54 | N22: =K22-M22 -> 5017.96
B24: 2 | C24: Urbanização
B25: 2.1 | C25: Portão de tela | D25: 70150001 | E25: SABESP | F25: m² | G25: 10.8 | H25: =(621.08/L7) -> 485.21875 | I25: =$K$6 -> 0.2698 | J25: =ROUND(H25*(I25+1),2) -> 616.13 | K25: =ROUND(G25*J25,2) -> 6654.2
C27: Subtotal 2 | J27: =ROUND(H27*(I27+1),2) -> 0 | K27: =SUM(K25:K26) -> 6654.2
C30: TOTAL | K30: =SUM(K16:K29)/2 -> 26188.7

Sheet ME-Reservatório
B2: SAMAE | C2: SERVIÇO AUTÔNOMO MUNICIPAL DE ÁGUA E ESGOTO DE MOGI GUAÇU | H2: Referência de Preços
C3: PLANILHA DE ORÇAMENTO | H3: SINAPI Desonerado I0: | K3: Novembro/2023
B4: OBRA | C4: PROJETO EXECUTIVO DE IMPLANTAÇÃO DE | H4: SABESP Io: | K4: Novembro/2023
C5: NOVO RESERVATÓRIO METÁLICO NO SETOR EUCALIPTOS | H5: BDI (apenas SINAPI)
C6: RESERVATÓRIO METÁLICO | H6: Obras Civis e Serviços: | K6: 0.2698 | L6: 0
C7: MATERIAIS E EQUIPAMENTOS | H7: Materiais e Equipamentos: | K7: 0.168
B8: Item | C8: Discriminação | D8: Código | E8: Fonte | F8: Unid. | G8: Quant. | H8: Preço Unitário sem BDI (R$) | I8: BDI Aplicado (%) | J8: Preço Unitário com BDI (R$) | K8: Preço Total com BDI (R$)
B10: =B16 -> 1 | C10: =UPPER(C16) -> FORNECIMENTO DE MATERIAIS E EQUIPAMENTOS HIDRÁULICOS | K10: =K19 -> 2546240
B12: =B21 -> 2 | C12: =UPPER(C21) -> FORNECIMENTO DE MATERIAIS E EQUIPAMENTOS ELÉTRICOS | K12: =K68 -> 16985
C14: TOTAL | K14: =SUM(K9:K13) -> 2563225
B16: 1 | C16: Fornecimento de Materiais e Equipamentos Hidráulicos
B17: 1.1 | C17: ='Resumo Preços'!$D$65 -> Reservatório cilíndrico vertical apoiado, Ø 14,32m, H = 18,00m, V = 2.800m³, completo, incluso escada externa tipo marinheiro com guarda-corpo, em aço carbono | D17: ='Resumo Preços'!$C$65 -> RES-01 | E17: Cotação | F17: ='Resumo Preços'!$E$65 -> cj | G17: 1 | H17: =ROUND('Resumo Preços'!$L$65,2) -> 2180000 | I17: =$K$7 -> 0.168 | J17: =ROUND(H17*(I17+1),2) -> 2546240 | K17: =ROUND(J17*G17,2) -> 2546240
C19: Subtotal 1 | J19: =ROUND(H19*(I19+1),2) -> 0 | K19: =SUM(K17:K18) -> 2546240
B21: 2 | C21: Fornecimento de Materiais e Equipamentos Elétricos
B22: 2.1 | C22: Entrada de Energia
B23: 2.1.1 | C23: Armação secundária com isolador tipo roldana | D23: 1091 | E23: SINAPI | F23: unid | G23: 1 | H23: 25.12 | I23: =$K$7 -> 0.168 | J23: =ROUND(H23*(I23+1),2) -> 29.34 | K23: =ROUND(J23*G23,2) -> 29.34
B24: 2.1.2 | C24: Braçadeira de aço zincado | F24: unid | G24: 1 | H24: 38.9 | I24: =$K$7 -> 0.168 | J24: =ROUND(H24*(I24+1),2) -> 45.44 | K24: =ROUND(J24*G24,2) -> 45.44
B25: 2.1.3 | C25: Poste de concreto duplo T de 7,5m - 90daN | D25: EL06088 | E25: SABESP | F25: unid | G25: 1 | H25: 615 | I25: =$K$7 -> 0.168 | J25: =ROUND(H25*(I25+1),2) -> 718.32 | K25: =ROUND(J25*G25,2) -> 718.32
B26: 2.1.4 | C26: Curva 135° PVC rígido DN 40mm | D26: 2626 | E26: SINAPI | F26: unid | G26: 1 | H26: 29.37 | I26: =$K$7 -> 0.168 | J26: =ROUND(H26*(I26+1),2) -> 34.3 | K26: =ROUND(J26*G26,2) -> 34.3
B27: 2.1.5 | C27: Eletroduto de PVC rígido DN 40mm x3000mm | D27: 2680 | E27: SINAPI | F27: br | G27: 2 | H27: =ROUND(10.8*3,2) -> 32.4 | I27: =$K$7 -> 0.168 | J27: =ROUND(H27*(I27+1),2) -> 37.84 | K27: =ROUND(J27*G27,2) -> 75.68
B28: 2.1.6 | C28: Luva para eletroduto de PVC DN 40mm | D28: EL00793 | E28: SABESP | F28: unid | G28: 11 | H28: 3.07 | I28: =$K$7 -> 0.168 | J28: =ROUND(H28*(I28+1),2) -> 3.59 | K28: =ROUND(J28*G28,2) -> 39.49
B29: 2.1.7 | C29: Bucha para eletroduto de PVC DN 40mm | D29: 39178 | E29: SINAPI | F29: unid | G29: 5 | H29: 2.33 | I29: =$K$7 -> 0.168 | J29: =ROUND(H29*(I29+1),2) -> 2.72 | K29: =ROUND(J29*G29,2) -> 13.6
B30: 2.1.8 | C30: Arruela para eletroduto de PVC DN 40mm | D30: 39212 | E30: SINAPI | F30: unid | G30: 4 | H30: 2.05 | I30: =$K$7 -> 0.168 | J30: =ROUND(H30*(I30+1),2) -> 2.39 | K30: =ROUND(J30*G30,2) -> 9.56
B31: 2.1.9 | C31: Curva de 90° PVC rígido DN 40mm | D31: EL00728 | E31: SABESP | F31: unid | G31: 4 | H31: 5.79 | I31: =$K$7 -> 0.168 | J31: =ROUND(H31*(I31+1),2) -> 6.76 | K31: =ROUND(J31*G31,2) -> 27.04
B32: 2.1.10 | C32: Eletroduto de PVC rígido DN 20mm x3000mm | D32: 2674 | E32: SINAPI | F32: br | G32: 1 | H32: =ROUND(4.39*3,2) -> 13.17 | I32: =$K$7 -> 0.168 | J32: =ROUND(H32*(I32+1),2) -> 15.38 | K32: =ROUND(J32*G32,2) -> 15.38
B33: 2.1.11 | C33: Curva de 90° PVC rígido DN 20mm | D33: EL00736 | E33: SABESP | F33: unid | G33: 1 | H33: 3.2 | I33: =$K$7 -> 0.168 | J33: =ROUND(H33*(I33+1),2) -> 3.74 | K33: =ROUND(J33*G33,2) -> 3.74
B34: 2.1.12 | C34: Luva para eletroduto de PVC DN 20mm | D34: EL00801 | E34: SABESP | F34: unid | G34: 3 | H34: 0.99 | I34: =$K$7 -> 0.168 | J34: =ROUND(H34*(I34+1),2) -> 1.16 | K34: =ROUND(J34*G34,2) -> 3.48
B35: 2.1.13 | C35: Bucha para eletroduto de PVC DN 20mm | D35: 39175 | E35: SINAPI | F35: unid | G35: 1 | H35: 1.29 | I35: =$K$7 -> 0.168 | J35: =ROUND(H35*(I35+1),2) -> 1.51 | K35: =ROUND(J35*G35,2) -> 1.51
B36: 2.1.14 | C36: Arruela para eletroduto de PVC DN 20mm | D36: 39209 | E36: SINAPI | F36: unid | G36: 1 | H36: 0.66 | I36: =$K$7 -> 0.168 | J36: =ROUND(H36*(I36+1),2) -> 0.77 | K36: =ROUND(J36*G36,2) -> 0.77
B37: 2.1.15 | C37: Condutor de cobre singelo, isolado 750v, bitola 16 mm² preto | D37: 979 | E37: SINAPI | F37: m | G37: 25 | H37: 11.38 | I37: =$K$7 -> 0.168 | J37: =ROUND(H37*(I37+1),2) -> 13.29 | K37: =ROUND(J37*G37,2) -> 332.25
B38: 2.1.16 | C38: Condutor de cobre singelo, isolado 750v, bitola 16 mm² azul claro | D38: 979 | E38: SINAPI | F38: m | G38: 10 | H38: 11.38 | I38: =$K$7 -> 0.168 | J38: =ROUND(H38*(I38+1),2) -> 13.29 | K38: =ROUND(J38*G38,2) -> 132.9
B39: 2.1.17 | C39: Fita de aço zincada | F39: unid | G39: 5 | H39: 72.3 | I39: =$K$7 -> 0.168 | J39: =ROUND(H39*(I39+1),2) -> 84.45 | K39: =ROUND(J39*G39,2) -> 422.25
B40: 2.1.18 | C40: Terminal para cabo # 16mm² | D40: 1575 | E40: SINAPI | F40: unid | G40: 14 | H40: 1.96 | I40: =$K$7 -> 0.168 | J40: =ROUND(H40*(I40+1),2) -> 2.29 | K40: =ROUND(J40*G40,2) -> 32.06
B41: 2.1.19 | C41: Condutor de cobre nú # 16mm² | D41: 857 | E41: SINAPI | F41: m | G41: 5 | H41: 13.78 | I41: =$K$7 -> 0.168 | J41: =ROUND(H41*(I41+1),2) -> 16.1 | K41: =ROUND(J41*G41,2) -> 80.5
B42: 2.1.20 | C42: Disjuntor trifásico 600V, 63A | D42: 2373 | E42: SINAPI | F42: unid | G42: 1 | H42: 101.67 | I42: =$K$7 -> 0.168 | J42: =ROUND(H42*(I42+1),2) -> 118.75 | K42: =ROUND(J42*G42,2) -> 118.75
B43: 2.1.21 | C43: Haste de aterramento cobreado DN 3/4"x3000 mm | D43: EL02581 | E43: SABESP | F43: unid | G43: 1 | H43: 260.06 | I43: =$K$7 -> 0.168 | J43: =ROUND(H43*(I43+1),2) -> 303.75 | K43: =ROUND(J43*G43,2) -> 303.75
B44: 2.1.22 | C44: Conector de bronze para haste-cabo DN 3/4"-16mm² | D44: EL02574 | E44: SABESP | F44: unid | G44: 1 | H44: 14.33 | I44: =$K$7 -> 0.168 | J44: =ROUND(H44*(I44+1),2) -> 16.74 | K44: =ROUND(J44*G44,2) -> 16.74
B45: 2.1.23 | C45: Caixa de inspeção DN 250 x 250mm com tampa de ferro fundido | D45: EL02533 | E45: SABESP | F45: unid | G45: 1 | H45: 77.65 | I45: =$K$7 -> 0.168 | J45: =ROUND(H45*(I45+1),2) -> 90.7 | K45: =ROUND(J45*G45,2) -> 90.7
B46: 2.1.24 | C46: Massa calafetadora para vedação | F46: kg | G46: 1 | H46: 75.7 | I46: =$K$7 -> 0.168 | J46: =ROUND(H46*(I46+1),2) -> 88.42 | K46: =ROUND(J46*G46,2) -> 88.42
B47: 2.2 | C47: Fios e Cabos
B48: 2.2.1 | C48: Cabo unipolar de cobre, flexível, isolação em composto termofixo tipo EPR, cobertura em composto termoplástico tipo PVC colorido, seção 2,5 mm², cor preta | D48: 1022 | E48: SINAPI | F48: m | G48: 200 | H48: 2.07 | I48: =$K$7 -> 0.168 | J48: =ROUND(H48*(I48+1),2) -> 2.42 | K48: =ROUND(G48*J48,2) -> 484
B49: 2.2.2 | C49: Cabo unipolar de cobre, flexível, isolação em composto termofixo tipo EPR, cobertura em composto termoplástico tipo PVC colorido, seção 2,5 mm², cor verde | D49: 1022 | E49: SINAPI | F49: m | G49: 100 | H49: 2.07 | I49: =$K$7 -> 0.168 | J49: =ROUND(H49*(I49+1),2) -> 2.42 | K49: =ROUND(G49*J49,2) -> 242
B50: 2.2.3 | C50: Cabo unipolar de cobre, flexível, isolação em composto termofixo tipo EPR, cobertura em composto termoplástico tipo PVC colorido, seção 1,5 mm², cor preta (conexões de instrumentação) | D50: 993 | E50: SINAPI | F50: m | G50: 300 | H50: 1.49 | I50: =$K$7 -> 0.168 | J50: =ROUND(H50*(I50+1),2) -> 1.74 | K50: =ROUND(G50*J50,2) -> 522
B51: 2.3 | C51: Eletrodutos e Afins
B52: 2.3.1 | C52: Eletroduto flexível corrugado de PEAD, para instalação de rede subterrânea de distribuição, com fio guia, diâmetro nominal 2" | D52: 2446 | E52: SINAPI | F52: m | G52: 100 | H52: 7.8 | I52: =$K$7 -> 0.168 | J52: =ROUND(H52*(I52+1),2) -> 9.11 | K52: =ROUND(G52*J52,2) -> 911
B53: 2.3.2 | C53: Eletroduto rígido de aço galvanizado, fornecido em barras de 3 m, diâmetro nominal de 3/4" | D53: 21128 | E53: SINAPI | F53: br | G53: 8 | H53: =ROUND(9.67*3,2) -> 29.01 | I53: =$K$7 -> 0.168 | J53: =ROUND(H53*(I53+1),2) -> 33.88 | K53: =ROUND(G53*J53,2) -> 271.04
B54: 2.3.3 | C54: Luva para eletroduto rígido de aço galvanizado, diâmetro nominal de 3/4" | D54: 2637 | E54: SINAPI | F54: m | G54: 12 | H54: 1.78 | I54: =$K$7 -> 0.168 | J54: =ROUND(H54*(I54+1),2) -> 2.08 | K54: =ROUND(G54*J54,2) -> 24.96
B55: 2.3.4 | C55: Curva de 90° para eletroduto rígido de aço galvanizado, diâmetro nominal de 3/4" | D55: EL00735 | E55: SABESP | F55: unid | G55: 2 | H55: 5.73 | I55: =$K$7 -> 0.168 | J55: =ROUND(H55*(I55+1),2) -> 6.69 | K55: =ROUND(G55*J55,2) -> 13.38
B56: 2.3.5 | C56: Conector tipo prensa-cabos para eletroduto rígido, diâmetro nominal de 3/4" | D56: 1599 | E56: SINAPI | F56: unid | G56: 2 | H56: 14.86 | I56: =$K$7 -> 0.168 | J56: =ROUND(H56*(I56+1),2) -> 17.36 | K56: =ROUND(G56*J56,2) -> 34.72
B57: 2.4 | C57: Instrumentação
B58: 2.4.1 | C58: ='Resumo Preços'!$D$66 -> Transmissor de nível tipo piezostático (por pressão), alimentação 24 Vcc, sinalização 4-20 mA, com indicador local integral, conexão ao processo com rosca 1/2" NPT e apto para instalação ao tempo | D58: ='Resumo Preços'!$C$66 -> INST-01 | E58: ='Resumo Preços'!$B$66 -> Cotação | F58: ='Resumo Preços'!$E$66 -> cj | G58: 1 | H58: =ROUND('Resumo Preços'!$L$66,2) -> 4382.72 | I58: =$K$7 -> 0.168 | J58: =ROUND(H58*(I58+1),2) -> 5119.02 | K58: =ROUND(G58*J58,2) -> 5119.02
B59: 2.5 | C59: Sinalização
B60: 2.5.1 | C60: Suporte para sinalizador de obstáculo duplo, com soquetes E27, para fixação em mastro de 2.1/2", sem lâmpada | F60: cj | G60: 1 | H60: 165.34 | I60: =$K$7 -> 0.168 | J60: =ROUND(H60*(I60+1),2) -> 193.12 | K60: =ROUND(G60*J60,2) -> 193.12
B61: 2.5.2 | C61: Lâmpada estroboscópica LED branca ou amarela, 3,5 W / 220 V, soquete E27 | F61: cj | G61: 2 | H61: 37.9 | I61: =$K$7 -> 0.168 | J61: =ROUND(H61*(I61+1),2) -> 44.27 | K61: =ROUND(G61*J61,2) -> 88.54
B62: 2.6 | C62: SPDA e Aterramento
B63: 2.6.1 | C63: Cabo de cobre nu, seção 50 mm², encordoamento classe 2 | D63: 867 | E63: SINAPI | F63: m | G63: 100 | H63: 41.21 | I63: =$K$7 -> 0.168 | J63: =ROUND(H63*(I63+1),2) -> 48.13 | K63: =ROUND(G63*J63,2) -> 4813
B64: 2.6.2 | C64: Haste de aterramento cobreado DN 3/4"x3000 mm | D64: EL02581 | E64: SABESP | F64: unid | G64: 4 | H64: 260.06 | I64: =$K$7 -> 0.168 | J64: =ROUND(H64*(I64+1),2) -> 303.75 | K64: =ROUND(G64*J64,2) -> 1215
B65: 2.6.3 | C65: Caixa de inspeção DN 250 x 250mm com tampa de ferro fundido | D65: EL02533 | E65: SABESP | F65: unid | G65: 1 | H65: 77.65 | I65: =$K$7 -> 0.168 | J65: =ROUND(H65*(I65+1),2) -> 90.7 | K65: =ROUND(G65*J65,2) -> 90.7
B66: 2.6.4 | C66: Cartucho de pó para solda exotérmica, nº 115, com disco retentor e palito de ignição. | F66: unid | G66: 15 | H66: 18.64 | I66: =$K$7 -> 0.168 | J66: =ROUND(H66*(I66+1),2) -> 21.77 | K66: =ROUND(G66*J66,2) -> 326.55
C68: Subtotal 2 | J68: =ROUND(H68*(I68+1),2) -> 0 | K68: =SUM(K22:K67) -> 16985 | M68: 18732.94 | N68: =K68-M68 -> -1747.94
C71: TOTAL | K71: =SUM(K16:K70)/2 -> 2563225

Sheet OS-Entrada
B2: SAMAE | C2: SERVIÇO AUTÔNOMO MUNICIPAL DE ÁGUA E ESGOTO DE MOGI GUAÇU | H2: Referência de Preços
C3: PLANILHA DE ORÇAMENTO | H3: SINAPI Desonerado I0: | K3: Novembro/2023
B4: OBRA | C4: PROJETO EXECUTIVO DE IMPLANTAÇÃO DE | H4: SABESP Io: | K4: Novembro/2023
C5: NOVO RESERVATÓRIO METÁLICO NO SETOR EUCALIPTOS | H5: BDI (apenas SINAPI)
C6: INTERLIGAÇÃO DE ENTRADA DO RESERVATÓRIO | H6: Obras Civis e Serviços: | K6: 0.2698 | L6: 0
C7: OBRAS CIVIS E SERVIÇOS | H7: Materiais e Equipamentos: | K7: 0.168
B8: Item | C8: Discriminação | D8: Código | E8: Fonte | F8: Unid. | G8: Quant. | H8: Preço Unitário sem BDI (R$) | I8: BDI Aplicado (%) | J8: Preço Unitário com BDI (R$) | K8: Preço Total com BDI (R$) | L8: 1.28
B10: =B24 -> 1 | C10: =UPPER(C24) -> SERVIÇOS TÉCNICOS | K10: =K28 -> 228.81
B12: =B30 -> 2 | C12: =UPPER(C30) -> SERVIÇOS PRELIMINARES | K12: =K34 -> 464.85
B14: =B36 -> 3 | C14: =UPPER(C36) -> MOVIMENTO DE TERRA | K14: =K48 -> 3889.69
B16: =B50 -> 4 | C16: =UPPER(C50) -> ACESSÓRIOS | K16: =K62 -> 33953.41
B18: =B64 -> 5 | C18: =UPPER(C64) -> ASSENTAMENTO E MONTAGEM DE TUBOS E PEÇAS | K18: =K77 -> 27279.04
B20: =B79 -> 6 | C20: =UPPER(C79) -> SERVIÇOS DIVERSOS | K20: =K82 -> 513.74
C22: TOTAL | K22: =SUM(K9:K21) -> 66329.54
B24: 1 | C24: Serviços Técnicos | J24: =ROUND(H24*(I24+1),2) -> 0
B25: 1.1 | C25: Locação de adutoras, coletores-tronco e interceptores (até diâm. 500 mm) | D25: 70010003 | E25: SABESP | F25: m | G25: =ROUND('Q-Entrada'!$P$13,2) -> 29 | H25: =1.74/1.28 -> 1.359375 | I25: =$K$6 -> 0.2698 | J25: =ROUND(H25*(I25+1),2) -> 1.73 | K25: =ROUND(J25*G25,2) -> 50.17
B26: 1.2 | C26: Cadastro de adutoras, coletores-tronco e interceptores (até diâm. 500 mm) | D26: 70010006 | E26: SABESP | F26: m | G26: =ROUND('Q-Entrada'!$P$13,2) -> 29 | H26: =6.21/1.28 -> 4.8515625 | I26: =$K$6 -> 0.2698 | J26: =ROUND(H26*(I26+1),2) -> 6.16 | K26: =ROUND(J26*G26,2) -> 178.64
J27: =ROUND(H27*(I27+1),2) -> 0 | K27: =ROUND(J27*G27,2) -> 0
C28: Subtotal 1 | J28: =ROUND(H28*(I28+1),2) -> 0 | K28: =SUM(K25:K27) -> 228.81
J29: =ROUND(H29*(I29+1),2) -> 0
B30: 2 | C30: Serviços Preliminares
B31: 2.1 | C31: Tapume contínuo em chapas de madeira | D31: 70020003 | E31: SABESP | F31: m | G31: =ROUND('Q-Entrada'!$AK$13,2) -> 19.33 | H31: =11.71/1.28 -> 9.1484375 | I31: =$K$6 -> 0.2698 | J31: =ROUND(H31*(I31+1),2) -> 11.62 | K31: =ROUND(J31*G31,2) -> 224.61
B32: 2.2 | C32: Passadiços de madeira para pedestres | D32: 70020006 | E32: SABESP | F32: m² | G32: =ROUND('Q-Entrada'!$AL$13,2) -> 1.57 | H32: =154.25/1.28 -> 120.50781 | I32: =$K$6 -> 0.2698 | J32: =ROUND(H32*(I32+1),2) -> 153.02 | K32: =ROUND(J32*G32,2) -> 240.24
C34: Subtotal 2 | J34: =ROUND(H34*(I34+1),2) -> 0 | K34: =SUM(K31:K33) -> 464.85
J35: =ROUND(H35*(I35+1),2) -> 0
B36: 3 | C36: Movimento de Terra
B37: 3.1 | C37: Raspagem da camada superficial | D37: 70030041 | E37: SABESP | F37: m² | G37: =ROUND('Q-Entrada'!$Q$13,2) -> 43.5 | H37: =2.12/1.28 -> 1.65625 | I37: =$K$6 -> 0.2698 | J37: =ROUND(H37*(I37+1),2) -> 2.1 | K37: =ROUND(J37*G37,2) -> 91.35
B38: 3.2 | C38: Escavação manual de valas, poços e cavas em solo não rochoso, c/prof. até 1,25m | D38: 70030050 | E38: SABESP | F38: m³ | G38: =ROUND('Q-Entrada'!$Z$13,2) -> 29.75 | H38: =59.47/1.28 -> 46.460938 | I38: =$K$6 -> 0.2698 | J38: =ROUND(H38*(I38+1),2) -> 59 | K38: =ROUND(J38*G38,2) -> 1755.25
B39: 3.3 | C39: Preparo de fundo de vala com largura menor que 1,5 m (acerto do solo natural) | D39: 101616 | E39: SINAPI | F39: m² | G39: =ROUND('Q-Entrada'!$AS$15,2) -> 26.1 | H39: 6.88 | I39: =$K$6 -> 0.2698 | J39: =ROUND(H39*(I39+1),2) -> 8.74 | K39: =ROUND(J39*G39,2) -> 228.11
B40: 3.4 | C40: Preparo de fundo de vala com largura menor que 1,5m, com camada de brita, lançamento manual | D40: 101619 | E40: SINAPI | F40: m³ | G40: =ROUND('Q-Entrada'!$AM$15,2) -> 2.61 | H40: 255.68 | I40: =$K$6 -> 0.2698 | J40: =ROUND(H40*(I40+1),2) -> 324.66 | K40: =ROUND(J40*G40,2) -> 847.36
B41: 3.5 | C41: Aterro de valas, poços e cavas compactado mecanicamente, com controle do G.C. >= 95% do E.N.C. | D41: 70030026 | E41: SABESP | F41: m³ | G41: =ROUND('Q-Entrada'!$AQ$13,2) -> 8.12 | H41: =26.01/1.28 -> 20.320312 | I41: =$K$6 -> 0.2698 | J41: =ROUND(H41*(I41+1),2) -> 25.8 | K41: =ROUND(J41*G41,2) -> 209.5
B42: 3.6 | C42: Aterro de valas, poços e cavas compactado mecanicamente, sem controle do G.C. | D42: 70030025 | E42: SABESP | F42: m³ | G42: =ROUND('Q-Entrada'!$AR$13,2) -> 14.84 | H42: =9.05*1.28 -> 11.584 | I42: =$K$6 -> 0.2698 | J42: =ROUND(H42*(I42+1),2) -> 14.71 | K42: =ROUND(J42*G42,2) -> 218.3
B43: 3.7 | C43: Carga, manobra e descarga de solos e materiais granulares em caminhão basculante 18 m³ - carga com escavadeira hidráulica (caçamba de 1,20m³ / 155HP) e descarga livre | D43: 100980 | E43: SINAPI | F43: m³ | G43: =ROUND('Q-Entrada'!$BA$13,2) -> 8.84 | H43: 6.4 | I43: =$K$6 -> 0.2698 | J43: =ROUND(H43*(I43+1),2) -> 8.13 | K43: =ROUND(J43*G43,2) -> 71.87
B44: 3.8 | C44: Transporte com caminhão basculante de 18 m³, em via urbana pavimentada, DMT até 30 km | D44: 95877 | E44: SINAPI | F44: m³xkm | G44: =ROUND('Q-Entrada'!$BB$13,2) -> 132.64 | H44: 1.88 | I44: =$K$6 -> 0.2698 | J44: =ROUND(H44*(I44+1),2) -> 2.39 | K44: =ROUND(J44*G44,2) -> 317.01
B45: 3.9 | C45: Carga, manobra e descarga de solos e materiais granulares em caminhão basculante 10 m³ - carga com escavadeira hidráulica (caçamba de 1,20m³ / 155HP) e descarga livre | D45: 100978 | E45: SINAPI | F45: m³ | G45: =ROUND('Q-Entrada'!$BC$13,2) -> 2.61 | H45: 7.15 | I45: =$K$6 -> 0.2698 | J45: =ROUND(H45*(I45+1),2) -> 9.08 | K45: =ROUND(J45*G45,2) -> 23.7
B46: 3.10 | C46: Transporte com caminhão basculante de 10 m³, em via urbana pavimentada, DMT até 30 km | D46: 95875 | E46: SINAPI | F46: m³xkm | G46: =ROUND('Q-Entrada'!$BD$13,2) -> 39.15 | H46: 2.56 | I46: =$K$6 -> 0.2698 | J46: =ROUND(H46*(I46+1),2) -> 3.25 | K46: =ROUND(J46*G46,2) -> 127.24
C48: Subtotal 3 | J48: =ROUND(H48*(I48+1),2) -> 0 | K48: =SUM(K37:K47) -> 3889.69
B50: 4 | C50: Acessórios
B51: 4.1 | C51: Caixas | J51: =ROUND(H51*(I51+1),2) -> 0 | K51: =ROUND(G51*J51,2) -> 0 | N51: =ROUND(G51*H51,2) -> 0
B52: 4.1.1 | C52: ='CX-Entrada'!$C$8 -> Caixa de entrada com paredes em alvenaria e laje de fundo em concreto armado | D52: ='CX-Entrada'!$C$7 -> CX-Entr | E52: ='CX-Entrada'!$C$6 -> COMP. | F52: ='CX-Entrada'!$C$10 -> unid | G52: 1 | H52: =ROUND('CX-Entrada'!$H$33,2) -> 24719.43 | I52: =$K$6 -> 0.2698 | J52: =ROUND(H52*(I52+1),2) -> 31388.73 | K52: =ROUND(G52*J52,2) -> 31388.73
B53: 4.2 | C53: Blocos de Ancoragem
B54: 4.2.1 | C54: Ancoragem em concreto para curva 22 graus 30 min, diâmetro 400 mm | D54: 70070108 | E54: SABESP | F54: unid | G54: 1 | H54: =458.89/1.28 -> 358.50781 | I54: =$K$6 -> 0.2698 | J54: =ROUND(H54*(I54+1),2) -> 455.23 | K54: =ROUND(G54*J54,2) -> 455.23
B55: 4.2.2 | C55: Ancoragem em concreto para curva 45 graus, diâmetro 400 mm | D55: 70070114 | E55: SABESP | F55: unid | G55: 1 | H55: =504.97/1.28 -> 394.50781 | I55: =$K$6 -> 0.2698 | J55: =ROUND(H55*(I55+1),2) -> 500.95 | K55: =ROUND(G55*J55,2) -> 500.95
B56: 4.2.3 | C56: Ancoragem em concreto para curva 90 graus e tê, diâmetro 400 mm | D56: 70070120 | E56: SABESP | F56: unid | G56: 1 | H56: =937.5/1.28 -> 732.42188 | I56: =$K$6 -> 0.2698 | J56: =ROUND(H56*(I56+1),2) -> 930.03 | K56: =ROUND(G56*J56,2) -> 930.03
B57: 4.3 | C57: Blocos de Apoio
B58: 4.3.1 | C58: ='BL-Apoio'!$C$8 -> Bloco de apoio 0,60m x 0,60m x 0,20m | D58: ='BL-Apoio'!$C$7 -> BL-Apoio | E58: ='BL-Apoio'!$C$6 -> COMP. | F58: ='BL-Apoio'!$C$10 -> unid | G58: 1 | H58: =ROUND('BL-Apoio'!$H$18,2) -> 113.79 | I58: =$K$6 -> 0.2698 | J58: =ROUND(H58*(I58+1),2) -> 144.49 | K58: =ROUND(G58*J58,2) -> 144.49
B59: 4.4 | C59: Proteção de Flanges
B60: 4.4.1 | C60: ='PROT-FL'!$C$8 -> Proteção de flanges enterrados para tubulação | D60: ='PROT-FL'!$C$7 -> Prot-Fl | E60: ='PROT-FL'!$C$6 -> COMP. | F60: ='PROT-FL'!$C$10 -> unid | G60: 2 | H60: =ROUND('PROT-FL'!$H$20,2) -> 210.26 | I60: =$K$6 -> 0.2698 | J60: =ROUND(H60*(I60+1),2) -> 266.99 | K60: =ROUND(G60*J60,2) -> 533.98
C62: Subtotal 4 | J62: =ROUND(H62*(I62+1),2) -> 0 | K62: =SUM(K52:K61) -> 33953.41
B64: 5 | C64: Assentamento e Montagem de Tubos e Peças
B65: 5.1 | C65: Assentamento tubos com bolsas
B66: 5.1.1 | C66: Assentamento para redes de água, tubos e peças, DN 400 mm, em FºFº | D66: 70080050 | E66: SABESP | F66: m | G66: =ROUND('Q-Entrada'!$AP$13,2) -> 29 | H66: =48/1.28 -> 37.5 | I66: =$K$6 -> 0.2698 | J66: =ROUND(H66*(I66+1),2) -> 47.62 | K66: =ROUND(J66*G66,2) -> 1380.98
B67: 5.2 | C67: Carga, descarga e transporte de tubos e peças
B68: 5.2.1 | C68: Carga e descarga, de tubos e peças em ferro fundido | D68: 70080342 | E68: SABESP | F68: t | G68: =ROUND('Q-Entrada'!$BJ$13,2) -> 2.26 | H68: =144.08/1.28 -> 112.5625 | I68: =$K$6 -> 0.2698 | J68: =ROUND(H68*(I68+1),2) -> 142.93 | K68: =ROUND(J68*G68,2) -> 323.02
B69: 5.2.2 | C69: Transporte, de tubos e peças em ferro fundido | D69: 70080343 | E69: SABESP | F69: txkm | G69: =ROUND('Q-Entrada'!$BK$13,2) -> 67.77 | H69: =4.12/1.28 -> 3.21875 | I69: =$K$6 -> 0.2698 | J69: =ROUND(H69*(I69+1),2) -> 4.09 | K69: =ROUND(J69*G69,2) -> 277.18
B70: 5.3 | C70: Montagem de Materiais e Equipamentos | N70: =ROUND(G70*H70,2) -> 0
B71: 5.3.1 | C71: Tubos e conexões metálicos flangeados - montagem | D71: 70140023 | E71: SABESP | F71: kg | G71: =ROUND('ME-Entrada'!$O$44,2) -> 4276.77 | H71: =2.91/1.28 -> 2.2734375 | I71: =$K$6 -> 0.2698 | J71: =ROUND(H71*(I71+1),2) -> 2.89 | K71: =ROUND(J71*G71,2) -> 12359.87
B72: 5.3.2 | C72: Junta desmontagem travada axialmente DN 250 mm até DN 400 mm - montagem | D72: 70140046 | E72: SABESP | F72: unid | G72: =ROUND('ME-Entrada'!$G$21,2) -> 2 | H72: =412.92/1.28 -> 322.59375 | I72: =$K$6 -> 0.2698 | J72: =ROUND(H72*(I72+1),2) -> 409.63 | K72: =ROUND(J72*G72,2) -> 819.26
B73: 5.3.3 | C73: Válvula gaveta ferro fundido DN 250 mm até DN 400 mm - montagem | D73: 70140058 | E73: SABESP | F73: unid | G73: =ROUND('ME-Entrada'!$G$22,2) -> 3 | H73: =1263.5/1.28 -> 987.10938 | I73: =$K$6 -> 0.2698 | J73: =ROUND(H73*(I73+1),2) -> 1253.43 | K73: =ROUND(J73*G73,2) -> 3760.29
B74: 5.3.4 | C74: Válvula borboleta ferro fundido DN 250 mm até DN 400 mm - montagem | D74: 70140053 | E74: SABESP | F74: unid | G74: =ROUND('ME-Entrada'!$G$24,2) -> 1 | H74: =1283.44/1.28 -> 1002.6875 | I74: =$K$6 -> 0.2698 | J74: =ROUND(H74*(I74+1),2) -> 1273.21 | K74: =ROUND(J74*G74,2) -> 1273.21
B75: 5.3.5 | C75: ='MNT-01'!$C$8 -> Montagem de válvula posicionadora de comando hidráulico através de solenóides com preparação para comando eletrônico | D75: ='MNT-01'!$C$7 -> MNT-01 | E75: ='MNT-01'!$C$6 -> COMP. | F75: ='MNT-01'!$C$10 -> gb | G75: =ROUND('ME-Entrada'!$G$27,2) -> 1 | H75: =ROUND('MNT-01'!$H$18,2) -> 5579.8 | I75: =$K$6 -> 0.2698 | J75: =ROUND(H75*(I75+1),2) -> 7085.23 | K75: =ROUND(J75*G75,2) -> 7085.23
C77: Subtotal 5 | J77: =ROUND(H77*(I77+1),2) -> 0 | K77: =SUM(K66:K76) -> 27279.04
B79: 6 | C79: Serviços Diversos
B80: 6.1 | C80: Limpeza da obra | D80: 70190144 | E80: SABESP | F80: m² | G80: =ROUND('Q-Entrada'!$BL$13,2) -> 43.5 | H80: =11.9/1.28 -> 9.296875 | I80: =$K$6 -> 0.2698 | J80: =ROUND(H80*(I80+1),2) -> 11.81 | K80: =ROUND(J80*G80,2) -> 513.74
C82: Subtotal 6 | J82: =ROUND(H82*(I82+1),2) -> 0 | K82: =SUM(K80:K81) -> 513.74
J83: =ROUND(H83*(I83+1),2) -> 0
C85: TOTAL | K85: =SUM(K24:K84)/2 -> 66329.54

Sheet ME-Entrada
B2: SAMAE | C2: SERVIÇO AUTÔNOMO MUNICIPAL DE ÁGUA E ESGOTO DE MOGI GUAÇU | H2: Referência de Preços
C3: PLANILHA DE ORÇAMENTO | H3: SINAPI Desonerado I0: | K3: Novembro/2023
B4: OBRA | C4: PROJETO EXECUTIVO DE IMPLANTAÇÃO DE | H4: SABESP Io: | K4: Novembro/2023
C5: NOVO RESERVATÓRIO METÁLICO NO SETOR EUCALIPTOS | H5: BDI (apenas SINAPI)
C6: INTERLIGAÇÃO DE ENTRADA DO RESERVATÓRIO | H6: Obras Civis e Serviços: | K6: 0.2698 | L6: 0
C7: MATERIAIS E EQUIPAMENTOS | H7: Materiais e Equipamentos: | K7: 0.168
B8: Item | C8: Discriminação | D8: Código | E8: Fonte | F8: Unid. | G8: Quant. | H8: Preço Unitário sem BDI (R$) | I8: BDI Aplicado (%) | J8: Preço Unitário com BDI (R$) | K8: Preço Total com BDI (R$)
B10: =B14 -> 1 | C10: =UPPER(C14) -> FORNECIMENTO DE MATERIAIS E EQUIPAMENTOS | K10: =K44 -> 305332.56
C12: TOTAL | K12: =SUM(K9:K11) -> 305332.56
B14: 1 | C14: Fornecimento de Materiais e Equipamentos | J14: =ROUND(H14*(I14+1),2) -> 0
B15: 1.1 | C15: ='Resumo Preços'!$D$5 -> Curva 90° com bolsas JGS, Ø 400mm, em ferro fundido, para água | D15: ='Resumo Preços'!$C$5 -> HM02969 | E15: ='Resumo Preços'!$F$5 -> SABESP | F15: ='Resumo Preços'!$E$5 -> pç | G15: 1 | H15: =ROUND('Resumo Preços'!$L$5,2) -> 5687.83 | I15: =$K$7 -> 0.168 | J15: =ROUND(H15*(I15+1),2) -> 6643.39 | K15: =ROUND(G15*J15,2) -> 6643.39 | M15: =ROUND(G15*H15,2) -> 5687.83
B16: 1.2 | C16: ='Resumo Preços'!$D$6 -> Tubo com pontas, Ø 400mm, L = 3,80m (confirmar e ajustar em campo), em ferro fundido, para água | D16: ='Resumo Preços'!$C$6 -> HM04109 | E16: ='Resumo Preços'!$F$6 -> SABESP | F16: ='Resumo Preços'!$E$6 -> pç | G16: 1 | H16: =ROUND('Resumo Preços'!$L$6,2) -> 3557.03 | I16: =$K$7 -> 0.168 | J16: =ROUND(H16*(I16+1),2) -> 4154.61 | K16: =ROUND(G16*J16,2) -> 4154.61 | M16: =ROUND(G16*H16,2) -> 3557.03
B17: 1.3 | C17: ='Resumo Preços'!$D$7 -> Tubo ponta e bolsa JGS Ø 400mm, classe K7, L = 6,00m, em ferro fundido, para água | D17: ='Resumo Preços'!$C$7 -> HM04109 | E17: ='Resumo Preços'!$F$7 -> SABESP | F17: ='Resumo Preços'!$E$7 -> pç | G17: 2 | H17: =ROUND('Resumo Preços'!$L$7,2) -> 5616.36 | I17: =$K$7 -> 0.168 | J17: =ROUND(H17*(I17+1),2) -> 6559.91 | K17: =ROUND(G17*J17,2) -> 13119.82 | M17: =ROUND(G17*H17,2) -> 11232.72
B18: 1.4 | C18: ='Resumo Preços'!$D$8 -> Tubo com flange e bolsa, Ø 400mm, L = 5,80m, flange conf. ISO 2531 PN-10, em ferro fundido, para água | D18: ='Resumo Preços'!$C$8 -> HM03736 | E18: ='Resumo Preços'!$F$8 -> SABESP | F18: ='Resumo Preços'!$E$8 -> pç | G18: 1 | H18: =ROUND('Resumo Preços'!$L$8,2) -> 10647.16 | I18: =$K$7 -> 0.168 | J18: =ROUND(H18*(I18+1),2) -> 12435.88 | K18: =ROUND(G18*J18,2) -> 12435.88 | M18: =ROUND(G18*H18,2) -> 10647.16 | N18: =ROUND((89.5*5.8)+28+29.3,2) -> 576.4 | O18: =ROUND(G18*N18,2) -> 576.4
B19: 1.5 | C19: ='Resumo Preços'!$D$9 -> Redução concêntrica com flanges Ø 400mm x Ø 300mm, flange conf. ISO 2531 PN-10, em ferro fundido, para água | D19: ='Resumo Preços'!$C$9 -> HM03310 | E19: ='Resumo Preços'!$F$9 -> SABESP | F19: ='Resumo Preços'!$E$9 -> pç | G19: 2 | H19: =ROUND('Resumo Preços'!$L$9,2) -> 2618.73 | I19: =$K$7 -> 0.168 | J19: =ROUND(H19*(I19+1),2) -> 3058.68 | K19: =ROUND(G19*J19,2) -> 6117.36 | M19: =ROUND(G19*H19,2) -> 5237.46 | N19: 76 | O19: =ROUND(G19*N19,2) -> 152
B20: 1.6 | C20: ='Resumo Preços'!$D$10 -> Tê com flanges Ø 300mm x Ø 300mm, flange conf. ISO 2531 PN-10, em ferro fundido, para água | D20: ='Resumo Preços'!$C$10 -> HM03412 | E20: ='Resumo Preços'!$F$10 -> SABESP | F20: ='Resumo Preços'!$E$10 -> pç | G20: 2 | H20: =ROUND('Resumo Preços'!$L$10,2) -> 3898.96 | I20: =$K$7 -> 0.168 | J20: =ROUND(H20*(I20+1),2) -> 4553.99 | K20: =ROUND(G20*J20,2) -> 9107.98 | M20: =ROUND(G20*H20,2) -> 7797.92 | N20: 119 | O20: =ROUND(G20*N20,2) -> 238
B21: 1.7 | C21: ='Resumo Preços'!$D$11 -> Junta de desmontagem travada axialmente, Ø 300mm, flange conf. ISO 2531 PN-10, em ferro fundido, para água | D21: ='Resumo Preços'!$C$11 -> HM03162 | E21: ='Resumo Preços'!$F$11 -> SABESP | F21: ='Resumo Preços'!$E$11 -> pç | G21: 2 | H21: =ROUND('Resumo Preços'!$L$11,2) -> 2823.63 | I21: =$K$7 -> 0.168 | J21: =ROUND(H21*(I21+1),2) -> 3298 | K21: =ROUND(G21*J21,2) -> 6596
B22: 1.8 | C22: ='Resumo Preços'!$D$12 -> Registro de gaveta Ø 300mm, com flanges, cunha emborrachada, corpo curto e acionamento manual através de cabeçote, flange conf. ISO 2531 PN-10, em ferro fundido, para água | D22: ='Resumo Preços'!$C$12 -> HM07074 | E22: ='Resumo Preços'!$F$12 -> SABESP | F22: ='Resumo Preços'!$E$12 -> pç | G22: 3 | H22: =ROUND('Resumo Preços'!$L$12,2) -> 6261.72 | I22: =$K$7 -> 0.168 | J22: =ROUND(H22*(I22+1),2) -> 7313.69 | K22: =ROUND(G22*J22,2) -> 21941.07
B23: 1.9 | C23: ='Resumo Preços'!$D$13 -> Tubo com flanges, Ø 300mm, L = 0,58m, flange conf. ISO 2531 PN-10, em ferro fundido, para água | D23: ='Resumo Preços'!$C$13 -> HM03607 | E23: ='Resumo Preços'!$F$13 -> SABESP | F23: ='Resumo Preços'!$E$13 -> pç | G23: 2 | H23: =ROUND('Resumo Preços'!$L$13,2) -> 3960.54 | I23: =$K$7 -> 0.168 | J23: =ROUND(H23*(I23+1),2) -> 4625.91 | K23: =ROUND(G23*J23,2) -> 9251.82 | M23: =ROUND(G23*H23,2) -> 7921.08 | N23: =ROUND((57.1*0.58)+18+18,2) -> 69.12 | O23: =ROUND(G23*N23,2) -> 138.24
B24: 1.10 | C24: ='Resumo Preços'!$D$14 -> Válvula borboleta com flanges, com cabeçote, Ø 300mm, flange conf. ISO 2531 PN-10, em ferro fundido, para água | D24: ='Resumo Preços'!$C$14 -> HM07038 | E24: ='Resumo Preços'!$F$14 -> SABESP | F24: ='Resumo Preços'!$E$14 -> pç | G24: 1 | H24: =ROUND('Resumo Preços'!$L$14,2) -> 12952.9 | I24: =$K$7 -> 0.168 | J24: =ROUND(H24*(I24+1),2) -> 15128.99 | K24: =ROUND(G24*J24,2) -> 15128.99
B25: 1.11 | C25: ='Resumo Preços'!$D$15 -> Toco com flanges, Ø 300mm, L = 0,25m, flange conf. ISO 2531 PN-10, em ferro fundido, para água | D25: ='Resumo Preços'!$C$15 -> HM03516 | E25: ='Resumo Preços'!$F$15 -> SABESP | F25: ='Resumo Preços'!$E$15 -> pç | G25: 4 | H25: =ROUND('Resumo Preços'!$L$15,2) -> 1285.47 | I25: =$K$7 -> 0.168 | J25: =ROUND(H25*(I25+1),2) -> 1501.43 | K25: =ROUND(G25*J25,2) -> 6005.72 | M25: =ROUND(G25*H25,2) -> 5141.88 | N25: 56 | O25: =ROUND(G25*N25,2) -> 224
B26: 1.12 | C26: ='Resumo Preços'!$D$16 -> Curva 90° com flanges Ø 300mm, flange conf. ISO 2531 PN-10, em ferro fundido, para água | D26: ='Resumo Preços'!$C$16 -> HM03006 | E26: ='Resumo Preços'!$F$16 -> SABESP | F26: ='Resumo Preços'!$E$16 -> pç | G26: 2 | H26: =ROUND('Resumo Preços'!$L$16,2) -> 2442.9 | I26: =$K$7 -> 0.168 | J26: =ROUND(H26*(I26+1),2) -> 2853.31 | K26: =ROUND(G26*J26,2) -> 5706.62 | M26: =ROUND(G26*H26,2) -> 4885.8 | N26: 66 | O26: =ROUND(G26*N26,2) -> 132
B27: 1.13 | C27: ='Resumo Preços'!$D$17 -> Válvula posicionadora de comando hidráulico através de solenóides com preparação para comando eletrônico, Ø 300mm, atuador tipo diafragma, flanges conf. ISO 2531 PN-10, para água | D27: ='Resumo Preços'!$C$17 -> VALV-01 | E27: Cotação | F27: ='Resumo Preços'!$E$17 -> pç | G27: 1 | H27: =ROUND('Resumo Preços'!$L$17,2) -> 39149.05 | I27: =$K$7 -> 0.168 | J27: =ROUND(H27*(I27+1),2) -> 45726.09 | K27: =ROUND(G27*J27,2) -> 45726.09
B28: 1.14 | C28: ='Resumo Preços'!$D$18 -> Tubo com flange e ponta, Ø 400mm, L = 1,13m, flange conf. ISO 2531 PN-10, em ferro fundido, para água | D28: ='Resumo Preços'!$C$18 -> HM03912 | E28: ='Resumo Preços'!$F$18 -> SABESP | F28: ='Resumo Preços'!$E$18 -> pç | G28: 1 | H28: =ROUND('Resumo Preços'!$L$18,2) -> 4181.35 | I28: =$K$7 -> 0.168 | J28: =ROUND(H28*(I28+1),2) -> 4883.82 | K28: =ROUND(G28*J28,2) -> 4883.82 | M28: =ROUND(G28*H28,2) -> 4181.35 | N28: =ROUND((89.5*1.13)+28,2) -> 129.14 | O28: =ROUND(G28*N28,2) -> 129.14
B29: 1.15 | C29: ='Resumo Preços'!$D$19 -> Curva 45° com bolsas JGS, Ø 400mm, em ferro fundido, para água | D29: ='Resumo Preços'!$C$19 -> HM02959 | E29: ='Resumo Preços'!$F$19 -> SABESP | F29: ='Resumo Preços'!$E$19 -> pç | G29: 1 | H29: =ROUND('Resumo Preços'!$L$19,2) -> 2873.75 | I29: =$K$7 -> 0.168 | J29: =ROUND(H29*(I29+1),2) -> 3356.54 | K29: =ROUND(G29*J29,2) -> 3356.54 | M29: =ROUND(G29*H29,2) -> 2873.75
B30: 1.16 | C30: ='Resumo Preços'!$D$20 -> Tubo com pontas, Ø 400mm, L = 1,25m, em ferro fundido, para água | D30: ='Resumo Preços'!$C$20 -> HM04109 | E30: ='Resumo Preços'!$F$20 -> SABESP | F30: ='Resumo Preços'!$E$20 -> pç | G30: 1 | H30: =ROUND('Resumo Preços'!$L$20,2) -> 1170.08 | I30: =$K$7 -> 0.168 | J30: =ROUND(H30*(I30+1),2) -> 1366.65 | K30: =ROUND(G30*J30,2) -> 1366.65 | M30: =ROUND(G30*H30,2) -> 1170.08
B31: 1.17 | C31: ='Resumo Preços'!$D$21 -> Curva 22°30' com bolsas JGS, Ø 400mm, em ferro fundido, para água | D31: ='Resumo Preços'!$C$21 -> HM02949 | E31: ='Resumo Preços'!$F$21 -> SABESP | F31: ='Resumo Preços'!$E$21 -> pç | G31: 1 | H31: =ROUND('Resumo Preços'!$L$21,2) -> 1925.13 | I31: =$K$7 -> 0.168 | J31: =ROUND(H31*(I31+1),2) -> 2248.55 | K31: =ROUND(G31*J31,2) -> 2248.55 | M31: =ROUND(G31*H31,2) -> 1925.13
B32: 1.18 | C32: ='Resumo Preços'!$D$22 -> Tubo com flange e ponta, Ø 400mm, L = 2,92m, flange conf. ISO 2531 PN-10, em ferro fundido, para água | D32: ='Resumo Preços'!$C$22 -> HM03915 | E32: ='Resumo Preços'!$F$22 -> SABESP | F32: ='Resumo Preços'!$E$22 -> pç | G32: 1 | H32: =ROUND('Resumo Preços'!$L$22,2) -> 6284.69 | I32: =$K$7 -> 0.168 | J32: =ROUND(H32*(I32+1),2) -> 7340.52 | K32: =ROUND(G32*J32,2) -> 7340.52 | M32: =ROUND(G32*H32,2) -> 6284.69 | N32: =ROUND((89.5*2.92)+28,2) -> 289.34 | O32: =ROUND(G32*N32,2) -> 289.34
B33: 1.19 | C33: ='Resumo Preços'!$D$23 -> Curva 90° com flanges Ø 400mm, flange conf. ISO 2531 PN-10, em ferro fundido, para água | D33: ='Resumo Preços'!$C$23 -> HM02984 | E33: ='Resumo Preços'!$F$23 -> SABESP | F33: ='Resumo Preços'!$E$23 -> pç | G33: 3 | H33: =ROUND('Resumo Preços'!$L$23,2) -> 7864.79 | I33: =$K$7 -> 0.168 | J33: =ROUND(H33*(I33+1),2) -> 9186.07 | K33: =ROUND(G33*J33,2) -> 27558.21 | M33: =ROUND(G33*H33,2) -> 23594.37 | N33: 110 | O33: =ROUND(G33*N33,2) -> 330
B34: 1.20 | C34: ='Resumo Preços'!$D$24 -> Tubo com flanges, Ø 400mm, L = 0,56m, flange conf. ISO 2531 PN-10, em ferro fundido, para água | D34: ='Resumo Preços'!$C$24 -> HM03541 | E34: ='Resumo Preços'!$F$24 -> SABESP | F34: ='Resumo Preços'!$E$24 -> pç | G34: 1 | H34: =ROUND('Resumo Preços'!$L$24,2) -> 5124.71 | I34: =$K$7 -> 0.168 | J34: =ROUND(H34*(I34+1),2) -> 5985.66 | K34: =ROUND(G34*J34,2) -> 5985.66 | M34: =ROUND(G34*H34,2) -> 5124.71 | N34: =ROUND((89.5*0.56)+28+28,2) -> 106.12 | O34: =ROUND(G34*N34,2) -> 106.12
B35: 1.21 | C35: ='Resumo Preços'!$D$25 -> Curva 90° com flanges e pé Ø 400mm, flange conf. ISO 2531 PN-10, em ferro fundido, para água | D35: ='Resumo Preços'!$C$25 -> HM03017 | E35: ='Resumo Preços'!$F$25 -> SABESP | F35: ='Resumo Preços'!$E$25 -> pç | G35: 1 | H35: =ROUND('Resumo Preços'!$L$25,2) -> 9897.95 | I35: =$K$7 -> 0.168 | J35: =ROUND(H35*(I35+1),2) -> 11560.81 | K35: =ROUND(G35*J35,2) -> 11560.81 | M35: =ROUND(G35*H35,2) -> 9897.95 | N35: 172 | O35: =ROUND(G35*N35,2) -> 172
B36: 1.22 | C36: ='Resumo Preços'!$D$26 -> Tubo com flanges, Ø 400mm, L = 5,80m, flange conf. ISO 2531 PN-10, em ferro fundido, para água | D36: ='Resumo Preços'!$C$26 -> HM03551 | E36: ='Resumo Preços'!$F$26 -> SABESP | F36: ='Resumo Preços'!$E$26 -> pç | G36: 2 | H36: =ROUND('Resumo Preços'!$L$26,2) -> 11791.47 | I36: =$K$7 -> 0.168 | J36: =ROUND(H36*(I36+1),2) -> 13772.44 | K36: =ROUND(G36*J36,2) -> 27544.88 | M36: =ROUND(G36*H36,2) -> 23582.94 | N36: =ROUND((89.5*5.8)+28+28,2) -> 575.1 | O36: =ROUND(G36*N36,2) -> 1150.2
B37: 1.23 | C37: ='Resumo Preços'!$D$27 -> Tubo com flanges, Ø 400mm, L = 4,38m, flange conf. ISO 2531 PN-10, em ferro fundido, para água | D37: ='Resumo Preços'!$C$27 -> HM03549 | E37: ='Resumo Preços'!$F$27 -> SABESP | F37: ='Resumo Preços'!$E$27 -> pç | G37: 1 | H37: =ROUND('Resumo Preços'!$L$27,2) -> 11175.42 | I37: =$K$7 -> 0.168 | J37: =ROUND(H37*(I37+1),2) -> 13052.89 | K37: =ROUND(G37*J37,2) -> 13052.89 | M37: =ROUND(G37*H37,2) -> 11175.42 | N37: =ROUND((89.5*4.38)+28+28,2) -> 448.01 | O37: =ROUND(G37*N37,2) -> 448.01
B38: 1.24 | C38: ='Resumo Preços'!$D$28 -> Escada tipo marinheiro em fibra de vidro pultrudada | D38: ='Resumo Preços'!$C$28 -> 70110161 | E38: ='Resumo Preços'!$F$28 -> SABESP | F38: ='Resumo Preços'!$E$28 -> m | G38: 1.25 | H38: =ROUND('Resumo Preços'!$L$28,2) -> 1506.32 | I38: =$K$7 -> 0.168 | J38: =ROUND(H38*(I38+1),2) -> 1759.38 | K38: =ROUND(G38*J38,2) -> 2199.23
B39: 1.25 | C39: ='Resumo Preços'!$D$29 -> Guarda corpo em fibra de vidro pultrudada, h = 1,20m | D39: ='Resumo Preços'!$C$29 -> 70110156 | E39: ='Resumo Preços'!$F$29 -> SABESP | F39: ='Resumo Preços'!$E$29 -> m | G39: 14.2 | H39: =ROUND('Resumo Preços'!$L$29,2) -> 1197.45 | I39: =$K$7 -> 0.168 | J39: =ROUND(H39*(I39+1),2) -> 1398.62 | K39: =ROUND(G39*J39,2) -> 19860.4
B40: 1.26 | C40: ='Resumo Preços'!$D$30 -> Acessórios para montagem de flanges Ø 300mm, flange conf. ISO 2531 PN-10 | D40: ='Resumo Preços'!$C$30 -> HM01296 | E40: ='Resumo Preços'!$F$30 -> SABESP | F40: ='Resumo Preços'!$E$30 -> cj | G40: 19 | H40: =ROUND('Resumo Preços'!$L$30,2) -> 276.12 | I40: =$K$7 -> 0.168 | J40: =ROUND(H40*(I40+1),2) -> 322.51 | K40: =ROUND(G40*J40,2) -> 6127.69 | M40: =ROUND(G40*H40,2) -> 5246.28 | N40: =ROUND((1*0.394)+(1*4),2) -> 4.39 | O40: =ROUND(G40*N40,2) -> 83.41
B41: 1.27 | C41: ='Resumo Preços'!$D$31 -> Acessórios para montagem de flanges Ø 400mm, flange conf. ISO 2531 PN-10 | D41: ='Resumo Preços'!$C$31 -> HM01298 | E41: ='Resumo Preços'!$F$31 -> SABESP | F41: ='Resumo Preços'!$E$31 -> cj | G41: 11 | H41: =ROUND('Resumo Preços'!$L$31,2) -> 584.18 | I41: =$K$7 -> 0.168 | J41: =ROUND(H41*(I41+1),2) -> 682.32 | K41: =ROUND(G41*J41,2) -> 7505.52 | M41: =ROUND(G41*H41,2) -> 6425.98 | N41: =ROUND((1*1.005)+(1*8.8),2) -> 9.81 | O41: =ROUND(G41*N41,2) -> 107.91
B42: 1.28 | C42: ='SUP-01'!$C$8 -> Suporte para tubulação de reservatório Ø 400mm - FºFº - Tipo 1 | D42: ='SUP-01'!$C$7 -> SUP-01 | E42: ='SUP-01'!$C$6 -> COMP. | F42: ='SUP-01'!$C$10 -> cj | G42: 6 | H42: =ROUND('SUP-01'!$H$24,2) -> 400.38 | I42: =$K$7 -> 0.168 | J42: =ROUND(H42*(I42+1),2) -> 467.64 | K42: =ROUND(G42*J42,2) -> 2805.84
J43: =ROUND(H43*(I43+1),2) -> 0
C44: Subtotal 1 | J44: =ROUND(H44*(I44+1),2) -> 0 | K44: =SUM(K15:K43) -> 305332.56 | M44: =SUM(M15:M43) -> 163591.53 | N44: =ROUND(M44*0.2,2) -> 32718.31 | O44: =SUM(O18:O43) -> 4276.77 | P44: kg flanges
C47: TOTAL | K47: =SUM(K14:K46)/2 -> 305332.56

Sheet OS-Extravasor
B2: SAMAE | C2: SERVIÇO AUTÔNOMO MUNICIPAL DE ÁGUA E ESGOTO DE MOGI GUAÇU | H2: Referência de Preços
C3: PLANILHA DE ORÇAMENTO | H3: SINAPI Desonerado I0: | K3: Novembro/2023
B4: OBRA | C4: PROJETO EXECUTIVO DE IMPLANTAÇÃO DE | H4: SABESP Io: | K4: Novembro/2023
C5: NOVO RESERVATÓRIO METÁLICO NO SETOR EUCALIPTOS | H5: BDI (apenas SINAPI)
C6: INTERLIGAÇÃO DO EXTRAVASOR E DESCARGA | H6: Obras Civis e Serviços: | K6: 0.2698 | L6: 0
C7: OBRAS CIVIS E SERVIÇOS | H7: Materiais e Equipamentos: | K7: 0.168
B8: Item | C8: Discriminação | D8: Código | E8: Fonte | F8: Unid. | G8: Quant. | H8: Preço Unitário sem BDI (R$) | I8: BDI Aplicado (%) | J8: Preço Unitário com BDI (R$) | K8: Preço Total com BDI (R$)
B10: =B26 -> 1 | C10: =UPPER(C26) -> SERVIÇOS TÉCNICOS | K10: =K30 -> 380.3
B12: =B32 -> 2 | C12: =UPPER(C32) -> SERVIÇOS PRELIMINARES | K12: =K36 -> 674.8
B14: =B38 -> 3 | C14: =UPPER(C38) -> MOVIMENTO DE TERRA | K14: =K52 -> 7087.42
B16: =B54 -> 4 | C16: =UPPER(C54) -> ESCORAMENTOS | K16: =K58 -> 1457.22
B18: =B60 -> 5 | C18: =UPPER(C60) -> ACESSÓRIOS | K18: =K68 -> 14968.66
B20: =B70 -> 6 | C20: =UPPER(C70) -> ASSENTAMENTO E MONTAGEM DE TUBOS E PEÇAS | K20: =K82 -> 9647.1
B22: =B84 -> 7 | C22: =UPPER(C84) -> SERVIÇOS DIVERSOS | K22: =K87 -> 729.27
C24: TOTAL | K24: =SUM(K9:K23) -> 34944.77
B26: 1 | C26: Serviços Técnicos | J26: =ROUND(H26*(I26+1),2) -> 0
B27: 1.1 | C27: Locação de adutoras, coletores-tronco e interceptores (até diâm. 500 mm) | D27: 70010003 | E27: SABESP | F27: m | G27: =ROUND('Q-Extravasor'!$P$30,2) -> 48.2 | H27: =1.74/1.28 -> 1.359375 | I27: =$K$6 -> 0.2698 | J27: =ROUND(H27*(I27+1),2) -> 1.73 | K27: =ROUND(J27*G27,2) -> 83.39
B28: 1.2 | C28: Cadastro de adutoras, coletores-tronco e interceptores (até diâm. 500 mm) | D28: 70010006 | E28: SABESP | F28: m | G28: =ROUND('Q-Extravasor'!$P$30,2) -> 48.2 | H28: =6.21/1.28 -> 4.8515625 | I28: =$K$6 -> 0.2698 | J28: =ROUND(H28*(I28+1),2) -> 6.16 | K28: =ROUND(J28*G28,2) -> 296.91
J29: =ROUND(H29*(I29+1),2) -> 0 | K29: =ROUND(J29*G29,2) -> 0
C30: Subtotal 1 | J30: =ROUND(H30*(I30+1),2) -> 0 | K30: =SUM(K27:K29) -> 380.3
J31: =ROUND(H31*(I31+1),2) -> 0
B32: 2 | C32: Serviços Preliminares
B33: 2.1 | C33: Tapume contínuo em chapas de madeira | D33: 70020003 | E33: SABESP | F33: m | G33: =ROUND('Q-Extravasor'!$AK$30,2) -> 32.13 | H33: =11.71/1.28 -> 9.1484375 | I33: =$K$6 -> 0.2698 | J33: =ROUND(H33*(I33+1),2) -> 11.62 | K33: =ROUND(J33*G33,2) -> 373.35
B34: 2.2 | C34: Passadiços de madeira para pedestres | D34: 70020006 | E34: SABESP | F34: m² | G34: =ROUND('Q-Extravasor'!$AL$30,2) -> 1.97 | H34: =154.25/1.28 -> 120.50781 | I34: =$K$6 -> 0.2698 | J34: =ROUND(H34*(I34+1),2) -> 153.02 | K34: =ROUND(J34*G34,2) -> 301.45
C36: Subtotal 2 | J36: =ROUND(H36*(I36+1),2) -> 0 | K36: =SUM(K33:K35) -> 674.8
J37: =ROUND(H37*(I37+1),2) -> 0
B38: 3 | C38: Movimento de Terra
B39: 3.1 | C39: Raspagem da camada superficial | D39: 70030041 | E39: SABESP | F39: m² | G39: =ROUND('Q-Extravasor'!$Q$30,2) -> 61.75 | H39: =2.12/1.28 -> 1.65625 | I39: =$K$6 -> 0.2698 | J39: =ROUND(H39*(I39+1),2) -> 2.1 | K39: =ROUND(J39*G39,2) -> 129.68
B40: 3.2 | C40: Escavação manual de valas, poços e cavas em solo não rochoso, c/prof. até 1,25m | D40: 70030050 | E40: SABESP | F40: m³ | G40: =ROUND('Q-Extravasor'!$Z$30,2) -> 40.64 | H40: =59.47/1.28 -> 46.460938 | I40: =$K$6 -> 0.2698 | J40: =ROUND(H40*(I40+1),2) -> 59 | K40: =ROUND(J40*G40,2) -> 2397.76
B41: 3.3 | C41: Escavação manual de valas, poços e cavas em solo não rochoso, c/prof. até 2,00m | D41: 70030051 | E41: SABESP | F41: m³ | G41: =ROUND('Q-Extravasor'!$AA$30,2) -> 0.86 | H41: =89.2/1.28 -> 69.6875 | I41: =$K$6 -> 0.2698 | J41: =ROUND(H41*(I41+1),2) -> 88.49 | K41: =ROUND(J41*G41,2) -> 76.1
B42: 3.4 | C42: Preparo de fundo de vala com largura menor que 1,5 m (acerto do solo natural) | D42: 101616 | E42: SINAPI | F42: m² | G42: =ROUND('Q-Extravasor'!$AS$32,2) -> 32.83 | H42: 6.88 | I42: =$K$6 -> 0.2698 | J42: =ROUND(H42*(I42+1),2) -> 8.74 | K42: =ROUND(J42*G42,2) -> 286.93
B43: 3.5 | C43: Preparo de fundo de vala com largura menor que 1,5m, com camada de areia, lançamento manual | D43: 101618 | E43: SINAPI | F43: m³ | G43: =ROUND('Q-Extravasor'!$AO$32,2) -> 8.26 | H43: 218.93 | I43: =$K$6 -> 0.2698 | J43: =ROUND(H43*(I43+1),2) -> 278 | K43: =ROUND(J43*G43,2) -> 2296.28
B44: 3.6 | C44: Preparo de fundo de vala com largura menor que 1,5m, com camada de brita, lançamento manual | D44: 101619 | E44: SINAPI | F44: m³ | G44: =ROUND('Q-Extravasor'!$AM$32,2) -> 0.49 | H44: 255.68 | I44: =$K$6 -> 0.2698 | J44: =ROUND(H44*(I44+1),2) -> 324.66 | K44: =ROUND(J44*G44,2) -> 159.08
B45: 3.7 | C45: Aterro de valas, poços e cavas compactado mecanicamente, com controle do G.C. >= 95% do E.N.C. | D45: 70030026 | E45: SABESP | F45: m³ | G45: =ROUND('Q-Extravasor'!$AQ$30,2) -> 14.53 | H45: =26.01/1.28 -> 20.320312 | I45: =$K$6 -> 0.2698 | J45: =ROUND(H45*(I45+1),2) -> 25.8 | K45: =ROUND(J45*G45,2) -> 374.87
B46: 3.8 | C46: Aterro de valas, poços e cavas compactado mecanicamente, sem controle do G.C. | D46: 70030025 | E46: SABESP | F46: m³ | G46: =ROUND('Q-Extravasor'!$AR$30,2) -> 17.1 | H46: =9.05/1.28 -> 7.0703125 | I46: =$K$6 -> 0.2698 | J46: =ROUND(H46*(I46+1),2) -> 8.98 | K46: =ROUND(J46*G46,2) -> 153.56
B47: 3.9 | C47: Carga, manobra e descarga de solos e materiais granulares em caminhão basculante 18 m³ - carga com escavadeira hidráulica (caçamba de 1,20m³ / 155HP) e descarga livre | D47: 100980 | E47: SINAPI | F47: m³ | G47: =ROUND('Q-Extravasor'!$BA$30,2) -> 12.83 | H47: 6.4 | I47: =$K$6 -> 0.2698 | J47: =ROUND(H47*(I47+1),2) -> 8.13 | K47: =ROUND(J47*G47,2) -> 104.31
B48: 3.10 | C48: Transporte com caminhão basculante de 18 m³, em via urbana pavimentada, DMT até 30 km | D48: 95877 | E48: SINAPI | F48: m³xkm | G48: =ROUND('Q-Extravasor'!$BB$30,2) -> 192.45 | H48: 1.88 | I48: =$K$6 -> 0.2698 | J48: =ROUND(H48*(I48+1),2) -> 2.39 | K48: =ROUND(J48*G48,2) -> 459.96
B49: 3.11 | C49: Carga, manobra e descarga de solos e materiais granulares em caminhão basculante 10 m³ - carga com escavadeira hidráulica (caçamba de 1,20m³ / 155HP) e descarga livre | D49: 100978 | E49: SINAPI | F49: m³ | G49: =ROUND('Q-Extravasor'!$BC$30+'Q-Extravasor'!$BE$30,2) -> 11.22 | H49: 7.15 | I49: =$K$6 -> 0.2698 | J49: =ROUND(H49*(I49+1),2) -> 9.08 | K49: =ROUND(J49*G49,2) -> 101.88
B50: 3.12 | C50: Transporte com caminhão basculante de 10 m³, em via urbana pavimentada, DMT até 30 km | D50: 95875 | E50: SINAPI | F50: m³xkm | G50: =ROUND('Q-Extravasor'!$BD$30+'Q-Extravasor'!$BF$30,2) -> 168.31 | H50: 2.56 | I50: =$K$6 -> 0.2698 | J50: =ROUND(H50*(I50+1),2) -> 3.25 | K50: =ROUND(J50*G50,2) -> 547.01
C52: Subtotal 3 | J52: =ROUND(H52*(I52+1),2) -> 0 | K52: =SUM(K39:K51) -> 7087.42
B54: 4 | C54: Escoramentos
B55: 4.1 | C55: Pontaleteamento | D55: 70040005 | E55: SABESP | F55: m² | G55: =ROUND('Q-Extravasor'!$AG$30,2) -> 73.08 | H55: =15.3/1.28 -> 11.953125 | I55: =$K$6 -> 0.2698 | J55: =ROUND(H55*(I55+1),2) -> 15.18 | K55: =ROUND(J55*G55,2) -> 1109.35
B56: 4.2 | C56: Escoramento descontínuo | D56: 70040006 | E56: SABESP | F56: m² | G56: =ROUND('Q-Extravasor'!$AG$31,2) -> 10.5 | H56: =33.4/1.28 -> 26.09375 | I56: =$K$6 -> 0.2698 | J56: =ROUND(H56*(I56+1),2) -> 33.13 | K56: =ROUND(J56*G56,2) -> 347.87
C58: Subtotal 4 | J58: =ROUND(H58*(I58+1),2) -> 0 | K58: =SUM(K55:K57) -> 1457.22
B60: 5 | C60: Acessórios
B61: 5.1 | C61: Caixas | J61: =ROUND(H61*(I61+1),2) -> 0 | K61: =ROUND(G61*J61,2) -> 0 | N61: =ROUND(G61*H61,2) -> 0
B62: 5.1.1 | C62: ='CX-Extravasor'!$C$8 -> Caixa do extravasor com paredes em alvenaria e laje de fundo em concreto armado | D62: ='CX-Extravasor'!$C$7 -> CX-Ext | E62: ='CX-Extravasor'!$C$6 -> COMP. | F62: ='CX-Extravasor'!$C$10 -> unid | G62: 1 | H62: =ROUND('CX-Extravasor'!$H$35,2) -> 8716.78 | I62: =$K$6 -> 0.2698 | J62: =ROUND(H62*(I62+1),2) -> 11068.57 | K62: =ROUND(G62*J62,2) -> 11068.57
B63: 5.2 | C63: Poços de Inspeção
B64: 5.2.1 | C64: Caixa de alvenaria de 1/2 tijolo - 0,60 x 0,60 m | D64: 70070255 | E64: SABESP | F64: m | G64: =ROUND('Q-Extravasor'!$D$37,2) -> 3.23 | H64: =1050.51/1.28 -> 820.71094 | I64: =$K$6 -> 0.2698 | J64: =ROUND(H64*(I64+1),2) -> 1042.14 | K64: =ROUND(G64*J64,2) -> 3366.11
B65: 5.3 | C65: Proteção de Flanges
B66: 5.3.1 | C66: ='PROT-FL'!$C$8 -> Proteção de flanges enterrados para tubulação | D66: ='PROT-FL'!$C$7 -> Prot-Fl | E66: ='PROT-FL'!$C$6 -> COMP. | F66: ='PROT-FL'!$C$10 -> unid | G66: 2 | H66: =ROUND('PROT-FL'!$H$20,2) -> 210.26 | I66: =$K$6 -> 0.2698 | J66: =ROUND(H66*(I66+1),2) -> 266.99 | K66: =ROUND(G66*J66,2) -> 533.98
C68: Subtotal 5 | J68: =ROUND(H68*(I68+1),2) -> 0 | K68: =SUM(K62:K67) -> 14968.66
B70: 6 | C70: Assentamento e Montagem de Tubos e Peças
B71: 6.1 | C71: Assentamento tubos
B72: 6.1.1 | C72: Assentamento para redes de água, tubos e peças, DN 500 mm, em FºFº | D72: 70080051 | E72: SABESP | F72: m | G72: =ROUND('Q-Extravasor'!$E$30,2) -> 3 | H72: =58.2/1.28 -> 45.46875 | I72: =$K$6 -> 0.2698 | J72: =ROUND(H72*(I72+1),2) -> 57.74 | K72: =ROUND(J72*G72,2) -> 173.22
B73: 6.1.2 | C73: Assentamento simples de tubos e peças, DN 100 mm, em PVC rígido, RPVC e DEFºFº, JE | D73: 70080082 | E73: SABESP | F73: m | G73: =ROUND('Q-Extravasor'!$E$32,2) -> 43 | H73: =3.07/1.28 -> 2.3984375 | I73: =$K$6 -> 0.2698 | J73: =ROUND(H73*(I73+1),2) -> 3.05 | K73: =ROUND(J73*G73,2) -> 131.15
B74: 6.2 | C74: Carga, descarga e transporte de tubos e peças
B75: 6.2.1 | C75: Carga e descarga, de tubos e peças em ferro fundido | D75: 70080342 | E75: SABESP | F75: t | G75: =ROUND('Q-Extravasor'!$BJ$30,2) -> 0.43 | H75: =144.08/1.28 -> 112.5625 | I75: =$K$6 -> 0.2698 | J75: =ROUND(H75*(I75+1),2) -> 142.93 | K75: =ROUND(J75*G75,2) -> 61.46
B76: 6.2.2 | C76: Transporte, de tubos e peças em ferro fundido | D76: 70080343 | E76: SABESP | F76: txkm | G76: =ROUND('Q-Extravasor'!$BK$30,2) -> 12.82 | H76: =4.12/1.28 -> 3.21875 | I76: =$K$6 -> 0.2698 | J76: =ROUND(H76*(I76+1),2) -> 4.09 | K76: =ROUND(J76*G76,2) -> 52.43
B77: 6.3 | C77: Montagem de Materiais e Equipamentos | N77: =ROUND(G77*H77,2) -> 0
B78: 6.3.1 | C78: Tubos e conexões metálicos flangeados - montagem | D78: 70140023 | E78: SABESP | F78: kg | G78: =ROUND('ME-Extravasor'!$O$33,2) -> 2933.85 | H78: =2.91/1.28 -> 2.2734375 | I78: =$K$6 -> 0.2698 | J78: =ROUND(H78*(I78+1),2) -> 2.89 | K78: =ROUND(J78*G78,2) -> 8478.83
B79: 6.3.2 | C79: Válvula gaveta ferro fundido até DN 200 mm - montagem | D79: 70140057 | E79: SABESP | F79: unid | G79: ='ME-Extravasor'!$G$23 -> 1 | H79: =516.49/1.28 -> 403.50781 | I79: =$K$6 -> 0.2698 | J79: =ROUND(H79*(I79+1),2) -> 512.37 | K79: =ROUND(J79*G79,2) -> 512.37
B80: 6.3.3 | C80: Válvula ferro fundido adufa ou flap até DN 200 mm - montagem | D80: 70140077 | E80: SABESP | F80: unid | G80: ='ME-Extravasor'!$G$26 -> 1 | H80: =239.55/1.28 -> 187.14844 | I80: =$K$6 -> 0.2698 | J80: =ROUND(H80*(I80+1),2) -> 237.64 | K80: =ROUND(J80*G80,2) -> 237.64
C82: Subtotal 6 | J82: =ROUND(H82*(I82+1),2) -> 0 | K82: =SUM(K72:K81) -> 9647.1
B84: 7 | C84: Serviços Diversos
B85: 7.1 | C85: Limpeza da obra | D85: 70190144 | E85: SABESP | F85: m² | G85: =ROUND('Q-Extravasor'!$BL$30,2) -> 61.75 | H85: =11.9/1.28 -> 9.296875 | I85: =$K$6 -> 0.2698 | J85: =ROUND(H85*(I85+1),2) -> 11.81 | K85: =ROUND(J85*G85,2) -> 729.27
C87: Subtotal 7 | J87: =ROUND(H87*(I87+1),2) -> 0 | K87: =SUM(K85:K86) -> 729.27
J88: =ROUND(H88*(I88+1),2) -> 0
C90: TOTAL | K90: =SUM(K26:K89)/2 -> 34944.77

Sheet ME-Extravasor
B2: SAMAE | C2: SERVIÇO AUTÔNOMO MUNICIPAL DE ÁGUA E ESGOTO DE MOGI GUAÇU | H2: Referência de Preços
C3: PLANILHA DE ORÇAMENTO | H3: SINAPI Desonerado I0: | K3: Novembro/2023
B4: OBRA | C4: PROJETO EXECUTIVO DE IMPLANTAÇÃO DE | H4: SABESP Io: | K4: Novembro/2023
C5: NOVO RESERVATÓRIO METÁLICO NO SETOR EUCALIPTOS | H5: BDI (apenas SINAPI)
C6: INTERLIGAÇÃO DO EXTRAVASOR E DESCARGA | H6: Obras Civis e Serviços: | K6: 0.2698 | L6: 0
C7: MATERIAIS E EQUIPAMENTOS | H7: Materiais e Equipamentos: | K7: 0.168
B8: Item | C8: Discriminação | D8: Código | E8: Fonte | F8: Unid. | G8: Quant. | H8: Preço Unitário sem BDI (R$) | I8: BDI Aplicado (%) | J8: Preço Unitário com BDI (R$) | K8: Preço Total com BDI (R$)
B10: =B14 -> 1 | C10: =UPPER(C14) -> FORNECIMENTO DE MATERIAIS E EQUIPAMENTOS | K10: =K33 -> 131077.09
C12: TOTAL | K12: =SUM(K9:K11) -> 131077.09
B14: 1 | C14: Fornecimento de Materiais e Equipamentos | J14: =ROUND(H14*(I14+1),2) -> 0
B15: 1.1 | C15: ='Resumo Preços'!$D$32 -> Curva 90° com flanges Ø 500mm, flange conf. ISO 2531 PN-10, em ferro fundido, para água | D15: ='Resumo Preços'!$C$32 -> HM02986 | E15: ='Resumo Preços'!$F$32 -> SABESP | F15: ='Resumo Preços'!$E$32 -> pç | G15: 2 | H15: =ROUND('Resumo Preços'!$L$32,2) -> 11508.02 | I15: =$K$7 -> 0.168 | J15: =ROUND(H15*(I15+1),2) -> 13441.37 | K15: =ROUND(G15*J15,2) -> 26882.74 | M15: =ROUND(G15*H15,2) -> 23016.04 | N15: 174 | O15: =ROUND(G15*N15,2) -> 348
B16: 1.2 | C16: ='Resumo Preços'!$D$33 -> Curva 90° com flanges e pé Ø 500mm, flange conf. ISO 2531 PN-10, em ferro fundido, para água | D16: ='Resumo Preços'!$C$33 -> HM03019 | E16: ='Resumo Preços'!$F$33 -> SABESP | F16: ='Resumo Preços'!$E$33 -> pç | G16: 1 | H16: =ROUND('Resumo Preços'!$L$33,2) -> 19663.12 | I16: =$K$7 -> 0.168 | J16: =ROUND(H16*(I16+1),2) -> 22966.52 | K16: =ROUND(G16*J16,2) -> 22966.52 | M16: =ROUND(G16*H16,2) -> 19663.12 | N16: 276 | O16: =ROUND(G16*N16,2) -> 276
B17: 1.3 | C17: ='Resumo Preços'!$D$34 -> Tubo com flanges, Ø 500mm, L = 5,80m, flange conf. ISO 2531 PN-10, em ferro fundido, para água | D17: ='Resumo Preços'!$C$34 -> HM03665 | E17: ='Resumo Preços'!$F$34 -> SABESP | F17: ='Resumo Preços'!$E$34 -> pç | G17: 2 | H17: =ROUND('Resumo Preços'!$L$34,2) -> 15655.55 | I17: =$K$7 -> 0.168 | J17: =ROUND(H17*(I17+1),2) -> 18285.68 | K17: =ROUND(G17*J17,2) -> 36571.36 | M17: =ROUND(G17*H17,2) -> 31311.1 | N17: =ROUND((121.8*5.8)+38+38,2) -> 782.44 | O17: =ROUND(G17*N17,2) -> 1564.88
B18: 1.4 | C18: ='Resumo Preços'!$D$35 -> Tubo com flanges, Ø 500mm, L = 3,77m, flange conf. ISO 2531 PN-10, em ferro fundido, para água | D18: ='Resumo Preços'!$C$35 -> HM03661 | E18: ='Resumo Preços'!$F$35 -> SABESP | F18: ='Resumo Preços'!$E$35 -> pç | G18: 1 | H18: =ROUND('Resumo Preços'!$L$35,2) -> 12467.25 | I18: =$K$7 -> 0.168 | J18: =ROUND(H18*(I18+1),2) -> 14561.75 | K18: =ROUND(G18*J18,2) -> 14561.75 | M18: =ROUND(G18*H18,2) -> 12467.25 | N18: =ROUND((121.8*3.77)+38+38,2) -> 535.19 | O18: =ROUND(G18*N18,2) -> 535.19
B19: 1.5 | C19: ='Resumo Preços'!$D$36 -> Tubo com pontas, Ø 500mm, L = 3,00m, em ferro fundido, para água | D19: ='Resumo Preços'!$C$36 -> HM04111 | E19: ='Resumo Preços'!$F$36 -> SABESP | F19: ='Resumo Preços'!$E$36 -> pç | G19: 1 | H19: =ROUND('Resumo Preços'!$L$36,2) -> 3683.13 | I19: =$K$7 -> 0.168 | J19: =ROUND(H19*(I19+1),2) -> 4301.9 | K19: =ROUND(G19*J19,2) -> 4301.9 | M19: =ROUND(G19*H19,2) -> 3683.13
B20: 1.6 | C20: ='Resumo Preços'!$D$37 -> Toco com flanges, Ø 150mm, L = 0,50m, flange conf. ISO 2531 PN-10, em ferro fundido, para água | D20: ='Resumo Preços'!$C$37 -> HM03511 | E20: ='Resumo Preços'!$F$37 -> SABESP | F20: ='Resumo Preços'!$E$37 -> pç | G20: 1 | H20: =ROUND('Resumo Preços'!$L$37,2) -> 598.59 | I20: =$K$7 -> 0.168 | J20: =ROUND(H20*(I20+1),2) -> 699.15 | K20: =ROUND(G20*J20,2) -> 699.15 | M20: =ROUND(G20*H20,2) -> 598.59 | N20: 32 | O20: =ROUND(G20*N20,2) -> 32
B21: 1.7 | C21: ='Resumo Preços'!$D$38 -> Curva 90° com flanges Ø 150mm, flange conf. ISO 2531 PN-10, em ferro fundido, para água | D21: ='Resumo Preços'!$C$38 -> HM03003 | E21: ='Resumo Preços'!$F$38 -> SABESP | F21: ='Resumo Preços'!$E$38 -> pç | G21: 1 | H21: =ROUND('Resumo Preços'!$L$38,2) -> 714.69 | I21: =$K$7 -> 0.168 | J21: =ROUND(H21*(I21+1),2) -> 834.76 | K21: =ROUND(G21*J21,2) -> 834.76 | M21: =ROUND(G21*H21,2) -> 714.69 | N21: 18 | O21: =ROUND(G21*N21,2) -> 18
B22: 1.8 | C22: ='Resumo Preços'!$D$39 -> Tubo com flanges, Ø 150mm, L = 2,20m, flange conf. ISO 2531 PN-10, em ferro fundido, para água | D22: ='Resumo Preços'!$C$39 -> HM03577 | E22: ='Resumo Preços'!$F$39 -> SABESP | F22: ='Resumo Preços'!$E$39 -> pç | G22: 1 | H22: =ROUND('Resumo Preços'!$L$39,2) -> 3130.31 | I22: =$K$7 -> 0.168 | J22: =ROUND(H22*(I22+1),2) -> 3656.2 | K22: =ROUND(G22*J22,2) -> 3656.2 | M22: =ROUND(G22*H22,2) -> 3130.31 | N22: =ROUND((26*2.2)+8+8,2) -> 73.2 | O22: =ROUND(G22*N22,2) -> 73.2
B23: 1.9 | C23: ='Resumo Preços'!$D$40 -> Registro de gaveta Ø 150mm, com flanges, cunha emborrachada, corpo curto e acionamento manual através de cabeçote, flange conf. ISO 2531 PN-10, em ferro fundido, para água | D23: ='Resumo Preços'!$C$40 -> HM07080 | E23: ='Resumo Preços'!$F$40 -> SABESP | F23: ='Resumo Preços'!$E$40 -> pç | G23: 1 | H23: =ROUND('Resumo Preços'!$L$40,2) -> 1260.24 | I23: =$K$7 -> 0.168 | J23: =ROUND(H23*(I23+1),2) -> 1471.96 | K23: =ROUND(G23*J23,2) -> 1471.96
B24: 1.10 | C24: ='Resumo Preços'!$D$41 -> Tubo com pontas, Ø 100mm, em PVC ocre | D24: ='Resumo Preços'!$C$41 -> 36365 | E24: ='Resumo Preços'!$F$41 -> SINAPI | F24: ='Resumo Preços'!$E$41 -> m | G24: 43 | H24: =ROUND('Resumo Preços'!$L$41,2) -> 43.79 | I24: =$K$7 -> 0.168 | J24: =ROUND(H24*(I24+1),2) -> 51.15 | K24: =ROUND(G24*J24,2) -> 2199.45
B25: 1.11 | C25: ='Resumo Preços'!$D$42 -> Flange avulso soldável Ø 100mm, em PVC | D25: ='Resumo Preços'!$C$42 -> PVC-01 | E25: Cotação | F25: ='Resumo Preços'!$E$42 -> pç | G25: 1 | H25: =ROUND('Resumo Preços'!$L$42,2) -> 124.66 | I25: =$K$7 -> 0.168 | J25: =ROUND(H25*(I25+1),2) -> 145.6 | K25: =ROUND(G25*J25,2) -> 145.6
B26: 1.12 | C26: ='Resumo Preços'!$D$43 -> Válvula tipo flap com flanges, Ø 100mm, flange conf. ISO 2531 PN-10, em ferro fundido, para água | D26: ='Resumo Preços'!$C$43 -> VALV-02 | E26: Cotação | F26: ='Resumo Preços'!$E$43 -> pç | G26: 1 | H26: =ROUND('Resumo Preços'!$L$43,2) -> 3800 | I26: =$K$7 -> 0.168 | J26: =ROUND(H26*(I26+1),2) -> 4438.4 | K26: =ROUND(G26*J26,2) -> 4438.4
B27: 1.13 | C27: ='Resumo Preços'!$D$44 -> Acessórios para montagem de flanges Ø 500mm, flange conf. ISO 2531 PN-10 | D27: ='Resumo Preços'!$C$44 -> HM01301 | E27: ='Resumo Preços'!$F$44 -> SABESP | F27: ='Resumo Preços'!$E$44 -> cj | G27: 6 | H27: =ROUND('Resumo Preços'!$L$44,2) -> 730.6 | I27: =$K$7 -> 0.168 | J27: =ROUND(H27*(I27+1),2) -> 853.34 | K27: =ROUND(G27*J27,2) -> 5120.04 | M27: =ROUND(G27*H27,2) -> 4383.6 | N27: =ROUND((1*1.235)+(1*11),2) -> 12.24 | O27: =ROUND(G27*N27,2) -> 73.44
B28: 1.14 | C28: ='Resumo Preços'!$D$45 -> Acessórios para montagem de flanges Ø 150mm, flange conf. ISO 2531 PN-10 | D28: ='Resumo Preços'!$C$45 -> HM01293 | E28: ='Resumo Preços'!$F$45 -> SABESP | F28: ='Resumo Preços'!$E$45 -> cj | G28: 4 | H28: =ROUND('Resumo Preços'!$L$45,2) -> 184.08 | I28: =$K$7 -> 0.168 | J28: =ROUND(H28*(I28+1),2) -> 215.01 | K28: =ROUND(G28*J28,2) -> 860.04 | M28: =ROUND(G28*H28,2) -> 736.32 | N28: =ROUND((1*0.203)+(1*2.7),2) -> 2.9 | O28: =ROUND(G28*N28,2) -> 11.6
B29: 1.15 | C29: ='Resumo Preços'!$D$46 -> Acessórios para montagem de flanges Ø 100mm, flange conf. ISO 2531 PN-10 | D29: ='Resumo Preços'!$C$46 -> HM01292 | E29: ='Resumo Preços'!$F$46 -> SABESP | F29: ='Resumo Preços'!$E$46 -> cj | G29: 1 | H29: =ROUND('Resumo Preços'!$L$46,2) -> 115.92 | I29: =$K$7 -> 0.168 | J29: =ROUND(H29*(I29+1),2) -> 135.39 | K29: =ROUND(G29*J29,2) -> 135.39 | M29: =ROUND(G29*H29,2) -> 115.92 | N29: =ROUND((1*0.143)+(1*1.4),2) -> 1.54 | O29: =ROUND(G29*N29,2) -> 1.54
B30: 1.16 | C30: ='SUP-02'!$C$8 -> Suporte para tubulação de reservatório Ø 500mm - FºFº - Tipo 2 | D30: ='SUP-02'!$C$7 -> SUP-02 | E30: ='SUP-02'!$C$6 -> COMP. | F30: ='SUP-02'!$C$10 -> cj | G30: 6 | H30: =ROUND('SUP-02'!$H$24,2) -> 425.9 | I30: =$K$7 -> 0.168 | J30: =ROUND(H30*(I30+1),2) -> 497.45 | K30: =ROUND(G30*J30,2) -> 2984.7
B31: 1.17 | C31: ='Resumo Preços'!$D$47 -> Grade de fibra de vidro com barras de H = 38 mm, espaçamento 32 mm | D31: ='Resumo Preços'!$C$47 -> 70110172 | E31: ='Resumo Preços'!$F$47 -> SABESP | F31: ='Resumo Preços'!$E$47 -> m² | G31: =ROUND(1.3*1.3*1,2) -> 1.69 | H31: =ROUND('Resumo Preços'!$L$47,2) -> 1645.02 | I31: =$K$7 -> 0.168 | J31: =ROUND(H31*(I31+1),2) -> 1921.38 | K31: =ROUND(G31*J31,2) -> 3247.13
J32: =ROUND(H32*(I32+1),2) -> 0
C33: Subtotal 1 | J33: =ROUND(H33*(I33+1),2) -> 0 | K33: =SUM(K15:K32) -> 131077.09 | M33: =SUM(M15:M32) -> 99820.07 | N33: =ROUND(M33*0.2,2) -> 19964.01 | O33: =SUM(O15:O32) -> 2933.85 | P33: kg flanges
C36: TOTAL | K36: =SUM(K14:K35)/2 -> 131077.09

Sheet OS-Saída
B2: SAMAE | C2: SERVIÇO AUTÔNOMO MUNICIPAL DE ÁGUA E ESGOTO DE MOGI GUAÇU | H2: Referência de Preços
C3: PLANILHA DE ORÇAMENTO | H3: SINAPI Desonerado I0: | K3: Novembro/2023
B4: OBRA | C4: PROJETO EXECUTIVO DE IMPLANTAÇÃO DE | H4: SABESP Io: | K4: Novembro/2023
C5: NOVO RESERVATÓRIO METÁLICO NO SETOR EUCALIPTOS | H5: BDI (apenas SINAPI)
C6: INTERLIGAÇÃO DE SAÍDA DO RESERVATÓRIO | H6: Obras Civis e Serviços: | K6: 0.2698 | L6: 0
C7: OBRAS CIVIS E SERVIÇOS | H7: Materiais e Equipamentos: | K7: 0.168
B8: Item | C8: Discriminação | D8: Código | E8: Fonte | F8: Unid. | G8: Quant. | H8: Preço Unitário sem BDI (R$) | I8: BDI Aplicado (%) | J8: Preço Unitário com BDI (R$) | K8: Preço Total com BDI (R$)
B10: =B26 -> 1 | C10: =UPPER(C26) -> SERVIÇOS TÉCNICOS | K10: =K30 -> 457.62
B12: =B32 -> 2 | C12: =UPPER(C32) -> SERVIÇOS PRELIMINARES | K12: =K36 -> 981.86
B14: =B38 -> 3 | C14: =UPPER(C38) -> MOVIMENTO DE TERRA | K14: =K50 -> 9928.49
B16: =B52 -> 4 | C16: =UPPER(C52) -> ESCORAMENTOS | K16: =K55 -> 2553.28
B18: =B57 -> 5 | C18: =UPPER(C57) -> ACESSÓRIOS | K18: =K64 -> 3433.48
B20: =B66 -> 6 | C20: =UPPER(C66) -> ASSENTAMENTO E MONTAGEM DE TUBOS E PEÇAS | K20: =K77 -> 14264.29
B22: =B79 -> 7 | C22: =UPPER(C79) -> SERVIÇOS DIVERSOS | K22: =K82 -> 1095.97
C24: TOTAL | K24: =SUM(K9:K23) -> 32714.99
B26: 1 | C26: Serviços Técnicos | J26: =ROUND(H26*(I26+1),2) -> 0
B27: 1.1 | C27: Locação de adutoras, coletores-tronco e interceptores (até diâm. 500 mm) | D27: 70010003 | E27: SABESP | F27: m | G27: =ROUND('Q-Saída'!$P$13,2) -> 58 | H27: =1.74/1.28 -> 1.359375 | I27: =$K$6 -> 0.2698 | J27: =ROUND(H27*(I27+1),2) -> 1.73 | K27: =ROUND(J27*G27,2) -> 100.34
B28: 1.2 | C28: Cadastro de adutoras, coletores-tronco e interceptores (até diâm. 500 mm) | D28: 70010006 | E28: SABESP | F28: m | G28: =ROUND('Q-Saída'!$P$13,2) -> 58 | H28: =6.21/1.28 -> 4.8515625 | I28: =$K$6 -> 0.2698 | J28: =ROUND(H28*(I28+1),2) -> 6.16 | K28: =ROUND(J28*G28,2) -> 357.28
J29: =ROUND(H29*(I29+1),2) -> 0 | K29: =ROUND(J29*G29,2) -> 0
C30: Subtotal 1 | J30: =ROUND(H30*(I30+1),2) -> 0 | K30: =SUM(K27:K29) -> 457.62
J31: =ROUND(H31*(I31+1),2) -> 0
B32: 2 | C32: Serviços Preliminares
B33: 2.1 | C33: Tapume contínuo em chapas de madeira | D33: 70020003 | E33: SABESP | F33: m | G33: =ROUND('Q-Saída'!$AK$13,2) -> 38.67 | H33: =11.71/1.28 -> 9.1484375 | I33: =$K$6 -> 0.2698 | J33: =ROUND(H33*(I33+1),2) -> 11.62 | K33: =ROUND(J33*G33,2) -> 449.35
B34: 2.2 | C34: Passadiços de madeira para pedestres | D34: 70020006 | E34: SABESP | F34: m² | G34: =ROUND('Q-Saída'!$AL$13,2) -> 3.48 | H34: =154.25/1.28 -> 120.50781 | I34: =$K$6 -> 0.2698 | J34: =ROUND(H34*(I34+1),2) -> 153.02 | K34: =ROUND(J34*G34,2) -> 532.51
C36: Subtotal 2 | J36: =ROUND(H36*(I36+1),2) -> 0 | K36: =SUM(K33:K35) -> 981.86
J37: =ROUND(H37*(I37+1),2) -> 0
B38: 3 | C38: Movimento de Terra
B39: 3.1 | C39: Raspagem da camada superficial | D39: 70030041 | E39: SABESP | F39: m² | G39: =ROUND('Q-Saída'!$Q$13,2) -> 92.8 | H39: =2.12/1.28 -> 1.65625 | I39: =$K$6 -> 0.2698 | J39: =ROUND(H39*(I39+1),2) -> 2.1 | K39: =ROUND(J39*G39,2) -> 194.88
B40: 3.2 | C40: Escavação manual de valas, poços e cavas em solo não rochoso, c/prof. até 1,25m | D40: 70030050 | E40: SABESP | F40: m³ | G40: =ROUND('Q-Saída'!$Z$13,2) -> 84.1 | H40: =59.47/1.28 -> 46.460938 | I40: =$K$6 -> 0.2698 | J40: =ROUND(H40*(I40+1),2) -> 59 | K40: =ROUND(J40*G40,2) -> 4961.9
B41: 3.3 | C41: Preparo de fundo de vala com largura menor que 1,5 m (acerto do solo natural) | D41: 101616 | E41: SINAPI | F41: m² | G41: =ROUND('Q-Saída'!$AS$15,2) -> 58 | H41: 6.88 | I41: =$K$6 -> 0.2698 | J41: =ROUND(H41*(I41+1),2) -> 8.74 | K41: =ROUND(J41*G41,2) -> 506.92
B42: 3.4 | C42: Preparo de fundo de vala com largura menor que 1,5m, com camada de brita, lançamento manual | D42: 101619 | E42: SINAPI | F42: m³ | G42: =ROUND('Q-Saída'!$AM$15,2) -> 5.8 | H42: 255.68 | I42: =$K$6 -> 0.2698 | J42: =ROUND(H42*(I42+1),2) -> 324.66 | K42: =ROUND(J42*G42,2) -> 1883.03
B43: 3.5 | C43: Aterro de valas, poços e cavas compactado mecanicamente, com controle do G.C. >= 95% do E.N.C. | D43: 70030026 | E43: SABESP | F43: m³ | G43: =ROUND('Q-Saída'!$AQ$13,2) -> 23.2 | H43: =26.01/1.28 -> 20.320312 | I43: =$K$6 -> 0.2698 | J43: =ROUND(H43*(I43+1),2) -> 25.8 | K43: =ROUND(J43*G43,2) -> 598.56
B44: 3.6 | C44: Aterro de valas, poços e cavas compactado mecanicamente, sem controle do G.C. | D44: 70030025 | E44: SABESP | F44: m³ | G44: =ROUND('Q-Saída'!$AR$13,2) -> 42.21 | H44: =9.05/1.28 -> 7.0703125 | I44: =$K$6 -> 0.2698 | J44: =ROUND(H44*(I44+1),2) -> 8.98 | K44: =ROUND(J44*G44,2) -> 379.05
B45: 3.7 | C45: Carga, manobra e descarga de solos e materiais granulares em caminhão basculante 18 m³ - carga com escavadeira hidráulica (caçamba de 1,20m³ / 155HP) e descarga livre | D45: 100980 | E45: SINAPI | F45: m³ | G45: =ROUND('Q-Saída'!$BA$13,2) -> 24.3 | H45: 6.4 | I45: =$K$6 -> 0.2698 | J45: =ROUND(H45*(I45+1),2) -> 8.13 | K45: =ROUND(J45*G45,2) -> 197.56
B46: 3.8 | C46: Transporte com caminhão basculante de 18 m³, em via urbana pavimentada, DMT até 30 km | D46: 95877 | E46: SINAPI | F46: m³xkm | G46: =ROUND('Q-Saída'!$BB$13,2) -> 364.51 | H46: 1.88 | I46: =$K$6 -> 0.2698 | J46: =ROUND(H46*(I46+1),2) -> 2.39 | K46: =ROUND(J46*G46,2) -> 871.18
B47: 3.9 | C47: Carga, manobra e descarga de solos e materiais granulares em caminhão basculante 10 m³ - carga com escavadeira hidráulica (caçamba de 1,20m³ / 155HP) e descarga livre | D47: 100978 | E47: SINAPI | F47: m³ | G47: =ROUND('Q-Saída'!$BC$13,2) -> 5.8 | H47: 7.15 | I47: =$K$6 -> 0.2698 | J47: =ROUND(H47*(I47+1),2) -> 9.08 | K47: =ROUND(J47*G47,2) -> 52.66
B48: 3.10 | C48: Transporte com caminhão basculante de 10 m³, em via urbana pavimentada, DMT até 30 km | D48: 95875 | E48: SINAPI | F48: m³xkm | G48: =ROUND('Q-Saída'!$BD$13,2) -> 87 | H48: 2.56 | I48: =$K$6 -> 0.2698 | J48: =ROUND(H48*(I48+1),2) -> 3.25 | K48: =ROUND(J48*G48,2) -> 282.75
C50: Subtotal 3 | J50: =ROUND(H50*(I50+1),2) -> 0 | K50: =SUM(K39:K49) -> 9928.49
B52: 4 | C52: Escoramentos
B53: 4.1 | C53: Pontaleteamento | D53: 70040005 | E53: SABESP | F53: m² | G53: =ROUND('Q-Saída'!$AG$13,2) -> 168.2 | H53: =15.3/1.28 -> 11.953125 | I53: =$K$6 -> 0.2698 | J53: =ROUND(H53*(I53+1),2) -> 15.18 | K53: =ROUND(J53*G53,2) -> 2553.28
C55: Subtotal 4 | J55: =ROUND(H55*(I55+1),2) -> 0 | K55: =SUM(K53:K54) -> 2553.28
B57: 5 | C57: Acessórios
B58: 5.1 | C58: Blocos de Ancoragem
B59: 5.1.1 | C59: Ancoragem em concreto para curva 45 graus, diâmetro 500 mm | D59: 70070125 | E59: SABESP | F59: unid | G59: 2 | H59: =625.56/1.28 -> 488.71875 | I59: =$K$6 -> 0.2698 | J59: =ROUND(H59*(I59+1),2) -> 620.58 | K59: =ROUND(G59*J59,2) -> 1241.16
B60: 5.1.2 | C60: Ancoragem em concreto para curva 90 graus e tê, diâmetro 500 mm | D60: 70070121 | E60: SABESP | F60: unid | G60: 1 | H60: =1133.39/1.28 -> 885.46094 | I60: =$K$6 -> 0.2698 | J60: =ROUND(H60*(I60+1),2) -> 1124.36 | K60: =ROUND(G60*J60,2) -> 1124.36
B61: 5.2 | C61: Proteção de Flanges
B62: 5.2.1 | C62: ='PROT-FL'!$C$8 -> Proteção de flanges enterrados para tubulação | D62: ='PROT-FL'!$C$7 -> Prot-Fl | E62: ='PROT-FL'!$C$6 -> COMP. | F62: ='PROT-FL'!$C$10 -> unid | G62: 4 | H62: =ROUND('PROT-FL'!$H$20,2) -> 210.26 | I62: =$K$6 -> 0.2698 | J62: =ROUND(H62*(I62+1),2) -> 266.99 | K62: =ROUND(G62*J62,2) -> 1067.96
C64: Subtotal 5 | J64: =ROUND(H64*(I64+1),2) -> 0 | K64: =SUM(K59:K63) -> 3433.48
B66: 6 | C66: Assentamento e Montagem de Tubos e Peças
B67: 6.1 | C67: Assentamento tubos
B68: 6.1.1 | C68: Assentamento para redes de água, tubos e peças, DN 500 mm, em FºFº | D68: 70080051 | E68: SABESP | F68: m | G68: =ROUND('Q-Saída'!$AP$13,2) -> 58 | H68: =58.2/1.28 -> 45.46875 | I68: =$K$6 -> 0.2698 | J68: =ROUND(H68*(I68+1),2) -> 57.74 | K68: =ROUND(J68*G68,2) -> 3348.92
B69: 6.2 | C69: Carga, descarga e transporte de tubos e peças
B70: 6.2.1 | C70: Carga e descarga, de tubos e peças em ferro fundido | D70: 70080342 | E70: SABESP | F70: t | G70: =ROUND('Q-Saída'!$BJ$13,2) -> 6.15 | H70: =144.08/1.28 -> 112.5625 | I70: =$K$6 -> 0.2698 | J70: =ROUND(H70*(I70+1),2) -> 142.93 | K70: =ROUND(J70*G70,2) -> 879.02
B71: 6.2.2 | C71: Transporte, de tubos e peças em ferro fundido | D71: 70080343 | E71: SABESP | F71: txkm | G71: =ROUND('Q-Saída'!$BK$13,2) -> 184.61 | H71: =4.12/1.28 -> 3.21875 | I71: =$K$6 -> 0.2698 | J71: =ROUND(H71*(I71+1),2) -> 4.09 | K71: =ROUND(J71*G71,2) -> 755.05
B72: 6.3 | C72: Montagem de Materiais e Equipamentos | N72: =ROUND(G72*H72,2) -> 0
B73: 6.3.1 | C73: Tubos e conexões metálicos flangeados - montagem | D73: 70140023 | E73: SABESP | F73: kg | G73: =ROUND('ME-Saída'!$O$28,2) -> 2121.63 | H73: =2.91/1.28 -> 2.2734375 | I73: =$K$6 -> 0.2698 | J73: =ROUND(H73*(I73+1),2) -> 2.89 | K73: =ROUND(J73*G73,2) -> 6131.51
B74: 6.3.2 | C74: Válvula gaveta ferro fundido DN 450 mm até DN 600 mm - montagem | D74: 70140059 | E74: SABESP | F74: unid | G74: ='ME-Saída'!$G$24 -> 1 | H74: =2444.4/1.28 -> 1909.6875 | I74: =$K$6 -> 0.2698 | J74: =ROUND(H74*(I74+1),2) -> 2424.92 | K74: =ROUND(J74*G74,2) -> 2424.92
B75: 6.3.3 | C75: Junta desmontagem travada axialmente DN 450 mm até DN 600 mm - montagem | D75: 70140047 | E75: SABESP | F75: unid | G75: ='ME-Saída'!$G$25 -> 1 | H75: =730.69/1.28 -> 570.85156 | I75: =$K$6 -> 0.2698 | J75: =ROUND(H75*(I75+1),2) -> 724.87 | K75: =ROUND(J75*G75,2) -> 724.87
C77: Subtotal 6 | J77: =ROUND(H77*(I77+1),2) -> 0 | K77: =SUM(K68:K76) -> 14264.29
B79: 7 | C79: Serviços Diversos
B80: 7.1 | C80: Limpeza da obra | D80: 70190144 | E80: SABESP | F80: m² | G80: =ROUND('Q-Saída'!$BL$13,2) -> 92.8 | H80: =11.9/1.28 -> 9.296875 | I80: =$K$6 -> 0.2698 | J80: =ROUND(H80*(I80+1),2) -> 11.81 | K80: =ROUND(J80*G80,2) -> 1095.97
C82: Subtotal 7 | J82: =ROUND(H82*(I82+1),2) -> 0 | K82: =SUM(K80:K81) -> 1095.97
J83: =ROUND(H83*(I83+1),2) -> 0
C85: TOTAL | K85: =SUM(K26:K84)/2 -> 32714.99

Sheet ME-Saída
B2: SAMAE | C2: SERVIÇO AUTÔNOMO MUNICIPAL DE ÁGUA E ESGOTO DE MOGI GUAÇU | H2: Referência de Preços
C3: PLANILHA DE ORÇAMENTO | H3: SINAPI Desonerado I0: | K3: Novembro/2023
B4: OBRA | C4: PROJETO EXECUTIVO DE IMPLANTAÇÃO DE | H4: SABESP Io: | K4: Novembro/2023
C5: NOVO RESERVATÓRIO METÁLICO NO SETOR EUCALIPTOS | H5: BDI (apenas SINAPI)
C6: INTERLIGAÇÃO DE SAÍDA DO RESERVATÓRIO | H6: Obras Civis e Serviços: | K6: 0.2698 | L6: 0
C7: MATERIAIS E EQUIPAMENTOS | H7: Materiais e Equipamentos: | K7: 0.168
B8: Item | C8: Discriminação | D8: Código | E8: Fonte | F8: Unid. | G8: Quant. | H8: Preço Unitário sem BDI (R$) | I8: BDI Aplicado (%) | J8: Preço Unitário com BDI (R$) | K8: Preço Total com BDI (R$)
B10: =B14 -> 1 | C10: =UPPER(C14) -> FORNECIMENTO DE MATERIAIS E EQUIPAMENTOS | K10: =K28 -> 244873.85
C12: TOTAL | K12: =SUM(K9:K11) -> 244873.85
B14: 1 | C14: Fornecimento de Materiais e Equipamentos | J14: =ROUND(H14*(I14+1),2) -> 0
B15: 1.1 | C15: ='Resumo Preços'!$D$48 -> Curva 90° com bolsas JGS, Ø 500mm, em ferro fundido, para água | D15: ='Resumo Preços'!$C$48 -> HM02971 | E15: ='Resumo Preços'!$F$48 -> SABESP | F15: ='Resumo Preços'!$E$48 -> pç | G15: 1 | H15: =ROUND('Resumo Preços'!$L$48,2) -> 9711.89 | I15: =$K$7 -> 0.168 | J15: =ROUND(H15*(I15+1),2) -> 11343.49 | K15: =ROUND(G15*J15,2) -> 11343.49 | M15: =ROUND(G15*H15,2) -> 9711.89
B16: 1.2 | C16: ='Resumo Preços'!$D$49 -> Tubo com pontas, Ø 500mm, L = 4,70m (confirmar e ajustar em campo), em ferro fundido, para água | D16: ='Resumo Preços'!$C$49 -> HM04111 | E16: ='Resumo Preços'!$F$49 -> SABESP | F16: ='Resumo Preços'!$E$49 -> pç | G16: 1 | H16: =ROUND('Resumo Preços'!$L$49,2) -> 5770.24 | I16: =$K$7 -> 0.168 | J16: =ROUND(H16*(I16+1),2) -> 6739.64 | K16: =ROUND(G16*J16,2) -> 6739.64 | M16: =ROUND(G16*H16,2) -> 5770.24
B17: 1.3 | C17: ='Resumo Preços'!$D$50 -> Tubo ponta e bolsa JGS Ø 500mm, classe K7, L = 6,00m, em ferro fundido, para água | D17: ='Resumo Preços'!$C$50 -> HM04111 | E17: ='Resumo Preços'!$F$50 -> SABESP | F17: ='Resumo Preços'!$E$50 -> pç | G17: 7 | H17: =ROUND('Resumo Preços'!$L$50,2) -> 7366.26 | I17: =$K$7 -> 0.168 | J17: =ROUND(H17*(I17+1),2) -> 8603.79 | K17: =ROUND(G17*J17,2) -> 60226.53 | M17: =ROUND(G17*H17,2) -> 51563.82
B18: 1.4 | C18: ='Resumo Preços'!$D$51 -> Curva 45° com bolsas JGS, Ø 500mm, em ferro fundido, para água | D18: ='Resumo Preços'!$C$51 -> HM02961 | E18: ='Resumo Preços'!$F$51 -> SABESP | F18: ='Resumo Preços'!$E$51 -> pç | G18: 2 | H18: =ROUND('Resumo Preços'!$L$51,2) -> 4566.89 | I18: =$K$7 -> 0.168 | J18: =ROUND(H18*(I18+1),2) -> 5334.13 | K18: =ROUND(G18*J18,2) -> 10668.26 | M18: =ROUND(G18*H18,2) -> 9133.78
B19: 1.5 | C19: ='Resumo Preços'!$D$52 -> Tubo com flange e ponta, Ø 500mm, L = 1,55m, flange conf. ISO 2531 PN-10, em ferro fundido, para água | D19: ='Resumo Preços'!$C$52 -> HM04027 | E19: ='Resumo Preços'!$F$52 -> SABESP | F19: ='Resumo Preços'!$E$52 -> pç | G19: 2 | H19: =ROUND('Resumo Preços'!$L$52,2) -> 6465.58 | I19: =$K$7 -> 0.168 | J19: =ROUND(H19*(I19+1),2) -> 7551.8 | K19: =ROUND(G19*J19,2) -> 15103.6 | M19: =ROUND(G19*H19,2) -> 12931.16 | N19: =ROUND((121.8*1.55)+38,2) -> 226.79 | O19: =ROUND(G19*N19,2) -> 453.58
B20: 1.6 | C20: ='Resumo Preços'!$D$53 -> Curva 45° com flanges Ø 500mm, flange conf. ISO 2531 PN-10, em ferro fundido, para água | D20: ='Resumo Preços'!$C$53 -> HM02982 | E20: ='Resumo Preços'!$F$53 -> SABESP | F20: ='Resumo Preços'!$E$53 -> pç | G20: 4 | H20: =ROUND('Resumo Preços'!$L$53,2) -> 8811.56 | I20: =$K$7 -> 0.168 | J20: =ROUND(H20*(I20+1),2) -> 10291.9 | K20: =ROUND(G20*J20,2) -> 41167.6 | M20: =ROUND(G20*H20,2) -> 35246.24 | N20: 138 | O20: =ROUND(G20*N20,2) -> 552
B21: 1.7 | C21: ='Resumo Preços'!$D$54 -> Tubo com flanges, Ø 500mm, L = 1,82m, flange conf. ISO 2531 PN-10, em ferro fundido, para água | D21: ='Resumo Preços'!$C$54 -> HM03657 | E21: ='Resumo Preços'!$F$54 -> SABESP | F21: ='Resumo Preços'!$E$54 -> pç | G21: 2 | H21: =ROUND('Resumo Preços'!$L$54,2) -> 8592.51 | I21: =$K$7 -> 0.168 | J21: =ROUND(H21*(I21+1),2) -> 10036.05 | K21: =ROUND(G21*J21,2) -> 20072.1 | M21: =ROUND(G21*H21,2) -> 17185.02 | N21: =ROUND((121.8*1.82)+38+38,2) -> 297.68 | O21: =ROUND(G21*N21,2) -> 595.36
B22: 1.8 | C22: ='Resumo Preços'!$D$55 -> Tê com flanges Ø 500mm x Ø 500mm, flange conf. ISO 2531 PN-10, em ferro fundido, para água | D22: ='Resumo Preços'!$C$55 -> HM03398 | E22: ='Resumo Preços'!$F$55 -> SABESP | F22: ='Resumo Preços'!$E$55 -> pç | G22: 1 | H22: =ROUND('Resumo Preços'!$L$55,2) -> 14188.07 | I22: =$K$7 -> 0.168 | J22: =ROUND(H22*(I22+1),2) -> 16571.67 | K22: =ROUND(G22*J22,2) -> 16571.67 | M22: =ROUND(G22*H22,2) -> 14188.07 | N22: 243 | O22: =ROUND(G22*N22,2) -> 243
B23: 1.9 | C23: ='Resumo Preços'!$D$56 -> Tubo com flanges, Ø 500mm, L = 0,45m, flange conf. ISO 2531 PN-10, em ferro fundido, para água | D23: ='Resumo Preços'!$C$56 -> HM03655 | E23: ='Resumo Preços'!$F$56 -> SABESP | F23: ='Resumo Preços'!$E$56 -> pç | G23: 1 | H23: =ROUND('Resumo Preços'!$L$56,2) -> 6751.86 | I23: =$K$7 -> 0.168 | J23: =ROUND(H23*(I23+1),2) -> 7886.17 | K23: =ROUND(G23*J23,2) -> 7886.17 | M23: =ROUND(G23*H23,2) -> 6751.86 | N23: =ROUND((121.8*0.45)+38+38,2) -> 130.81 | O23: =ROUND(G23*N23,2) -> 130.81
B24: 1.10 | C24: ='Resumo Preços'!$D$57 -> Registro de gaveta Ø 500mm, com flanges, cunha metálica, corpo oval e acionamento manual através de cabeçote, flange conf. ISO 2531 PN-10, em ferro fundido, para água | D24: ='Resumo Preços'!$C$57 -> HM07078 | E24: ='Resumo Preços'!$F$57 -> SABESP | F24: ='Resumo Preços'!$E$57 -> pç | G24: 1 | H24: =ROUND('Resumo Preços'!$L$57,2) -> 30742.36 | I24: =$K$7 -> 0.168 | J24: =ROUND(H24*(I24+1),2) -> 35907.08 | K24: =ROUND(G24*J24,2) -> 35907.08
B25: 1.11 | C25: ='Resumo Preços'!$D$58 -> Junta de desmontagem travada axialmente, Ø 500mm, flange conf. ISO 2531 PN-10, em ferro fundido, para água | D25: ='Resumo Preços'!$C$58 -> HM03164 | E25: ='Resumo Preços'!$F$58 -> SABESP | F25: ='Resumo Preços'!$E$58 -> pç | G25: 1 | H25: =ROUND('Resumo Preços'!$L$58,2) -> 7660.64 | I25: =$K$7 -> 0.168 | J25: =ROUND(H25*(I25+1),2) -> 8947.63 | K25: =ROUND(G25*J25,2) -> 8947.63
B26: 1.12 | C26: ='Resumo Preços'!$D$59 -> Acessórios para montagem de flanges Ø 500mm, flange conf. ISO 2531 PN-10 | D26: ='Resumo Preços'!$C$59 -> HM01301 | E26: ='Resumo Preços'!$F$59 -> SABESP | F26: ='Resumo Preços'!$E$59 -> cj | G26: 12 | H26: =ROUND('Resumo Preços'!$L$59,2) -> 730.6 | I26: =$K$7 -> 0.168 | J26: =ROUND(H26*(I26+1),2) -> 853.34 | K26: =ROUND(G26*J26,2) -> 10240.08 | M26: =ROUND(G26*H26,2) -> 8767.2 | N26: =ROUND((1*1.235)+(1*11),2) -> 12.24 | O26: =ROUND(G26*N26,2) -> 146.88
J27: =ROUND(H27*(I27+1),2) -> 0
C28: Subtotal 1 | J28: =ROUND(H28*(I28+1),2) -> 0 | K28: =SUM(K15:K27) -> 244873.85 | M28: =SUM(M15:M27) -> 171249.28 | N28: =ROUND(M28*0.2,2) -> 34249.86 | O28: =SUM(O15:O27) -> 2121.63 | P28: kg flanges
C31: TOTAL | K31: =SUM(K14:K30)/2 -> 244873.85

Sheet OS-Respiro
B2: SAMAE | C2: SERVIÇO AUTÔNOMO MUNICIPAL DE ÁGUA E ESGOTO DE MOGI GUAÇU | H2: Referência de Preços
C3: PLANILHA DE ORÇAMENTO | H3: SINAPI Desonerado I0: | K3: Novembro/2023
B4: OBRA | C4: PROJETO EXECUTIVO DE IMPLANTAÇÃO DE | H4: SABESP Io: | K4: Novembro/2023
C5: NOVO RESERVATÓRIO METÁLICO NO SETOR EUCALIPTOS | H5: BDI (apenas SINAPI)
C6: RESPIRO | H6: Obras Civis e Serviços: | K6: 0.2698 | L6: 0
C7: OBRAS CIVIS E SERVIÇOS | H7: Materiais e Equipamentos: | K7: 0.168
B8: Item | C8: Discriminação | D8: Código | E8: Fonte | F8: Unid. | G8: Quant. | H8: Preço Unitário sem BDI (R$) | I8: BDI Aplicado (%) | J8: Preço Unitário com BDI (R$) | K8: Preço Total com BDI (R$)
B10: =B14 -> 1 | C10: =UPPER(C14) -> MONTAGEM DE TUBOS E PEÇAS | K10: =K21 -> 1734.39
C12: TOTAL | K12: =SUM(K9:K11) -> 1734.39
B14: 1 | C14: Montagem de Tubos e Peças
B15: 1.1 | C15: Carga, descarga e transporte de tubos e peças
B16: 1.1.1 | C16: Carga e descarga, de tubos e peças em ferro fundido | D16: 70080342 | E16: SABESP | F16: t | G16: =ROUND('ME-Respiro'!$O$20/1000,2) -> 0.55 | H16: =144.08/1.28 -> 112.5625 | I16: =$K$6 -> 0.2698 | J16: =ROUND(H16*(I16+1),2) -> 142.93 | K16: =ROUND(J16*G16,2) -> 78.61
B17: 1.1.2 | C17: Transporte, de tubos e peças em ferro fundido | D17: 70080343 | E17: SABESP | F17: txkm | G17: =ROUND('ME-Respiro'!$O$20/1000*30,2) -> 16.49 | H17: =4.12/1.28 -> 3.21875 | I17: =$K$6 -> 0.2698 | J17: =ROUND(H17*(I17+1),2) -> 4.09 | K17: =ROUND(J17*G17,2) -> 67.44
B18: 1.2 | C18: Montagem de Materiais e Equipamentos | N18: =ROUND(G18*H18,2) -> 0
B19: 1.2.1 | C19: Tubos e conexões metálicos flangeados - montagem | D19: 70140023 | E19: SABESP | F19: kg | G19: =ROUND('ME-Respiro'!$O$20,2) -> 549.6 | H19: =2.91/1.28 -> 2.2734375 | I19: =$K$6 -> 0.2698 | J19: =ROUND(H19*(I19+1),2) -> 2.89 | K19: =ROUND(J19*G19,2) -> 1588.34
C21: Subtotal 1 | J21: =ROUND(H21*(I21+1),2) -> 0 | K21: =SUM(K16:K20) -> 1734.39
C24: TOTAL | K24: =SUM(K14:K23)/2 -> 1734.39

Sheet ME-Respiro
B2: SAMAE | C2: SERVIÇO AUTÔNOMO MUNICIPAL DE ÁGUA E ESGOTO DE MOGI GUAÇU | H2: Referência de Preços
C3: PLANILHA DE ORÇAMENTO | H3: SINAPI Desonerado I0: | K3: Novembro/2023
B4: OBRA | C4: PROJETO EXECUTIVO DE IMPLANTAÇÃO DE | H4: SABESP Io: | K4: Novembro/2023
C5: NOVO RESERVATÓRIO METÁLICO NO SETOR EUCALIPTOS | H5: BDI (apenas SINAPI)
C6: RESPIRO | H6: Obras Civis e Serviços: | K6: 0.2698 | L6: 0
C7: MATERIAIS E EQUIPAMENTOS | H7: Materiais e Equipamentos: | K7: 0.168
B8: Item | C8: Discriminação | D8: Código | E8: Fonte | F8: Unid. | G8: Quant. | H8: Preço Unitário sem BDI (R$) | I8: BDI Aplicado (%) | J8: Preço Unitário com BDI (R$) | K8: Preço Total com BDI (R$)
B10: =B14 -> 1 | C10: =UPPER(C14) -> FORNECIMENTO DE MATERIAIS E EQUIPAMENTOS | K10: =K20 -> 23335.76
C12: TOTAL | K12: =SUM(K9:K11) -> 23335.76
B14: 1 | C14: Fornecimento de Materiais e Equipamentos | J14: =ROUND(H14*(I14+1),2) -> 0
B15: 1.1 | C15: ='Resumo Preços'!$D$60 -> Toco com flanges, Ø 150mm, L = 0,25m, flange conf. ISO 2531 PN-10, em ferro fundido, para água | D15: ='Resumo Preços'!$C$60 -> HM03510 | E15: ='Resumo Preços'!$F$60 -> SABESP | F15: ='Resumo Preços'!$E$60 -> pç | G15: 8 | H15: =ROUND('Resumo Preços'!$L$60,2) -> 511.45 | I15: =$K$7 -> 0.168 | J15: =ROUND(H15*(I15+1),2) -> 597.37 | K15: =ROUND(G15*J15,2) -> 4778.96 | M15: =ROUND(G15*H15,2) -> 4091.6 | N15: 24 | O15: =ROUND(G15*N15,2) -> 192
B16: 1.2 | C16: ='Resumo Preços'!$D$61 -> Curva 90° com flanges Ø 150mm, flange conf. ISO 2531 PN-10, em ferro fundido, para água | D16: ='Resumo Preços'!$C$61 -> HM03003 | E16: ='Resumo Preços'!$F$61 -> SABESP | F16: ='Resumo Preços'!$E$61 -> pç | G16: 16 | H16: =ROUND('Resumo Preços'!$L$61,2) -> 714.69 | I16: =$K$7 -> 0.168 | J16: =ROUND(H16*(I16+1),2) -> 834.76 | K16: =ROUND(G16*J16,2) -> 13356.16 | M16: =ROUND(G16*H16,2) -> 11435.04 | N16: 18 | O16: =ROUND(G16*N16,2) -> 288
B17: 1.3 | C17: ='Resumo Preços'!$D$62 -> Tela de proteção com malha fina fio 0,30mm, abertura 0,55mm (para flange Ø 150mm) DE Ø 290mm em aço inox AISI 304 | D17: ='Resumo Preços'!$C$62 -> DIV-01 | E17: Cotação | F17: ='Resumo Preços'!$E$62 -> pç | G17: 8 | H17: =ROUND('Resumo Preços'!$L$62,2) -> 4.32 | I17: =$K$7 -> 0.168 | J17: =ROUND(H17*(I17+1),2) -> 5.05 | K17: =ROUND(G17*J17,2) -> 40.4 | M17: =ROUND(G17*H17,2) -> 34.56
B18: 1.4 | C18: ='Resumo Preços'!$D$63 -> Acessórios para montagem de flanges Ø 150mm, flange conf. ISO 2531 PN-10 | D18: ='Resumo Preços'!$C$63 -> HM01293 | E18: ='Resumo Preços'!$F$63 -> SABESP | F18: ='Resumo Preços'!$E$63 -> cj | G18: 24 | H18: =ROUND('Resumo Preços'!$L$63,2) -> 184.08 | I18: =$K$7 -> 0.168 | J18: =ROUND(H18*(I18+1),2) -> 215.01 | K18: =ROUND(G18*J18,2) -> 5160.24 | M18: =ROUND(G18*H18,2) -> 4417.92 | N18: =ROUND((1*0.203)+(1*2.7),2) -> 2.9 | O18: =ROUND(G18*N18,2) -> 69.6
J19: =ROUND(H19*(I19+1),2) -> 0
C20: Subtotal 1 | J20: =ROUND(H20*(I20+1),2) -> 0 | K20: =SUM(K15:K19) -> 23335.76 | M20: =SUM(M15:M19) -> 19979.12 | N20: =ROUND(M20*0.2,2) -> 3995.82 | O20: =SUM(O15:O19) -> 549.6 | P20: kg flanges
C23: TOTAL | K23: =SUM(K14:K22)/2 -> 23335.76

Sheet OS-Canteiro
B2: SAMAE | C2: SERVIÇO AUTÔNOMO MUNICIPAL DE ÁGUA E ESGOTO DE MOGI GUAÇU | H2: Referência de Preços
C3: PLANILHA DE ORÇAMENTO | H3: SINAPI Desonerado I0: | K3: Novembro/2023
B4: OBRA | C4: PROJETO EXECUTIVO DE IMPLANTAÇÃO DE | H4: SABESP Io: | K4: Novembro/2023
C5: NOVO RESERVATÓRIO METÁLICO NO SETOR EUCALIPTOS | H5: BDI (apenas SINAPI)
C6: CANTEIRO DE OBRAS | H6: Obras Civis e Serviços: | K6: 0.2698 | L6: 0
C7: OBRAS CIVIS E SERVIÇOS | H7: Materiais e Equipamentos: | K7: 0.168
B8: Item | C8: Discriminação | D8: Código | E8: Fonte | F8: Unid. | G8: Quant. | H8: Preço Unitário sem BDI (R$) | I8: BDI Aplicado (%) | J8: Preço Unitário com BDI (R$) | K8: Preço Total com BDI (R$)
B10: =B16 -> 1 | C10: =UPPER(C16) -> CANTEIRO DE OBRAS | K10: =K25 -> 42338.31
B12: =B27 -> 2 | C12: =UPPER(C27) -> OPERAÇÃO E MANUTENÇÃO DO CANTEIRO DE OBRAS | K12: =K30 -> 49177.52
C14: TOTAL | K14: =SUM(K9:K13) -> 91515.83
B16: 1 | C16: Canteiro de Obras | J16: =ROUND(H16*(I16+1),2) -> 0
B17: 1.1 | C17: ='Q-Canteiro'!$B$9 -> Container escritório *(6,00 x 2,30 x 2,20 m) com banheiro, locação (mês) | D17: ='Q-Canteiro'!$E$15 -> EQ04714 | E17: ='Q-Canteiro'!$F$15 -> SABESP | F17: ='Q-Canteiro'!$D$15 -> mês | G17: =ROUND('Q-Canteiro'!$C$15,2) -> 4 | H17: 805 | I17: 0.168 | J17: =ROUND(H17*(I17+1),2) -> 940.24 | K17: =ROUND(G17*J17,2) -> 3760.96
B18: 1.2 | C18: ='Q-Canteiro'!$B$18 -> Container em chapa galvanizada *(6,00 x 2,30 x 2,20 m) 4 sanitários / 4 chuveiros e 2 lavatórios, locação (mês) | D18: ='Q-Canteiro'!$E$24 -> EQ04793 | E18: ='Q-Canteiro'!$F$24 -> SABESP | F18: ='Q-Canteiro'!$D$24 -> mês | G18: =ROUND('Q-Canteiro'!$C$24,2) -> 4 | H18: 1340 | I18: 0.168 | J18: =ROUND(H18*(I18+1),2) -> 1565.12 | K18: =ROUND(G18*J18,2) -> 6260.48
B19: 1.3 | C19: ='Q-Canteiro'!$B$27 -> Execução de refeitório em canteiro de obra em chapa de madeira compensada | D19: ='Q-Canteiro'!$E$33 -> 93210 | E19: ='Q-Canteiro'!$F$33 -> SINAPI | F19: ='Q-Canteiro'!$D$33 -> m² | G19: =ROUND('Q-Canteiro'!$C$33,2) -> 9 | H19: 627.74 | I19: =$K$6 -> 0.2698 | J19: =ROUND(H19*(I19+1),2) -> 797.1 | K19: =ROUND(G19*J19,2) -> 7173.9
B20: 1.4 | C20: ='Q-Canteiro'!$B$36 -> Execução de central de armadura em canteiro de obra | D20: ='Q-Canteiro'!$E$42 -> 93582 | E20: ='Q-Canteiro'!$F$42 -> SINAPI | F20: ='Q-Canteiro'!$D$42 -> m² | G20: =ROUND('Q-Canteiro'!$C$42,2) -> 9 | H20: 292.35 | I20: =$K$6 -> 0.2698 | J20: =ROUND(H20*(I20+1),2) -> 371.23 | K20: =ROUND(G20*J20,2) -> 3341.07
B21: 1.5 | C21: ='Q-Canteiro'!$B$45 -> Execução de central de fôrmas, produção de argamassa ou concreto em canteiro de obra | D21: ='Q-Canteiro'!$E$51 -> 93583 | E21: ='Q-Canteiro'!$F$51 -> SINAPI | F21: ='Q-Canteiro'!$D$51 -> m² | G21: =ROUND('Q-Canteiro'!$C$51,2) -> 9 | H21: 475.45 | I21: =$K$6 -> 0.2698 | J21: =ROUND(H21*(I21+1),2) -> 603.73 | K21: =ROUND(G21*J21,2) -> 5433.57
B22: 1.6 | C22: ='Q-Canteiro'!$B$54 -> Execução de guarita em canteiro de obra em chapa de madeira compensada | D22: ='Q-Canteiro'!$E$60 -> 93585 | E22: ='Q-Canteiro'!$F$60 -> SINAPI | F22: ='Q-Canteiro'!$D$60 -> m² | G22: =ROUND('Q-Canteiro'!$C$60,2) -> 1.44 | H22: 1351.18 | I22: =$K$6 -> 0.2698 | J22: =ROUND(H22*(I22+1),2) -> 1715.73 | K22: =ROUND(G22*J22,2) -> 2470.65
B23: 1.7 | C23: ='Q-Canteiro'!$B$63 -> Placa de identificação de obras | D23: ='Q-Canteiro'!$E$70 -> 70000002 | E23: ='Q-Canteiro'!$F$70 -> SABESP | F23: ='Q-Canteiro'!$D$70 -> m² | G23: =ROUND('Q-Canteiro'!$C$70,2) -> 24 | H23: =583.72/1.28 -> 456.03125 | I23: =$K$6 -> 0.2698 | J23: =ROUND(H23*(I23+1),2) -> 579.07 | K23: =ROUND(G23*J23,2) -> 13897.68
J24: =ROUND(H24*(I24+1),2) -> 0
C25: Subtotal 1 | J25: =ROUND(H25*(I25+1),2) -> 0 | K25: =SUM(K17:K24) -> 42338.31
B27: 2 | C27: Operação e Manutenção do Canteiro de Obras
B28: 2.1 | C28: ='OPER-01'!$C$8 -> Operação e Manutenção do Canteiro de Obras | D28: ='OPER-01'!$C$7 -> OPER-01 | E28: ='OPER-01'!$C$6 -> COMP. | F28: ='OPER-01'!$C$10 -> mês | G28: ='Q-Canteiro'!$C$5 -> 4 | H28: =ROUND('OPER-01'!$H$20,2) -> 9682.14 | I28: =$K$6 -> 0.2698 | J28: =ROUND(H28*(I28+1),2) -> 12294.38 | K28: =ROUND(G28*J28,2) -> 49177.52
C30: Subtotal 2 | J30: =ROUND(H30*(I30+1),2) -> 0 | K30: =SUM(K28:K29) -> 49177.52
C33: TOTAL | K33: =SUM(K17:K32)/2 -> 91515.83

Sheet Cronograma 
B2: CRONOGRAMA FÍSICO-FINANCEIRO
B4: PROJETO EXECUTIVO DE IMPLANTAÇÃO DE NOVO RESERVATÓRIO METÁLICO NO SETOR EUCALIPTOS
C6: ATIVIDADE | D6: CUSTO | E6: PERIODO | F6: PERÍODO | J6: PERÍODO | N6: PERÍODO | R6: PERÍODO | V6: Total (R$) | W6: Total do Item (%)
F8: Mês 1 | J8: Mês 2 | N8: Mês 3 | R8: Mês 4
C9: OBRAS CIVIS E SERVIÇOS E MATERIAIS E EQUIPAMENTOS | D9: =Resumo!$H$43 -> 3521272.5 | E9: 16 | F9: =SUM(F12:I23) -> 877287.29 | J9: =SUM(J12:M23) -> 1581906.6 | N9: =SUM(N12:Q23) -> 957376.29 | R9: =SUM(R12:U23) -> 104702.35 | V9: =SUM(F9:U9) -> 3521272.5 | W9: =SUM(F10:U10) -> 1
F10: =F9/$D9 -> 0.24913928 | J10: =J9/$D9 -> 0.44924287 | N10: =N9/$D9 -> 0.27188361 | R10: =R9/$D9 -> 0.029734236 | X10: =V9-D9 -> 0
F11: =F9/$D$23 -> 0.24913928 | J11: =J9/$D$23 -> 0.44924287 | N11: =N9/$D$23 -> 0.27188361 | R11: =R9/$D$23 -> 0.029734236
B12: =Resumo!B10 -> 1 | C12: =CONCATENATE(Resumo!C10,Resumo!L11,Resumo!C11) -> RESERVATÓRIO METÁLICO--OBRAS CIVIS E SERVIÇOS | D12: ='OS-Reservatório'!$K$30 -> 26188.7 | E12: 8 | N12: =$D12/$E12 -> 3273.5875 | O12: =$D12/$E12 -> 3273.5875 | P12: =$D12/$E12 -> 3273.5875 | Q12: =$D12/$E12 -> 3273.5875 | R12: =$D12/$E12 -> 3273.5875 | S12: =$D12/$E12 -> 3273.5875 | T12: =$D12/$E12 -> 3273.5875 | U12: =$D12/$E12 -> 3273.5875 | V12: =SUM(F12:U12) -> 26188.7 | W12: =(D12/$D$9) -> 0.007437283 | X12: =D12-V12 -> 0
B13: =Resumo!B13 -> 2 | C13: =CONCATENATE(Resumo!C13,Resumo!L14,Resumo!C14) -> RESERVATÓRIO METÁLICO--MATERIAIS E EQUIPAMENTOS | D13: ='ME-Reservatório'!$K$71 -> 2563225 | E13: 12 | F13: =$D13/$E13 -> 213602.08 | G13: =$D13/$E13 -> 213602.08 | H13: =$D13/$E13 -> 213602.08 | I13: =$D13/$E13 -> 213602.08 | J13: =$D13/$E13 -> 213602.08 | K13: =$D13/$E13 -> 213602.08 | L13: =$D13/$E13 -> 213602.08 | M13: =$D13/$E13 -> 213602.08 | ... Q13: =$D13/$E13 -> 213602.08 | V13: =SUM(F13:U13) -> 2563225 | W13: =(D13/$D$9) -> 0.72792578 | X13: =D13-V13 -> 0
B14: =Resumo!B16 -> 3 | C14: =CONCATENATE(Resumo!C16,Resumo!L17,Resumo!C17) -> INTERLIGAÇÃO DE ENTRADA DO RESERVATÓRIO--OBRAS CIVIS E SERVIÇOS | D14: ='OS-Entrada'!$K$85 -> 66329.54 | E14: 8 | N14: =$D14/$E14 -> 8291.1925 | O14: =$D14/$E14 -> 8291.1925 | P14: =$D14/$E14 -> 8291.1925 | Q14: =$D14/$E14 -> 8291.1925 | R14: =$D14/$E14 -> 8291.1925 | S14: =$D14/$E14 -> 8291.1925 | T14: =$D14/$E14 -> 8291.1925 | U14: =$D14/$E14 -> 8291.1925 | V14: =SUM(F14:U14) -> 66329.54 | W14: =(D14/$D$9) -> 0.01883681 | X14: =D14-V14 -> 0
B15: =Resumo!B19 -> 4 | C15: =CONCATENATE(Resumo!C19,Resumo!L20,Resumo!C20) -> INTERLIGAÇÃO DE ENTRADA DO RESERVATÓRIO--MATERIAIS E EQUIPAMENTOS | D15: ='ME-Entrada'!$K$47 -> 305332.56 | E15: 4 | J15: =$D15/$E15 -> 76333.14 | K15: =$D15/$E15 -> 76333.14 | L15: =$D15/$E15 -> 76333.14 | M15: =$D15/$E15 -> 76333.14 | V15: =SUM(F15:U15) -> 305332.56 | W15: =(D15/$D$9) -> 0.086710859 | X15: =D15-V15 -> 0
B16: =Resumo!B22 -> 5 | C16: =CONCATENATE(Resumo!C22,Resumo!L23,Resumo!C23) -> INTERLIGAÇÃO DO EXTRAVASOR E DESCARGA--OBRAS CIVIS E SERVIÇOS | D16: ='OS-Extravasor'!$K$90 -> 34944.77 | E16: 8 | N16: =$D16/$E16 -> 4368.0963 | O16: =$D16/$E16 -> 4368.0963 | P16: =$D16/$E16 -> 4368.0963 | Q16: =$D16/$E16 -> 4368.0963 | R16: =$D16/$E16 -> 4368.0963 | S16: =$D16/$E16 -> 4368.0963 | T16: =$D16/$E16 -> 4368.0963 | U16: =$D16/$E16 -> 4368.0963 | V16: =SUM(F16:U16) -> 34944.77 | W16: =(D16/$D$9) -> 0.009923904 | X16: =D16-V16 -> 0
B17: =Resumo!B25 -> 6 | C17: =CONCATENATE(Resumo!C25,Resumo!L26,Resumo!C26) -> INTERLIGAÇÃO DO EXTRAVASOR E DESCARGA--MATERIAIS E EQUIPAMENTOS | D17: ='ME-Extravasor'!$K$36 -> 131077.09 | E17: 4 | J17: =$D17/$E17 -> 32769.272 | K17: =$D17/$E17 -> 32769.272 | L17: =$D17/$E17 -> 32769.272 | M17: =$D17/$E17 -> 32769.272 | V17: =SUM(F17:U17) -> 131077.09 | W17: =(D17/$D$9) -> 0.037224353 | X17: =D17-V17 -> 0
B18: =Resumo!B28 -> 7 | C18: =CONCATENATE(Resumo!C28,Resumo!L29,Resumo!C29) -> INTERLIGAÇÃO DE SAÍDA DO RESERVATÓRIO--OBRAS CIVIS E SERVIÇOS | D18: ='OS-Saída'!$K$85 -> 32714.99 | E18: 8 | N18: =$D18/$E18 -> 4089.3737 | O18: =$D18/$E18 -> 4089.3737 | P18: =$D18/$E18 -> 4089.3737 | Q18: =$D18/$E18 -> 4089.3737 | R18: =$D18/$E18 -> 4089.3737 | S18: =$D18/$E18 -> 4089.3737 | T18: =$D18/$E18 -> 4089.3737 | U18: =$D18/$E18 -> 4089.3737 | V18: =SUM(F18:U18) -> 32714.99 | W18: =(D18/$D$9) -> 0.0092906727 | X18: =D18-V18 -> 0
B19: =Resumo!B31 -> 8 | C19: =CONCATENATE(Resumo!C31,Resumo!L32,Resumo!C32) -> INTERLIGAÇÃO DE SAÍDA DO RESERVATÓRIO--MATERIAIS E EQUIPAMENTOS | D19: ='ME-Saída'!$K$31 -> 244873.85 | E19: 4 | J19: =$D19/$E19 -> 61218.463 | K19: =$D19/$E19 -> 61218.463 | L19: =$D19/$E19 -> 61218.463 | M19: =$D19/$E19 -> 61218.463 | V19: =SUM(F19:U19) -> 244873.85 | W19: =(D19/$D$9) -> 0.069541295 | X19: =D19-V19 -> 0
B20: =Resumo!B34 -> 9 | C20: =CONCATENATE(Resumo!C34,Resumo!L35,Resumo!C35) -> RESPIRO--OBRAS CIVIS E SERVIÇOS | D20: ='OS-Respiro'!$K$24 -> 1734.39 | E20: 2 | T20: =$D20/$E20 -> 867.195 | U20: =$D20/$E20 -> 867.195 | V20: =SUM(F20:U20) -> 1734.39 | W20: =(D20/$D$9) -> 0.00049254638 | X20: =D20-V20 -> 0
B21: =Resumo!B37 -> 10 | C21: =CONCATENATE(Resumo!C37,Resumo!L38,Resumo!C38) -> RESPIRO--MATERIAIS E EQUIPAMENTOS | D21: ='ME-Respiro'!$K$23 -> 23335.76 | E21: 4 | J21: =$D21/$E21 -> 5833.94 | K21: =$D21/$E21 -> 5833.94 | L21: =$D21/$E21 -> 5833.94 | M21: =$D21/$E21 -> 5833.94 | V21: =SUM(F21:U21) -> 23335.76 | W21: =(D21/$D$9) -> 0.0066270816 | X21: =D21-V21 -> 0
B22: =Resumo!B40 -> 11 | C22: =CONCATENATE(Resumo!C40,Resumo!L41,Resumo!C41) -> CANTEIRO DE OBRAS--OBRAS CIVIS E SERVIÇOS | D22: ='OS-Canteiro'!$K$33 -> 91515.83 | E22: 16 | F22: =$D22/$E22 -> 5719.7394 | G22: =$D22/$E22 -> 5719.7394 | H22: =$D22/$E22 -> 5719.7394 | I22: =$D22/$E22 -> 5719.7394 | J22: =$D22/$E22 -> 5719.7394 | K22: =$D22/$E22 -> 5719.7394 | L22: =$D22/$E22 -> 5719.7394 | M22: =$D22/$E22 -> 5719.7394 | ... U22: =$D22/$E22 -> 5719.7394 | V22: =SUM(F22:U22) -> 91515.83 | W22: =(D22/$D$9) -> 0.02598942 | X22: =D22-V22 -> 0
B23: TOTAL GERAL (R$) | D23: =SUM(D12:D22) -> 3521272.5 | V23: =SUM(V12:V22) -> 3521272.5 | W23: =IF(AND(SUM(W12:W22)=1),1,"não OK") -> 1 | X23: =V23-V9 -> 0 | Y23: =V23-D23 -> 0 | Z23: =V9-D9 -> 0 | AA23: =V23-R26 -> 0
B24: TOTAL MÊS (R$) | F24: =F9 -> 877287.29 | J24: =J9 -> 1581906.6 | N24: =N9 -> 957376.29 | R24: =R9 -> 104702.35
B25: TOTAL MÊS (%) | F25: =F24/$D23 -> 0.24913928 | J25: =J24/$D23 -> 0.44924287 | N25: =N24/$D23 -> 0.27188361 | R25: =R24/$D23 -> 0.029734236
B26: ACUMULADO (R$) | F26: =F24 -> 877287.29 | J26: =J24+F26 -> 2459193.8 | N26: =N24+J26 -> 3416570.1 | R26: =R24+N26 -> 3521272.5
B27: ACUMULADO (%) | F27: =F25 -> 0.24913928 | J27: =J25+F27 -> 0.69838215 | N27: =N25+J27 -> 0.97026576 | R27: =R25+N27 -> 1
D31: =D9-D23 -> 0

Sheet Q-Entrada
BI1: 2.4 | BJ1: t
AN2: SINAPI | AO2: SINAPI | BI2: 1.15 | BJ2: exp
AU3: =ROUND(AU7+AV7+AW7+AX7+AY7,2) -> 0.3 | BI3: 20 | BJ3: dist
E4: MEMORIAIS DE QUANTITATIVOS - INTERLIGAÇÃO DE ENTRADA DO RESERVATÓRIO | AF4: MEMORIAIS DE QUANTITATIVOS - INTERLIGAÇÃO DE ENTRADA DO RESERVATÓRIO
A5: Estaca Inicial | C5: Estaca Final | E5: Extensão | F5: Material | G5: Tipo de Obra | H5: Nível de Interferência | I5: Ø | J5: Cota Terreno Inicial (m) | K5: Cota GI Inicial (m) | L5: Prof Inicial (m) | M5: Profundidade Média de Escavação | N5: Largura da Vala | O5: Decliv. | P5: Locação e Cadastro | Q5: Raspagem Superficial | R5: Pavimento | S5: Tipo de Escavação | T5: Escavação Mecânica de Valas | Z5: Escavação Manual de Valas | AF5: Escoramento | AH5: Esgotamento | AI5: Esgotamento | AK5: Tapume | AL5: Passadiços de Madeira para Pedestres | AM5: Embasamento | AP5: Assentamento das Tubulações | AQ5: Reaterro de Vala | AS5: Preparo de Fundo de Vala | AT5: Demolição de Pavimentação | AU5: Pavimentação Asfáltica | AZ5: Passeio Cimentado | BA5: Carga e Transporte | BL5: Limpeza Pós-Obra
T6: =CONCATENATE("até ",FIXED($BU$147,2)," m") -> até 1,50 m | U6: =CONCATENATE("de ",FIXED($BU$147,2)," até ",FIXED(2*$BU$147,2)," m") -> de 1,50 até 3,00 m | V6: =CONCATENATE("de ",FIXED(2*$BU$147,2)," até ",FIXED(3*$BU$147,2)," m") -> de 3,00 até 4,50 m | W6: =CONCATENATE("de ",FIXED(3*$BU$147,2)," até ",FIXED(4*$BU$147,2)," m") -> de 4,50 até 6,00 m | X6: =CONCATENATE("de ",FIXED(4*$BU$147,2)," até ",FIXED(5*$BU$147,2)," m") -> de 6,00 até 7,50 m | Y6: =CONCATENATE("de ",FIXED(5*$BU$147,2)," até ",FIXED(6*$BU$147,2)," m") -> de 7,50 até 9,00 m | Z6: =CONCATENATE("até ",FIXED($BU$148,2)," m") -> até 1,50 m | AA6: =CONCATENATE("de ",FIXED($BU$148,2)," até ",FIXED(2*$BU$148,2)," m") -> de 1,50 até 3,00 m | AB6: =CONCATENATE("de ",FIXED(2*$BU$148,2)," até ",FIXED(3*$BU$148,2)," m") -> de 3,00 até 4,50 m | AC6: =CONCATENATE("de ",FIXED(3*$BU$148,2)," até ",FIXED(4*$BU$148,2)," m") -> de 4,50 até 6,00 m | AD6: =CONCATENATE("de ",FIXED(4*$BU$148,2)," até ",FIXED(5*$BU$148,2)," m") -> de 6,00 até 7,50 m | AE6: =CONCATENATE("de ",FIXED(5*$BU$148,2)," até ",FIXED(6*$BU$148,2)," m") -> de 7,50 até 9,00 m | AF6: Tipo | AG6: Área | AH6: Tipo | AI6: Tempo de Bombeamento | AJ6: Rebaixamento com Ponteiras Filtrantes | AK6: Contínuo | AM6: Lastro de Vala com Brita | AN6: Lastro de Vala com Areia | AO6: Envoltória com Areia | AQ6: Com Controle | AR6: Sem Controle | AU6: Subleito | AV6: Sub Base | AW6: Base | AX6: Imprimação | AY6: Camada de Rolamento | BA6: Carga e Descarga de Terra | BB6: Transporte de Terra | BC6: Carga e Descarga de Brita | BD6: Transporte de Brita | BE6: Carga e Descarga de Areia | BF6: Transporte de Areia | BG6: Carga e Descarga de Entulho | BH6: Transporte de Entulho | BI6: Transporte de Asfalto | BJ6: Carga e Descarga de Tubos | BK6: Transporte de Tubos
J7: Cota Terreno Final (m) | K7: Cota GI Final (m) | L7: Prof Final (m) | AK7: Reaprov. 3x | AT7: Asfática=m² | AU7: 0 | AV7: 0.15 | AW7: 0.1 | AX7: 0 | AY7: 0.05 | AZ7: 0.1 | BB7: =CONCATENATE("d = ",FIXED($BU$162,1),"km") -> d = 15,0km | BD7: =CONCATENATE("d = ",FIXED($BU$164,1),"km") -> d = 15,0km | BF7: =CONCATENATE("d = ",FIXED($BU$165,1),"km") -> d = 15,0km | BH7: =CONCATENATE("d = ",FIXED($BU$166,1),"km") -> d = 15,0km | BI7: =CONCATENATE("d = ",FIXED($BI$3,1),"km") -> d = 20,0km | BK7: =CONCATENATE("d = ",FIXED($BU$167,1),"km") -> d = 30,0km
E8: m | I8: mm | M8: m | N8: m | O8: m | P8: m | Q8: m² | T8: m³ | U8: m³ | V8: m³ | W8: m³ | X8: m³ | Y8: m³ | Z8: m³ | AA8: m³ | AB8: m³ | AC8: m³ | AD8: m³ | AE8: m³ | AG8: m² | AI8: hp x h | AJ8: m | AK8: m | AL8: m² | AM8: m³ | AN8: m³ | AO8: m³ | AP8: m | AQ8: m³ | AR8: m³ | AS8: m² | AT8: Passeio=m³ | AU8: m² | AV8: m³ | AW8: m³ | AX8: m² | AY8: m³ | AZ8: m² | BA8: m³ | BB8: m³ x km | BC8: m³ | BD8: m³ x km | BE8: m³ | BF8: m³ x km | BG8: m³ | BH8: m³ x km | BI8: t x km | BJ8: T | BK8: T x km | BL8: m²
F9: FºFº Classe K7 | G9: Água | H9: Alto | I9: =IF(OR(ISNUMBER(MATCH(F9,$BN$123:$BN$124,0)),ISNUMBER(MATCH(F9,$BN$136:$BN$136,0))),(VLOOKUP(I10,$BW$115:$BX$135,2,FALSE)-I10)/2000,0)+IF(ISNUMBER(MATCH(F9,$BN$137:$BN$138,0)),(VLOOKUP(I10,$CH$115:$CJ$121,3,FALSE)-VLOOKUP(I10,$CH$115:$CJ$121,2,FALSE))/2000,0)+IF(ISNUMBER(MATCH(F9,$BN$139:$BN$141,0)),(VLOOKUP(I10,$CB$115:$CD$118,3,FALSE)-VLOOKUP(I10,$CB$115:$CD$118,2,FALSE))/2000,0)+IF(ISNUMBER(MATCH(F9,$BN$142:$BN$144,0)),(VLOOKUP(I10,$CP$115:$CQ$134,2,FALSE)-I10)/2000,0)+IF(ISNUMBER(MATCH(F9,$BN$132:$BN$133,0)),(VLOOKUP(I10,$CZ$115:$DC$121,4,FALSE)-VLOOKUP(I10,$CZ$115:$DC$121,2,FALSE))/2000,0)+IF(ISNUMBER(MATCH(F9,$BN$134:$BN$135,0)),(VLOOKUP(I10,$DE$115:$DH$127,4,FALSE)-VLOOKUP(I10,$DE$115:$DH$127,2,FALSE))/2000,0)+IF(ISNUMBER(MATCH(F9,$BN$145:$BN$145,0)),(VLOOKUP(I10,$CM$115:$CN$151,2,FALSE)-I10)/2000,0)+IF(ISNUMBER(MATCH(F9,$BN$125:$BN$131,0)),(VLOOKUP(I10,$DJ$115:$DL$127,3,FALSE)-I10)/2000,0) -> 0.0145 | J9: 662.29 | K9: 661.25 | L9: =J9-K9 -> 1.04 | R9: Terra | S9: Manual | AH9: Desnecessário
A10: - | B10: - | C10: - | D10: - | E10: 29 | I10: 400 | M10: =ABS((L9+L11)/2)+IF(ISNUMBER(MATCH(F9,$BN$123:$BN$131,0)),$BU$114,0)+IF(ISNUMBER(MATCH(AH9,$BN$185,0)),$BU$115,0)+IF(ISNUMBER(MATCH(F9,$BN$132:$BN$135,0)),IF(I10<=600,$BU$116,$BU$117),0)+IF(ISNUMBER(MATCH(F9,$BN$136:$BN$150,0)),$BU$115,0) -> 1.14 | N10: =IF(MATCH(G9,$BN$114:$BN$116,0)=1,IF(ISNUMBER(MATCH(F9,$BN$123:$BN$144,0)),VLOOKUP(I10,IF(M10<=2,$BN$36:$BS$49,$BN$51:$BS$67),VLOOKUP(AF10,$BO$159:$BP$164,2,FALSE),FALSE),IF(ISNUMBER(MATCH(F9,$BN$145,0)),VLOOKUP(I10,IF(M10<=2,$BU$36:$BZ$49,$BU$51:$BZ$71),VLOOKUP(AF10,$BO$159:$BP$164,2,FALSE),FALSE),0)),0)+IF(MATCH(G9,$BN$114:$BN$116,0)=2,VLOOKUP(I10,IF(M10<=2,$CB$36:$CG$49,IF(M10<=4,$CB$51:$CG$64,IF(M10<=6,$CB$66:$CG$79,IF(M10<=8,$CB$81:$CG$94,$CB$96:$CG$109)))),VLOOKUP(AF10,$BO$159:$BP$164,2,FALSE)),0) -> 0.9 | O10: =ABS((K11-K9)/E10) -> 0 | P10: =E10 -> 29 | Q10: =IF(IF(AND(MATCH(R9,$BN$175:$BN$179,0)<=1),E10*(N10+2*$BP$175))=FALSE,0,IF(AND(MATCH(R9,$BN$175:$BN$179,0)<=1),E10*(N10+2*$BP$175))) -> 43.5 | T10: =IF(AND(ISNUMBER(MATCH(S9,$BN$188,0))),E10*N10*(MIN(M10,$BU$147)-VLOOKUP(R9,$BN$175:$BP$180,2,FALSE)),VLOOKUP(S9,$BN$188:$BP$189,2,FALSE)) -> 0 | U10: =IF(AND(ISNUMBER(MATCH(S9,$BN$188,0))),E10*N10*MAX(MIN(M10-$BU$147,$BU$147),0)+E10*MAX((MIN(M10-$BU$147,-$BU$147)),0),VLOOKUP(S9,$BN$188:$BP$189,2,FALSE)) -> 0 | V10: =IF(AND(ISNUMBER(MATCH(S9,$BN$188,0))),E10*N10*MAX(MIN(M10-2*$BU$147,$BU$147),0)+E10*MAX((MIN(M10-2*$BU$147,-2*$BU$147,-2*$BU$147,$BU$147)),0),VLOOKUP(S9,$BN$188:$BP$189,2,FALSE)) -> 0 | W10: =IF(AND(ISNUMBER(MATCH(S9,$BN$188,0))),E10*N10*MAX(MIN(M10-3*$BU$147,$BU$147),0)+E10*MAX((MIN(M10-3*$BU$147,-3*$BU$147,-3*$BU$147,$BU$147)),0),VLOOKUP(S9,$BN$188:$BP$189,2,FALSE)) -> 0 | X10: =IF(AND(ISNUMBER(MATCH(S9,$BN$188,0))),E10*N10*MAX(MIN(M10-4*$BU$147,$BU$147),0)+E10*MAX((MIN(M10-4*$BU$147,-4*$BU$147,-4*$BU$147,$BU$147)),0),VLOOKUP(S9,$BN$188:$BP$189,2,FALSE)) -> 0 | Y10: =IF(AND(ISNUMBER(MATCH(S9,$BN$188,0))),E10*N10*MAX(MIN(M10-5*$BU$147,$BU$147),0)+E10*MAX((MIN(M10-5*$BU$147,-5*$BU$147,-5*$BU$147,$BU$147)),0),VLOOKUP(S9,$BN$188:$BP$189,2,FALSE)) -> 0 | Z10: =IF(AND(ISNUMBER(MATCH(S9,$BN$189,0))),E10*N10*(MIN(M10,$BU$148)-VLOOKUP(R9,$BN$175:$BP$180,2,FALSE)),VLOOKUP(S9,$BN$188:$BP$189,2,FALSE)) -> 29.754 | AA10: =IF(AND(ISNUMBER(MATCH(S9,$BN$189,0))),E10*N10*MAX(MIN(M10-$BU$148,$BU$148),0)+E10*MAX((MIN(M10-$BU$148,-$BU$148)),0))-VLOOKUP(S9,$BN$188:$BP$189,2,FALSE) -> 0 | AB10: =IF(AND(ISNUMBER(MATCH(S9,$BN$189,0))),E10*N10*MAX(MIN(M10-2*$BU$148,$BU$148),0)+E10*MAX((MIN(M10-2*$BU$148,-2*$BU$148,-2*$BU$148,$BU$148)),0))-VLOOKUP(S9,$BN$188:$BP$189,2,FALSE) -> 0 | AC10: =IF(AND(ISNUMBER(MATCH(S9,$BN$189,0))),E10*N10*MAX(MIN(M10-3*$BU$148,$BU$148),0)+E10*MAX((MIN(M10-3*$BU$148,-3*$BU$148,-3*$BU$148,$BU$148)),0))-VLOOKUP(S9,$BN$188:$BP$189,2,FALSE) -> 0 | AD10: =IF(AND(ISNUMBER(MATCH(S9,$BN$189,0))),E10*N10*MAX(MIN(M10-4*$BU$148,$BU$148),0)+E10*MAX((MIN(M10-4*$BU$148,-4*$BU$148,-4*$BU$148,$BU$148)),0))-VLOOKUP(S9,$BN$188:$BP$189,2,FALSE) -> 0 | AE10: =IF(AND(ISNUMBER(MATCH(S9,$BN$189,0))),E10*N10*MAX(MIN(M10-5*$BU$148,$BU$148),0)+E10*MAX((MIN(M10-5*$BU$148,-5*$BU$148,-5*$BU$148,$BU$148)),0))-VLOOKUP(S9,$BN$188:$BP$189,2,FALSE) -> 0 | AF10: =IF(MATCH(G9,$BN$114:$BN$116,0)<=2,VLOOKUP((M10),$BN$159:$BO$164,2),"-") -> - | AG10: =IF(AND(MATCH(G9,$BN$114:$BN$116,0)<=2,MATCH(AF10,$BO$159:$BO$164,0)>1),(M10)*E10*2,0) -> 0 | AI10: =IF(AH9=$BN$184,E10*5*$BU$138,IF(AH9=$BN$183,"-","-")) -> - | AJ10: =IF(MATCH(AH9,$BN$183:$BN$185,0)<=2,0,((_xlfn.CEILING.PRECISE(E10/$BU$139))*$BU$140)) -> 0 | AK10: =IF(MATCH(G9,$BN$114:$BN$116,0)=3,0,E10*$BU$176/($BU$175)*2) -> 19.333333 | AL10: =IF(MATCH(G9,$BN$114:$BN$116,0)=3,0,(E10/$BU$168)*$BU$169*(N10+2*N10)) -> 1.566 | AM10: =IF(ISNUMBER(MATCH(F9,$BN$123:$BN$131,0)),E10*N10*$BU$114,0) -> 2.61 | AN10: =IF(AND(ISNUMBER(MATCH(F9,$BN$123:$BN$131,0)),MATCH(AH9,$BN$183:$BN$185,0)=3),E10*N10*$BU$115,0) -> 0 | AO10: =IF(MATCH(G9,$BN$114:$BN$116,0)<=2,IF(ISNUMBER(MATCH(F9,$BN$136:$BN$145,0)),E10*(N10*(I11+$BU$116+$BU$117)-(((I11/2)^2)*(IF((M10-$BU$116)<I11,2*ACOS(1-(((M10-$BU$116)*2/I11))),2*PI())-SIN(IF((M10-$BU$116)<I11,2*ACOS(1-(((M10-$BU$116)*2/I11))),2*PI()))))/2),0)+IF(ISNUMBER(MATCH(F9,$BN$132:$BN$133,0)),E10*(N10*(VLOOKUP(I10,$CZ$115:$DC$121,3,FALSE)/1000+IF(I10<=600,$BU$119,$BU$120)+$BU$117)-(((VLOOKUP(I10,$CZ$115:$DC$121,3,FALSE)/2000)^2)*(IF((M10-IF(I10<=600,$BU$119,$BU$120))<VLOOKUP(I10,$CZ$115:$DC$121,3,FALSE)/1000,2*ACOS(1-((M10-IF(I10<=600,$BU$119,$BU$120))*2/VLOOKUP(I10,$CZ$115:$DC$121,3,FALSE)/1000)),2*PI())-SIN(IF((M10-IF(I10<=600,$BU$119,$BU$120))<VLOOKUP(I10,$CZ$115:$DC$121,3,FALSE)/1000,2*ACOS(1-((M10-IF(I10<=600,$BU$119,$BU$120))*2/VLOOKUP(I10,$CZ$115:$DC$121,3,FALSE)/1000)),2*PI()))))/2),0)+IF(ISNUMBER(MATCH(F9,$BN$134:$BN$135,0)),E10*(N10*(VLOOKUP(I10,$DE$115:$DH$127,3,FALSE)/1000+IF(I10<=600,$BU$119,$BU$120)+$BU$117)-(((VLOOKUP(I10,$DE$115:$DH$127,3,FALSE)/2000)^2)*(IF((M10-IF(I10<=600,$BU$119,$BU$120))<VLOOKUP(I10,$DE$115:$DH$127,3,FALSE)/1000,2*ACOS(1-((M10-IF(I10<=600,$BU$119,$BU$120))*2/VLOOKUP(I10,$DE$115:$DH$127,3,FALSE)/1000)),2*PI())-SIN(IF((M10-IF(I10<=600,$BU$119,$BU$120))<VLOOKUP(I10,$DE$115:$DH$127,3,FALSE)/1000,2*ACOS(1-((M10-IF(I10<=600,$BU$119,$BU$120))*2/VLOOKUP(I10,$DE$115:$DH$127,3,FALSE)/1000)),2*PI()))))/2),0),0) -> 0 | AP10: =E10 -> 29 | AQ10: =IF(ISNUMBER(MATCH(F9,$BN$123:$BN$131,0)),N10*E10*MAX(IF($BU$121=2,IF((M10-$BU$114-I11-$BU$124-VLOOKUP(R9,$BN$175:$BO$179,2,FALSE))<$BU$123,(M10-$BU$114-I11-$BU$124-VLOOKUP(R9,$BN$175:$BO$179,2,FALSE)),IF((M10-$BU$114-I11-$BU$124-VLOOKUP(R9,$BN$175:$BO$179,2,FALSE))<2*$BU$123,$BU$123,(M10-$BU$114-I11-$BU$124-VLOOKUP(R9,$BN$175:$BO$179,2,FALSE))/2)),M10-$BU$114-I11-$BU$122-VLOOKUP(R9,$BN$175:$BO$179,2,FALSE)),0),0)+IF(ISNUMBER(MATCH(F9,$BN$136:$BN$150,0)),N10*E10*MAX(IF((M10-$BU$116-$BU$117-I11-VLOOKUP(R9,$BN$175:$BO$179,2,FALSE))<$BU$123,(M10-$BU$116-$BU$117-I11-VLOOKUP(R9,$BN$175:$BO$179,2,FALSE)),IF((M10-$BU$116-$BU$117-I11-VLOOKUP(R9,$BN$175:$BO$179,2,FALSE))<2*$BU$123,$BU$123,(M10-$BU$116-$BU$117-I11-VLOOKUP(R9,$BN$175:$BO$179,2,FALSE))/2)),0),0)+IF(ISNUMBER(MATCH(F9,$BN$132:$BN$133,0)),N10*E10*MAX(IF((M10-IF(I10<=600,$BU$119,$BU$120)-$BU$117-VLOOKUP(I10,$CZ$115:$DC$121,3,FALSE)/1000-VLOOKUP(R9,$BN$175:$BO$179,2,FALSE))<$BU$123,(M10-IF(I10<=600,$BU$119,$BU$120)-$BU$117-VLOOKUP(I10,$CZ$115:$DC$121,3,FALSE)/1000-VLOOKUP(R9,$BN$175:$BO$179,2,FALSE)),IF((M10-IF(I10<=600,$BU$119,$BU$120)-$BU$117-VLOOKUP(I10,$CZ$115:$DC$121,3,FALSE)/1000-VLOOKUP(R9,$BN$175:$BO$179,2,FALSE))<2*$BU$123,$BU$123,(M10-IF(I10<=600,$BU$119,$BU$120)-$BU$117-VLOOKUP(I10,$CZ$115:$DC$121,3,FALSE)/1000-VLOOKUP(R9,$BN$175:$BO$179,2,FALSE))/2)),0),0)+IF(ISNUMBER(MATCH(F9,$BN$134:$BN$135,0)),N10*E10*MAX(IF((M10-IF(I10<=600,$BU$119,$BU$120)-$BU$117-VLOOKUP(I10,$DE$115:$DH$127,3,FALSE)/1000-VLOOKUP(R9,$BN$175:$BO$179,2,FALSE))<$BU$123,(M10-IF(I10<=600,$BU$119,$BU$120)-$BU$117-VLOOKUP(I10,$DE$115:$DH$127,3,FALSE)/1000-VLOOKUP(R9,$BN$175:$BO$179,2,FALSE)),IF((M10-IF(I10<=600,$BU$119,$BU$120)-$BU$117-VLOOKUP(I10,$DE$115:$DH$127,3,FALSE)/1000-VLOOKUP(R9,$BN$175:$BO$179,2,FALSE))<2*$BU$123,$BU$123,(M10-IF(I10<=600,$BU$119,$BU$120)-$BU$117-VLOOKUP(I10,$DE$115:$DH$127,3,FALSE)/1000-VLOOKUP(R9,$BN$175:$BO$179,2,FALSE))/2)),0),0) -> 8.1171 | AR10: =IF(ISNUMBER(MATCH(F9,$BN$123:$BN$131,0)),E10*MAX(N10*IF($BU$121=2,IF((M10-$BU$114-I11-$BU$124-VLOOKUP(R9,$BN$175:$BO$179,2,FALSE))<$BU$123,I11+$BU$124,IF((M10-$BU$114-I11-$BU$124-VLOOKUP(R9,$BN$175:$BO$179,2,FALSE))<2*$BU$123,I11+$BU$124+(M10-$BU$114-I11-$BU$124-VLOOKUP(R9,$BN$175:$BO$179,2,FALSE))-$BU$123,I11+$BU$124+(M10-$BU$114-I11-$BU$124-VLOOKUP(R9,$BN$175:$BO$179,2,FALSE))/2)),MAX(MIN(M10-$BU$114-I11-VLOOKUP(R9,$BN$175:$BO$179,2,FALSE),I11+$BU$122),0))-IF((M10-$BU$114)<I11,((I11/2)^2)*(2*ACOS(1-(((M10-$BU$114)*2/I11)))-SIN(2*ACOS(1-(((M10-$BU$114)*2/I11)))))/2,PI()*(I11/2)^2),0),0)+IF(ISNUMBER(MATCH(F9,$BN$136:$BN$150,0)),N10*E10*MAX(IF((M10-$BU$116-$BU$117-I11-VLOOKUP(R9,$BN$175:$BO$179,2,FALSE))<$BU$123,0,IF((M10-$BU$116-$BU$117-I11-VLOOKUP(R9,$BN$175:$BO$179,2,FALSE))<2*$BU$123,(M10-$BU$116-$BU$117-I11-VLOOKUP(R9,$BN$175:$BO$179,2,FALSE))-$BU$123,(M10-$BU$116-$BU$117-I11-VLOOKUP(R9,$BN$175:$BO$179,2,FALSE))/2)),0),0)+IF(ISNUMBER(MATCH(F9,$BN$132:$BN$133,0)),N10*E10*MAX(IF((M10-IF(I10<=600,$BU$119,$BU$120)-$BU$117-VLOOKUP(I10,$CZ$115:$DC$121,3,FALSE)/1000-VLOOKUP(R9,$BN$175:$BO$179,2,FALSE))<$BU$123,0,IF((M10-IF(I10<=600,$BU$119,$BU$120)-$BU$117-VLOOKUP(I10,$CZ$115:$DC$121,3,FALSE)/1000-VLOOKUP(R9,$BN$175:$BO$179,2,FALSE))<2*$BU$123,(M10-IF(I10<=600,$BU$119,$BU$120)-$BU$117-VLOOKUP(I10,$CZ$115:$DC$121,3,FALSE)/1000-VLOOKUP(R9,$BN$175:$BO$179,2,FALSE))-$BU$123,(M10-IF(I10<=600,$BU$119,$BU$120)-$BU$117-VLOOKUP(I10,$CZ$115:$DC$121,3,FALSE)/1000-VLOOKUP(R9,$BN$175:$BO$179,2,FALSE))/2)),0),0)+IF(ISNUMBER(MATCH(F9,$BN$134:$BN$135,0)),N10*E10*MAX(IF((M10-IF(I10<=600,$BU$119,$BU$120)-$BU$117-VLOOKUP(I10,$DE$115:$DH$127,3,FALSE)/1000-VLOOKUP(R9,$BN$175:$BO$179,2,FALSE))<$BU$123,0,IF((M10-IF(I10<=600,$BU$119,$BU$120)-$BU$117-VLOOKUP(I10,$DE$115:$DH$127,3,FALSE)/1000-VLOOKUP(R9,$BN$175:$BO$179,2,FALSE))<2*$BU$123,(M10-IF(I10<=600,$BU$119,$BU$120)-$BU$117-VLOOKUP(I10,$DE$115:$DH$127,3,FALSE)/1000-VLOOKUP(R9,$BN$175:$BO$179,2,FALSE))-$BU$123,(M10-IF(I10<=600,$BU$119,$BU$120)-$BU$117-VLOOKUP(I10,$DE$115:$DH$127,3,FALSE)/1000-VLOOKUP(R9,$BN$175:$BO$179,2,FALSE))/2)),0),0) -> 14.835082 | AS10: =IF(MATCH(G9,$BN$114:$BN$116,0)=3,0,IF(MATCH(R9,$BN$175:$BN$177,0)>=1,E10*(N10),0)) -> 26.1 | AT10: =IF(AND(MATCH(G9,$BN$114:$BN$116,0)<=2,MATCH(R9,$BN$175:$BN$179,0)>1,NOT(AND(MATCH(R9,$BN$175:$BN$179,0)>1,))),E10*(N10+2*VLOOKUP(R9,$BN$175:$BP$179,3,FALSE))*IF(OR(MATCH(R9,$BN$175:$BN$179,0)=3,MATCH(R9,$BN$175:$BN$179,0)=3),VLOOKUP(R9,$BN$175:$BP$179,2,FALSE),1),0) -> 0 | AU10: =IF(AND(MATCH(G9,$BN$114:$BN$116,0)<=2,MATCH(R9,$BN$175:$BN$179,0)=2),E10*(N10+2*VLOOKUP(R9,$BN$175:$BP$179,3,FALSE)),0) -> 0 | AV10: =IF(AND(MATCH(G9,$BN$114:$BN$116,0)<=2,MATCH(R9,$BN$175:$BN$179,0)=2),E10*(N10+2*VLOOKUP(R9,$BN$175:$BP$179,3,FALSE)),0)*$AV$7 -> 0 | AW10: =IF(AND(MATCH(G9,$BN$114:$BN$116,0)<=2,MATCH(R9,$BN$175:$BN$179,0)=2),E10*(N10+2*VLOOKUP(R9,$BN$175:$BP$179,3,FALSE)),0)*$AW$7 -> 0 | AX10: =IF(AND(MATCH(G9,$BN$114:$BN$116,0)<=2,MATCH(R9,$BN$175:$BN$179,0)=2),E10*(N10+2*VLOOKUP(R9,$BN$175:$BP$179,3,FALSE)),0) -> 0 | AY10: =IF(AND(MATCH(G9,$BN$114:$BN$116,0)<=2,MATCH(R9,$BN$175:$BN$179,0)=2),E10*(N10+2*VLOOKUP(R9,$BN$175:$BP$179,3,FALSE)),0)*$AY$7 -> 0 | AZ10: =IF(MATCH(R9,$BN$175:$BN$179,0)=3,E10*(N10+2*VLOOKUP(R9,$BN$175:$BP$179,3,FALSE)),0) -> 0 | BA10: =MAX(SUM(T10:AE10)-AQ10-AR10,0)*$BU$157 -> 8.842364 | BB10: =BA10*$BU$162 -> 132.63546 | BC10: =AM10*$BU$159 -> 2.61 | BD10: =BC10*$BU$164 -> 39.15 | BE10: =(AN10+AO10)*$BU$160 -> 0 | BF10: =BE10*$BU$165 -> 0 | BG10: =IF(MATCH(G9,$BN$114:$BN$116,0)<=2,(E10*(N10+2*VLOOKUP(R9,$BN$175:$BP$179,3,FALSE))*VLOOKUP(R9,$BN$175:$BO$179,2,FALSE))*$BU$161,0) -> 0 | BH10: =BG10*$BU$166 -> 0 | BI10: =AY10*$BI$1*$BI$2*$BI$3 -> 0 | BJ10: =E10*(IF(ISNUMBER(MATCH(F9,$BN$123,0)),VLOOKUP(I10,$BW$117:$BY$130,3,FALSE)/1000,0)+IF(ISNUMBER(MATCH(F9,$BN$124,0)),VLOOKUP(I10,$BW$115:$BZ$130,4,FALSE)/1000,0)+IF(ISNUMBER(MATCH(F9,$BN$125:$BN$131,0)),VLOOKUP(I10,$DJ$115:$DM$125,4,FALSE)/1000,0)+IF(ISNUMBER(MATCH(F9,$BN$132:$BN$133,0)),VLOOKUP(I10,$CZ$115:$DD121,5,FALSE)/1000,0)+IF(ISNUMBER(MATCH(F9,$BN$134:$BN$135,0)),VLOOKUP(I10,$DE$115:$DI$126,5,FALSE)/1000,0)+IF(ISNUMBER(MATCH(F9,$BN$136:$BN$136,0)),VLOOKUP(I10,$BW$115:$CA$130,5,FALSE)/1000,0)+IF(ISNUMBER(MATCH(F9,$BN$137:$BN$137,0)),VLOOKUP(I10,$CH$115:$CL$121,4,FALSE)/1000,0)+IF(ISNUMBER(MATCH(F9,$BN$138:$BN$138,0)),VLOOKUP(I10,$CH$115:$CL$121,5,FALSE)/1000,0)+IF(ISNUMBER(MATCH(F9,$BN$139:$BN$139,0)),VLOOKUP(I10,$CB$115:$CG$118,4,FALSE)/1000,0)+IF(ISNUMBER(MATCH(F9,$BN$140:$BN$140,0)),VLOOKUP(I10,$CB$115:$CG$118,5,FALSE)/1000,0)+IF(ISNUMBER(MATCH(F9,$BN$141:$BN$141,0)),VLOOKUP(I10,$CB$115:$CG$118,6,FALSE)/1000,0)+IF(ISNUMBER(MATCH(F9,$BN$142:$BN$142,0)),VLOOKUP(I10,$CP$115:$CT$134,3,FALSE)/1000,0)+IF(ISNUMBER(MATCH(F9,$BN$143:$BN$143,0)),VLOOKUP(I10,$CP$115:$CT$134,4,FALSE)/1000,0)+IF(ISNUMBER(MATCH(F9,$BN$144:$BN$144,0)),VLOOKUP(I10,$CP$115:$CT$134,5,FALSE)/1000,0)+IF(ISNUMBER(MATCH(F9,$BN$145:$BN$145,0)),VLOOKUP(I10,$CM$115:$CO$151,3,FALSE)/1000,0)) -> 2.2591 | BK10: =BJ10*$BU$167 -> 67.773 | BL10: =(E10*(2*$BU$177+N10)) -> 43.5
I11: =IF(OR(ISNUMBER(MATCH(F9,$BN$123:$BN$124,0)),ISNUMBER(MATCH(F9,$BN$136:$BN$136,0))),VLOOKUP(I10,$BW$115:$BX$135,2,FALSE)/1000,0)+IF(ISNUMBER(MATCH(F9,$BN$137:$BN$138,0)),VLOOKUP(I10,$CH$115:$CJ$121,3,FALSE)/1000,0)+IF(ISNUMBER(MATCH(F9,$BN$139:$BN$141,0)),VLOOKUP(I10,$CB$115:$CD$118,3,FALSE)/1000,0)+IF(ISNUMBER(MATCH(F9,$BN$142:$BN$144,0)),VLOOKUP(I10,$CP$115:$CQ$134,2,FALSE)/1000,0)+IF(ISNUMBER(MATCH(F9,$BN$132:$BN$133,0)),VLOOKUP(I10,$CZ$115:$DC$121,4,FALSE)/1000,0)+IF(ISNUMBER(MATCH(F9,$BN$134:$BN$135,0)),VLOOKUP(I10,$DE$115:$DH$127,4,FALSE)/1000,0)+IF(ISNUMBER(MATCH(F9,$BN$145:$BN$145,0)),VLOOKUP(I10,$CM$115:$CN$151,2,FALSE)/1000,0)+IF(ISNUMBER(MATCH(F9,$BN$125:$BN$131,0)),VLOOKUP(I10,$DJ$115:$DL$127,3,FALSE)/1000,0) -> 0.429 | J11: 662.29 | K11: 661.25 | L11: =J11-K11 -> 1.04
A13: TOTAL FºFº | D13: 400 | E13: =SUM(E9:E12) -> 29 | P13: =SUM(P9:P12) -> 29 | Q13: =SUM(Q9:Q12) -> 43.5 | T13: =SUM(T9:T12) -> 0 | U13: =SUM(U9:U12) -> 0 | V13: =SUM(V9:V12) -> 0 | W13: =SUM(W9:W12) -> 0 | X13: =SUM(X9:X12) -> 0 | Y13: =SUM(Y9:Y12) -> 0 | Z13: =SUM(Z9:Z12) -> 29.754 | AA13: =SUM(AA9:AA12) -> 0 | ... AE13: =SUM(AE9:AE12) -> 0 | AF13: P | AG13: =SUMIF(AF$9:AF$12,AF13,AG$9:AG$12) -> 0 | AI13: =SUM(AI9:AI12) -> 0 | AJ13: =SUM(AJ9:AJ12) -> 0 | AK13: =SUM(AK9:AK12) -> 19.333333 | AL13: =SUM(AL9:AL12) -> 1.566 | AM13: =SUM(AM9:AM12) -> 2.61 | AN13: =SUM(AN9:AN12) -> 0 | AO13: =SUM(AO9:AO12) -> 0 | AP13: =SUM(AP9:AP12) -> 29 | ... BL13: =SUM(BL9:BL12) -> 43.5
AF14: D | AG14: =SUMIF(AF$9:AF$12,AF14,AG$9:AG$12) -> 0
G15: Número de cruzamentos | J15: 0 | K15: un | N15: =CONCATENATE($BN$119," Nível de Interferência - vala até ",FIXED($BU$141,2)," m") -> Alto Nível de Interferência - vala até 0,80 m | T15: =SUMIFS($T$10:$T$13,$H$9:$H$12,$BN$119,$N$10:$N$13,"<=0,8") -> 0 | U15: =SUMIFS($U$10:$U$13,$H$9:$H$12,$BN$119,$N$10:$N$13,"<=0,8") -> 0 | V15: =SUMIFS($V$10:$V$13,$H$9:$H$12,$BN$119,$N$10:$N$13,"<=0,8") -> 0 | W15: =SUMIFS($W$10:$W$13,$H$9:$H$12,$BN$119,$N$10:$N$13,"<=0,8") -> 0 | X15: =SUMIFS($X$10:$X$13,$H$9:$H$12,$BN$119,$N$10:$N$13,"<=0,8") -> 0 | Y15: =SUMIFS($Y$10:$Y$13,$H$9:$H$12,$BN$119,$N$10:$N$13,"<=0,8") -> 0 | AF15: C | AG15: =SUMIF(AF$9:AF$12,AF15,AG$9:AG$12) -> 0 | AK15: Vala < 1,50m | AM15: =SUMIFS($AM$10:$AM$13,$N$10:$N$13,">0,0",$N$10:$N$13,"<=1,5") -> 2.61 | AS15: =SUMIFS($AS$10:$AS$13,$N$10:$N$13,">0,0",$N$10:$N$13,"<=1,5") -> 26.1
G16: Largura média das valas | J16: =ROUNDUP(AVERAGE(N9:N12),1) -> 0.9 | K16: m | N16: =CONCATENATE($BN$119," Nível de Interferência - vala de ",FIXED($BU$141,2)," - ",FIXED($BU$142,2)," m") -> Alto Nível de Interferência - vala de 0,80 - 1,50 m | T16: =SUMIFS($T$10:$T$13,$H$9:$H$12,$BN$119,$N$10:$N$13,">0,8",$N$10:$N$13,"<=1,5") -> 0 | U16: =SUMIFS($U$10:$U$13,$H$9:$H$12,$BN$119,$N$10:$N$13,">0,8",$N$10:$N$13,"<=1,5") -> 0 | V16: =SUMIFS($V$10:$V$13,$H$9:$H$12,$BN$119,$N$10:$N$13,">0,8",$N$10:$N$13,"<=1,5") -> 0 | W16: =SUMIFS($W$10:$W$13,$H$9:$H$12,$BN$119,$N$10:$N$13,">0,8",$N$10:$N$13,"<=1,5") -> 0 | X16: =SUMIFS($X$10:$X$13,$H$9:$H$12,$BN$119,$N$10:$N$13,">0,8",$N$10:$N$13,"<=1,5") -> 0 | Y16: =SUMIFS($Y$10:$Y$13,$H$9:$H$12,$BN$119,$N$10:$N$13,">0,8",$N$10:$N$13,"<=1,5") -> 0 | AF16: E | AG16: =SUMIF(AF$9:AF$12,AF16,AG$9:AG$12) -> 0 | AK16: Vala > 1,50m<2,5m | AM16: =SUMIFS($AM$10:$AM$13,$N$10:$N$13,">1,5",$N$10:$N$13,"<=2,5") -> 0 | AS16: =SUMIFS($AS$10:$AS$13,$N$10:$N$13,">1,5",$N$10:$N$13,"<=2,5") -> 0
G17: Passadiço para veículos | J17: =CEILING(J15*(J16+2*$BU$173)*$BU$172,1) -> 0 | K17: m² | N17: =CONCATENATE($BN$119," Nível de Interferência - vala de ",FIXED($BU$142,2)," - ",FIXED($BU$143,2)," m") -> Alto Nível de Interferência - vala de 1,50 - 2,50 m | T17: =SUMIFS($T$10:$T$13,$H$9:$H$12,$BN$119,$N$10:$N$13,">1,5",$N$10:$N$13,"<=2,5") -> 0 | U17: =SUMIFS($U$10:$U$13,$H$9:$H$12,$BN$119,$N$10:$N$13,">1,5",$N$10:$N$13,"<=2,5") -> 0 | V17: =SUMIFS($V$10:$V$13,$H$9:$H$12,$BN$119,$N$10:$N$13,">1,5",$N$10:$N$13,"<=2,5") -> 0 | W17: =SUMIFS($W$10:$W$13,$H$9:$H$12,$BN$119,$N$10:$N$13,">1,5",$N$10:$N$13,"<=2,5") -> 0 | X17: =SUMIFS($X$10:$X$13,$H$9:$H$12,$BN$119,$N$10:$N$13,">1,5",$N$10:$N$13,"<=2,5") -> 0 | Y17: =SUMIFS($Y$10:$Y$13,$H$9:$H$12,$BN$119,$N$10:$N$13,">1,5",$N$10:$N$13,"<=2,5") -> 0 | AF17: MM | AG17: =SUMIF(AF$9:AF$12,AF17,AG$9:AG$12) -> 0
G18: Sinalização de trânsito | J18: =$BU$174*J15 -> 0 | K18: m | N18: =CONCATENATE($BN$119," Nível de Interferência - vala acima de ",FIXED($BU$143,2)," m") -> Alto Nível de Interferência - vala acima de 2,50 m | T18: =SUMIFS($T$10:$T$13,$H$9:$H$12,$BN$119,$N$10:$N$13,">2,5") -> 0 | U18: =SUMIFS($U$10:$U$13,$H$9:$H$12,$BN$119,$N$10:$N$13,">2,5") -> 0 | V18: =SUMIFS($V$10:$V$13,$H$9:$H$12,$BN$119,$N$10:$N$13,">2,5") -> 0 | W18: =SUMIFS($W$10:$W$13,$H$9:$H$12,$BN$119,$N$10:$N$13,">2,5") -> 0 | X18: =SUMIFS($X$10:$X$13,$H$9:$H$12,$BN$119,$N$10:$N$13,">2,5") -> 0 | Y18: =SUMIFS($Y$10:$Y$13,$H$9:$H$12,$BN$119,$N$10:$N$13,">2,5") -> 0
G19: Escoramento de postes | J19: 0 | K19: unid | N19: =CONCATENATE($BN$120," Nível de Interferência - vala até ",FIXED($BU$141,2)," m") -> Baixo Nível de Interferência - vala até 0,80 m | T19: =SUMIFS($T$10:$T$13,$H$9:$H$12,$BN$120,$N$10:$N$13,"<=0,8") -> 0 | U19: =SUMIFS($U$10:$U$13,$H$9:$H$12,$BN$120,$N$10:$N$13,"<=0,8") -> 0 | V19: =SUMIFS($V$10:$V$13,$H$9:$H$12,$BN$120,$N$10:$N$13,"<=0,8") -> 0 | W19: =SUMIFS($W$10:$W$13,$H$9:$H$12,$BN$120,$N$10:$N$13,"<=0,8") -> 0 | X19: =SUMIFS($X$10:$X$13,$H$9:$H$12,$BN$120,$N$10:$N$13,"<=0,8") -> 0 | Y19: =SUMIFS($Y$10:$Y$13,$H$9:$H$12,$BN$120,$N$10:$N$13,"<=0,8") -> 0
N20: =CONCATENATE($BN$120," Nível de Interferência - vala de ",FIXED($BU$141,2)," - ",FIXED($BU$142,2)," m") -> Baixo Nível de Interferência - vala de 0,80 - 1,50 m | T20: =SUMIFS($T$10:$T$13,$H$9:$H$12,$BN$120,$N$10:$N$13,">0,8",$N$10:$N$13,"<=1,5") -> 0 | U20: =SUMIFS($U$10:$U$13,$H$9:$H$12,$BN$120,$N$10:$N$13,">0,8",$N$10:$N$13,"<=1,5") -> 0 | V20: =SUMIFS($V$10:$V$13,$H$9:$H$12,$BN$120,$N$10:$N$13,">0,8",$N$10:$N$13,"<=1,5") -> 0 | W20: =SUMIFS($W$10:$W$13,$H$9:$H$12,$BN$120,$N$10:$N$13,">0,8",$N$10:$N$13,"<=1,5") -> 0 | X20: =SUMIFS($X$10:$X$13,$H$9:$H$12,$BN$120,$N$10:$N$13,">0,8",$N$10:$N$13,"<=1,5") -> 0 | Y20: =SUMIFS($Y$10:$Y$13,$H$9:$H$12,$BN$120,$N$10:$N$13,">0,8",$N$10:$N$13,"<=1,5") -> 0
N21: =CONCATENATE($BN$120," Nível de Interferência - vala de ",FIXED($BU$142,2)," - ",FIXED($BU$143,2)," m") -> Baixo Nível de Interferência - vala de 1,50 - 2,50 m | T21: =SUMIFS($T$10:$T$13,$H$9:$H$12,$BN$120,$N$10:$N$13,">1,5",$N$10:$N$13,"<=2,5") -> 0 | U21: =SUMIFS($U$10:$U$13,$H$9:$H$12,$BN$120,$N$10:$N$13,">1,5",$N$10:$N$13,"<=2,5") -> 0 | V21: =SUMIFS($V$10:$V$13,$H$9:$H$12,$BN$120,$N$10:$N$13,">1,5",$N$10:$N$13,"<=2,5") -> 0 | W21: =SUMIFS($W$10:$W$13,$H$9:$H$12,$BN$120,$N$10:$N$13,">1,5",$N$10:$N$13,"<=2,5") -> 0 | X21: =SUMIFS($X$10:$X$13,$H$9:$H$12,$BN$120,$N$10:$N$13,">1,5",$N$10:$N$13,"<=2,5") -> 0 | Y21: =SUMIFS($Y$10:$Y$13,$H$9:$H$12,$BN$120,$N$10:$N$13,">1,5",$N$10:$N$13,"<=2,5") -> 0
N22: =CONCATENATE($BN$120," Nível de Interferência - vala acima de ",FIXED($BU$143,2)," m") -> Baixo Nível de Interferência - vala acima de 2,50 m | T22: =SUMIFS($T$10:$T$13,$H$9:$H$12,$BN$120,$N$10:$N$13,">2,5") -> 0 | U22: =SUMIFS($U$10:$U$13,$H$9:$H$12,$BN$120,$N$10:$N$13,">2,5") -> 0 | V22: =SUMIFS($V$10:$V$13,$H$9:$H$12,$BN$120,$N$10:$N$13,">2,5") -> 0 | W22: =SUMIFS($W$10:$W$13,$H$9:$H$12,$BN$120,$N$10:$N$13,">2,5") -> 0 | X22: =SUMIFS($X$10:$X$13,$H$9:$H$12,$BN$120,$N$10:$N$13,">2,5") -> 0 | Y22: =SUMIFS($Y$10:$Y$13,$H$9:$H$12,$BN$120,$N$10:$N$13,">2,5") -> 0
BN28: NBR 12266/1992: Projeto e Execução de Valas para Assentamento de Tubulação de Água, Esgoto ou Drenagem Urbana | BU28: NBR 12266/1992: Projeto e Execução de Valas para Assentamento de Tubulação de Água, Esgoto ou Drenagem Urbana | CB28: NBR 12266/1992: Projeto e Execução de Valas para Assentamento de Tubulação de Água, Esgoto ou Drenagem Urbana
BN30: Tabela 2 - Largura da Vala para Obra de Água | BU30: Tabela 2 - Largura da Vala para Obra de Água (Tubos de Aço) | CB30: Tabela 1 - Largura da Vala para Obra de Esgoto
BN31: Largura da Vala em Função do Tipo de Escoramento e Cota de Corte | BU31: Largura da Vala em Função do Tipo de Escoramento e Cota de Corte | CB31: Largura da Vala em Função do Tipo de Escoramento e Cota de Corte
BN32: Diâmetro Nominal (mm) | BO32: Cota de Corte (m) | BP32: Pontaletes (m) | BQ32: Contínuo e Descontínuo (m) | BR32: Especial (m) | BS32: Metálico-Madeira (m) | BU32: Diâmetro Nominal (mm) | BV32: Cota de Corte (m) | BW32: Pontaletes (m) | BX32: Contínuo e Descontínuo (m) | BY32: Especial (m) | BZ32: Metálico-Madeira (m) | CB32: Diâmetro Nominal (mm) | CC32: Cota de Corte (m) | CD32: Pontaletes (m) | CE32: Contínuo e Descontínuo (m) | CF32: Especial (m) | CG32: Metálico-Madeira (m)
BN36: 50 | BO36: 0 a 2 | BP36: 0.65 | BQ36: 0.7 | BR36: 0.8 | BS36: 1.3 | BU36: 50 | BV36: 0 a 2 | BW36: 0.65 | BX36: 0.7 | BY36: 0.8 | BZ36: 1.3 | CB36: 100 | CC36: 0 a 2 | CD36: 0.65 | CE36: 0.65 | CF36: 0.75 | CG36: -
BN37: 75 | BO37: 0 a 2 | BP37: 0.65 | BQ37: 0.7 | BR37: 0.8 | BS37: 1.3 | BU37: 75 | BV37: 0 a 2 | BW37: 0.65 | BX37: 0.7 | BY37: 0.8 | BZ37: 1.3 | CB37: 150 | CC37: 0 a 2 | CD37: 0.65 | CE37: 0.65 | CF37: 0.75 | CG37: -
BN38: 100 | BO38: 0 a 2 | BP38: 0.65 | BQ38: 0.7 | BR38: 0.8 | BS38: 1.3 | BU38: 100 | BV38: 0 a 2 | BW38: 0.65 | BX38: 0.7 | BY38: 0.8 | BZ38: 1.3 | CB38: 200 | CC38: 0 a 2 | CD38: 0.7 | CE38: 0.7 | CF38: 0.8 | CG38: -
BN39: 150 | BO39: 0 a 2 | BP39: 0.65 | BQ39: 0.7 | BR39: 0.8 | BS39: 1.3 | BU39: 150 | BV39: 0 a 2 | BW39: 0.65 | BX39: 0.7 | BY39: 0.8 | BZ39: 1.3 | CB39: 250 | CC39: 0 a 2 | CD39: 0.8 | CE39: 0.8 | CF39: 0.9 | CG39: -
BN40: 200 | BO40: 0 a 2 | BP40: 0.7 | BQ40: 0.75 | BR40: 0.85 | BS40: 1.35 | BU40: 200 | BV40: 0 a 2 | BW40: 0.7 | BX40: 0.75 | BY40: 0.85 | BZ40: 1.35 | CB40: 300 | CC40: 0 a 2 | CD40: 0.8 | CE40: 0.8 | CF40: 0.9 | CG40: -
BN41: 250 | BO41: 0 a 2 | BP41: 0.75 | BQ41: 0.8 | BR41: 0.9 | BS41: 1.4 | BU41: 250 | BV41: 0 a 2 | BW41: 0.75 | BX41: 0.8 | BY41: 0.9 | BZ41: 1.4 | CB41: 350 | CC41: 0 a 2 | CD41: 0.9 | CE41: 1.1 | CF41: 1.2 | CG41: -
BN42: 300 | BO42: 0 a 2 | BP42: 0.8 | BQ42: 0.85 | BR42: 0.95 | BS42: 1.45 | BU42: 300 | BV42: 0 a 2 | BW42: 0.8 | BX42: 0.85 | BY42: 0.95 | BZ42: 1.45 | CB42: 400 | CC42: 0 a 2 | CD42: 0.9 | CE42: 1.1 | CF42: 1.2 | CG42: -
BN43: 350 | BO43: 0 a 2 | BP43: 0.8 | BQ43: 0.85 | BR43: 0.95 | BS43: 1.45 | BU43: 350 | BV43: 0 a 2 | BW43: 0.8 | BX43: 0.85 | BY43: 0.95 | BZ43: 1.45 | CB43: 450 | CC43: 0 a 2 | CD43: 1 | CE43: 1.15 | CF43: 1.25 | CG43: -
BN44: 400 | BO44: 0 a 2 | BP44: 0.9 | BQ44: 1 | BR44: 1.1 | BS44: 1.6 | BU44: 400 | BV44: 0 a 2 | BW44: 0.9 | BX44: 1 | BY44: 1.1 | BZ44: 1.6 | CB44: 500 | CC44: 0 a 2 | CD44: 1.1 | CE44: 1.3 | CF44: 1.4 | CG44: -
BN45: 450 | BO45: 0 a 2 | BP45: 0.9 | BQ45: 1 | BR45: 1.1 | BS45: 1.6 | BU45: 450 | BV45: 0 a 2 | BW45: 0.9 | BX45: 1 | BY45: 1.1 | BZ45: 1.6 | CB45: 600 | CC45: 0 a 2 | CD45: 1.2 | CE45: 1.4 | CF45: 1.5 | CG45: -
BN46: 500 | BO46: 0 a 2 | BP46: 1 | BQ46: 1.15 | BR46: 1.25 | BS46: 1.75 | BU46: 500 | BV46: 0 a 2 | BW46: 1 | BX46: 1.15 | BY46: 1.25 | BZ46: 1.75 | CB46: 700 | CC46: 0 a 2 | CD46: 1.3 | CE46: 1.5 | CF46: 1.6 | CG46: -
BN47: 600 | BO47: 0 a 2 | BP47: 1.15 | BQ47: 1.25 | BR47: 1.35 | BS47: 1.85 | BU47: 600 | BV47: 0 a 2 | BW47: 1.15 | BX47: 1.25 | BY47: 1.35 | BZ47: 1.85 | CB47: 800 | CC47: 0 a 2 | CD47: 1.4 | CE47: 1.6 | CF47: 1.7 | CG47: -
... BN52: 75 | BO52: > 2 | BP52: 0.75 | BQ52: 0.85 | BR52: 0.95 | BS52: 1.3 | BU52: 75 | BV52: > 2 | BW52: 0.75 | BX52: 0.85 | BY52: 0.95 | BZ52: 1.3 | CB52: 150 | CC52: 2 a 4 | CD52: 0.75 | CE52: 0.85 | CF52: 1.05 | CG52: -
BN53: 100 | BO53: > 2 | BP53: 0.75 | BQ53: 0.85 | BR53: 0.95 | BS53: 1.3 | BU53: 100 | BV53: > 2 | BW53: 0.75 | BX53: 0.85 | BY53: 0.95 | BZ53: 1.3 | CB53: 200 | CC53: 2 a 4 | CD53: 0.8 | CE53: 0.9 | CF53: 1.1 | CG53: 1.75
BN54: 150 | BO54: > 2 | BP54: 0.75 | BQ54: 0.85 | BR54: 0.95 | BS54: 1.3 | BU54: 150 | BV54: > 2 | BW54: 0.75 | BX54: 0.85 | BY54: 0.95 | BZ54: 1.3 | CB54: 250 | CC54: 2 a 4 | CD54: 0.9 | CE54: 1 | CF54: 1.2 | CG54: 1.85
BN55: 200 | BO55: > 2 | BP55: 0.8 | BQ55: 0.9 | BR55: 1 | BS55: 1.35 | BU55: 200 | BV55: > 2 | BW55: 0.8 | BX55: 0.9 | BY55: 1 | BZ55: 1.35 | CB55: 300 | CC55: 2 a 4 | CD55: 0.9 | CE55: 1 | CF55: 1.2 | CG55: 1.85
BN56: 250 | BO56: > 2 | BP56: 0.85 | BQ56: 0.95 | BR56: 1.15 | BS56: 1.4 | BU56: 250 | BV56: > 2 | BW56: 0.85 | BX56: 0.95 | BY56: 1.15 | BZ56: 1.4 | CB56: 350 | CC56: 2 a 4 | CD56: 1 | CE56: 1.3 | CF56: 1.5 | CG56: 2.15
BN57: 300 | BO57: > 2 | BP57: 0.9 | BQ57: 1.1 | BR57: 1.2 | BS57: 1.45 | BU57: 300 | BV57: > 2 | BW57: 0.9 | BX57: 1.1 | BY57: 1.2 | BZ57: 1.45 | CB57: 400 | CC57: 2 a 4 | CD57: 1 | CE57: 1.3 | CF57: 1.5 | CG57: 2.15
BN58: 350 | BO58: > 2 | BP58: 0.9 | BQ58: 1.1 | BR58: 1.2 | BS58: 1.45 | BU58: 350 | BV58: > 2 | BW58: 0.9 | BX58: 1.1 | BY58: 1.2 | BZ58: 1.45 | CB58: 450 | CC58: 2 a 4 | CD58: 1.1 | CE58: 1.35 | CF58: 1.55 | CG58: 2.25
BN59: 400 | BO59: > 2 | BP59: 1 | BQ59: 1.2 | BR59: 1.3 | BS59: 1.6 | BU59: 400 | BV59: > 2 | BW59: 1 | BX59: 1.2 | BY59: 1.3 | BZ59: 1.6 | CB59: 500 | CC59: 2 a 4 | CD59: 1.2 | CE59: 1.5 | CF59: 1.7 | CG59: 2.35
BN60: 450 | BO60: > 2 | BP60: 1 | BQ60: 1.2 | BR60: 1.3 | BS60: 1.6 | BU60: 450 | BV60: > 2 | BW60: 1 | BX60: 1.2 | BY60: 1.3 | BZ60: 1.6 | CB60: 600 | CC60: 2 a 4 | CD60: 1.3 | CE60: 1.6 | CF60: 1.8 | CG60: 2.45
BN61: 500 | BO61: > 2 | BP61: 1.2 | BQ61: 1.3 | BR61: 1.45 | BS61: 1.75 | BU61: 500 | BV61: > 2 | BW61: 1.2 | BX61: 1.3 | BY61: 1.45 | BZ61: 1.75 | CB61: 700 | CC61: 2 a 4 | CD61: 1.4 | CE61: 1.7 | CF61: 1.9 | CG61: 2.55
BN62: 600 | BO62: > 2 | BP62: 1.3 | BQ62: 1.45 | BR62: 1.65 | BS62: 1.85 | BU62: 600 | BV62: > 2 | BW62: 1.3 | BX62: 1.45 | BY62: 1.65 | BZ62: 1.85 | CB62: 800 | CC62: 2 a 4 | CD62: 1.5 | CE62: 1.8 | CF62: 2 | CG62: 2.65
BN63: 700 | BO63: > 2 | BP63: 1.4 | BQ63: 1.7 | BR63: 1.9 | BS63: 2.05 | BU63: 700 | BV63: > 2 | BW63: 1.4 | BX63: 1.7 | BY63: 1.9 | BZ63: 2.05 | CB63: 900 | CC63: 2 a 4 | CD63: 1.6 | CE63: 1.9 | CF63: 2.1 | CG63: 2.75
BN64: 800 | BO64: > 2 | BP64: 1.5 | BQ64: 1.8 | BR64: 2 | BS64: 2.15 | BU64: 800 | BV64: > 2 | BW64: 1.5 | BX64: 1.8 | BY64: 2 | BZ64: 2.15 | CB64: 1000 | CC64: 2 a 4 | CD64: 1.7 | CE64: 2 | CF64: 2.1 | CG64: 2.85
BN65: 900 | BO65: > 2 | BP65: 1.6 | BQ65: 1.9 | BR65: 2.05 | BS65: 2.25 | BU65: 900 | BV65: > 2 | BW65: 1.6 | BX65: 1.9 | BY65: 2.05 | BZ65: 2.25
BN66: 1000 | BO66: > 2 | BP66: 1.7 | BQ66: 2 | BR66: 2.1 | BS66: 2.35 | BU66: 1000 | BV66: > 2 | BW66: 2 | BX66: 2.1 | BY66: 2.2 | BZ66: 2.4 | CB66: 100 | CC66: 4 a 6 | CD66: 0.85 | CE66: 1.05 | CF66: 1.35 | CG66: -
BN67: 1200 | BO67: > 2 | BP67: - | BQ67: - | BR67: - | BS67: 2.4 | BU67: 1200 | BV67: > 2 | BW67: - | BX67: - | BY67: - | BZ67: 2.6 | CB67: 150 | CC67: 4 a 6 | CD67: 0.85 | CE67: 1.05 | CF67: 1.35 | CG67: -
BU68: 1500 | BV68: > 2 | BW68: - | BX68: - | BY68: - | BZ68: 2.85 | CB68: 200 | CC68: 4 a 6 | CD68: 0.9 | CE68: 1.1 | CF68: 1.4 | CG68: 1.9
BU69: 1800 | BV69: > 2 | BW69: - | BX69: - | BY69: - | BZ69: 3.15 | CB69: 250 | CC69: 4 a 6 | CD69: 1 | CE69: 1.2 | CF69: 1.5 | CG69: 2
BU70: 2100 | BV70: > 2 | BW70: - | BX70: - | BY70: - | BZ70: 3.45 | CB70: 300 | CC70: 4 a 6 | CD70: 1 | CE70: 1.2 | CF70: 1.5 | CG70: 2
BU71: 2500 | BV71: > 2 | BW71: - | BX71: - | BY71: - | BZ71: 3.9 | CB71: 350 | CC71: 4 a 6 | CD71: 1.1 | CE71: 1.5 | CF71: 1.8 | CG71: 2.3
CB72: 400 | CC72: 4 a 6 | CD72: 1.1 | CE72: 1.5 | CF72: 1.8 | CG72: 2.3
CB73: 450 | CC73: 4 a 6 | CD73: 1.2 | CE73: 1.55 | CF73: 1.85 | CG73: 2.4
CB74: 500 | CC74: 4 a 6 | CD74: 1.3 | CE74: 1.7 | CF74: 2 | CG74: 2.5
CB75: 600 | CC75: 4 a 6 | CD75: 1.4 | CE75: 1.8 | CF75: 2.1 | CG75: 2.6
CB76: 700 | CC76: 4 a 6 | CD76: 1.5 | CE76: 1.9 | CF76: 2.2 | CG76: 2.7
CB77: 800 | CC77: 4 a 6 | CD77: 1.6 | CE77: 2 | CF77: 2.3 | CG77: 2.8
CB78: 900 | CC78: 4 a 6 | CD78: 1.7 | CE78: 2.1 | CF78: 2.4 | CG78: 2.9
CB79: 1000 | CC79: 4 a 6 | CD79: 1.8 | CE79: 2.2 | CF79: 2.5 | CG79: 3
CB81: 100 | CC81: 6 a 8 | CD81: 0.95 | CE81: 1.25 | CF81: 1.65 | CG81: -
CB82: 150 | CC82: 6 a 8 | CD82: 0.95 | CE82: 1.25 | CF82: 1.65 | CG82: -
CB83: 200 | CC83: 6 a 8 | CD83: 1 | CE83: 1.3 | CF83: 1.7 | CG83: 2.05
CB84: 250 | CC84: 6 a 8 | CD84: 1.1 | CE84: 1.4 | CF84: 1.8 | CG84: 2.15
CB85: 300 | CC85: 6 a 8 | CD85: 1.1 | CE85: 1.4 | CF85: 1.8 | CG85: 2.15
CB86: 350 | CC86: 6 a 8 | CD86: 1.2 | CE86: 1.7 | CF86: 2.1 | CG86: 2.45
CB87: 400 | CC87: 6 a 8 | CD87: 1.2 | CE87: 1.7 | CF87: 2.1 | CG87: 2.45
CB88: 450 | CC88: 6 a 8 | CD88: 1.3 | CE88: 1.75 | CF88: 2.15 | CG88: 2.55
CB89: 500 | CC89: 6 a 8 | CD89: 1.4 | CE89: 1.9 | CF89: 2.3 | CG89: 2.65
CB90: 600 | CC90: 6 a 8 | CD90: 1.5 | CE90: 2 | CF90: 2.4 | CG90: 2.75
CB91: 700 | CC91: 6 a 8 | CD91: 1.6 | CE91: 2.1 | CF91: 2.5 | CG91: 2.85
CB92: 800 | CC92: 6 a 8 | CD92: 1.7 | CE92: 2.2 | CF92: 2.6 | CG92: 2.9
CB93: 900 | CC93: 6 a 8 | CD93: 1.8 | CE93: 2.3 | CF93: 2.7 | CG93: 3.05
CB94: 1000 | CC94: 6 a 8 | CD94: 1.9 | CE94: 2.4 | CF94: 2.8 | CG94: 3.15
CB96: 100 | CC96: > 8 | CD96: =CEILING(1.1*CD81*CD81/CD66,0.05) -> 1.2 | CE96: =CEILING(1.1*CE81*CE81/CE66,0.05) -> 1.65 | CF96: =CEILING(1.1*CF81*CF81/CF66,0.05) -> 2.25 | CG96: =CEILING(1.1*CG83*CG83/CG68,0.05) -> 2.45 | CH96: Essa tabela acima de 8 m é calculada.
CB97: 150 | CC97: > 8 | CD97: =CEILING(1.1*CD82*CD82/CD67,0.05) -> 1.2 | CE97: =CEILING(1.1*CE82*CE82/CE67,0.05) -> 1.65 | CF97: =CEILING(1.1*CF82*CF82/CF67,0.05) -> 2.25 | CG97: =CEILING(1.1*CG83*CG83/CG68,0.05) -> 2.45
CB98: 200 | CC98: > 8 | CD98: =CEILING(1.1*CD83*CD83/CD68,0.05) -> 1.25 | CE98: =CEILING(1.1*CE83*CE83/CE68,0.05) -> 1.7 | CF98: =CEILING(1.1*CF83*CF83/CF68,0.05) -> 2.3 | CG98: =CEILING(1.1*CG83*CG83/CG68,0.05) -> 2.45
CB99: 250 | CC99: > 8 | CD99: =CEILING(1.1*CD84*CD84/CD69,0.05) -> 1.35 | CE99: =CEILING(1.1*CE84*CE84/CE69,0.05) -> 1.8 | CF99: =CEILING(1.1*CF84*CF84/CF69,0.05) -> 2.4 | CG99: =CEILING(1.1*CG84*CG84/CG69,0.05) -> 2.55
CB100: 300 | CC100: > 8 | CD100: =CEILING(1.1*CD85*CD85/CD70,0.05) -> 1.35 | CE100: =CEILING(1.1*CE85*CE85/CE70,0.05) -> 1.8 | CF100: =CEILING(1.1*CF85*CF85/CF70,0.05) -> 2.4 | CG100: =CEILING(1.1*CG85*CG85/CG70,0.05) -> 2.55
CB101: 350 | CC101: > 8 | CD101: =CEILING(1.1*CD86*CD86/CD71,0.05) -> 1.45 | CE101: =CEILING(1.1*CE86*CE86/CE71,0.05) -> 2.15 | CF101: =CEILING(1.1*CF86*CF86/CF71,0.05) -> 2.7 | CG101: =CEILING(1.1*CG86*CG86/CG71,0.05) -> 2.9
CB102: 400 | CC102: > 8 | CD102: =CEILING(1.1*CD87*CD87/CD72,0.05) -> 1.45 | CE102: =CEILING(1.1*CE87*CE87/CE72,0.05) -> 2.15 | CF102: =CEILING(1.1*CF87*CF87/CF72,0.05) -> 2.7 | CG102: =CEILING(1.1*CG87*CG87/CG72,0.05) -> 2.9
CB103: 450 | CC103: > 8 | CD103: =CEILING(1.1*CD88*CD88/CD73,0.05) -> 1.55 | CE103: =CEILING(1.1*CE88*CE88/CE73,0.05) -> 2.2 | CF103: =CEILING(1.1*CF88*CF88/CF73,0.05) -> 2.75 | CG103: =CEILING(1.1*CG88*CG88/CG73,0.05) -> 3
CB104: 500 | CC104: > 8 | CD104: =CEILING(1.1*CD89*CD89/CD74,0.05) -> 1.7 | CE104: =CEILING(1.1*CE89*CE89/CE74,0.05) -> 2.35 | CF104: =CEILING(1.1*CF89*CF89/CF74,0.05) -> 2.95 | CG104: =CEILING(1.1*CG89*CG89/CG74,0.05) -> 3.1
CB105: 600 | CC105: > 8 | CD105: =CEILING(1.1*CD90*CD90/CD75,0.05) -> 1.8 | CE105: =CEILING(1.1*CE90*CE90/CE75,0.05) -> 2.45 | CF105: =CEILING(1.1*CF90*CF90/CF75,0.05) -> 3.05 | CG105: =CEILING(1.1*CG90*CG90/CG75,0.05) -> 3.2
CB106: 700 | CC106: > 8 | CD106: =CEILING(1.1*CD91*CD91/CD76,0.05) -> 1.9 | CE106: =CEILING(1.1*CE91*CE91/CE76,0.05) -> 2.6 | CF106: =CEILING(1.1*CF91*CF91/CF76,0.05) -> 3.15 | CG106: =CEILING(1.1*CG91*CG91/CG76,0.05) -> 3.35
CB107: 800 | CC107: > 8 | CD107: =CEILING(1.1*CD92*CD92/CD77,0.05) -> 2 | CE107: =CEILING(1.1*CE92*CE92/CE77,0.05) -> 2.7 | CF107: =CEILING(1.1*CF92*CF92/CF77,0.05) -> 3.25 | CG107: =CEILING(1.1*CG92*CG92/CG77,0.05) -> 3.35
CB108: 900 | CC108: > 8 | CD108: =CEILING(1.1*CD93*CD93/CD78,0.05) -> 2.1 | CE108: =CEILING(1.1*CE93*CE93/CE78,0.05) -> 2.8 | CF108: =CEILING(1.1*CF93*CF93/CF78,0.05) -> 3.35 | CG108: =CEILING(1.1*CG93*CG93/CG78,0.05) -> 3.55
CB109: 1000 | CC109: > 8 | CD109: =CEILING(1.1*CD94*CD94/CD79,0.05) -> 2.25 | CE109: =CEILING(1.1*CE94*CE94/CE79,0.05) -> 2.9 | CF109: =CEILING(1.1*CF94*CF94/CF79,0.05) -> 3.45 | CG109: =CEILING(1.1*CG94*CG94/CG79,0.05) -> 3.65
BW111: Saint Gobain | CA111: Tigre | CB111: Tigre | CH111: Tigre | CL111: Amanco | CP111: Otek | CU111: Kanaflex | CZ111: Tigre ADS | DE111: Tigre ADS | DJ111: Guarani
BN112: Listas | BQ112: Critérios | BW112: Dados das Tubulações
BW113: Ferro Fundido / PVC deFoFo | BY113: Classe K7 | BZ113: Classe K9 | CA113: PVC deFoFo | CB113: PVC PBA | CE113: Classe 12 Peso (kg / m) | CF113: Classe 15 Peso (kg / m) | CG113: Classe 20 Peso (kg / m) | CH113: PVC Corrugado / PVC Coletor (Ocre) | CK113: PVC Ocre Peso (kg / m) | CL113: PVC Corr. Peso (kg / m) | CM113: Aço | CN113: esp. (poleg) = | CO113: 0.25 | CP113: PRFV SN 5000 | CR113: PN 10 | CS113: PN 16 | CT113: PN 20 | CU113: PEAD Corrugado KNTS Super | CZ113: PEAD Corrugado N-12 - Aplicação Sanitária | DE113: PEAD Corrugado N-12 - Drenagem | DJ113: Concreto Armado - Classes EA e PA
BN114: Água | BQ114: Espessura do lastro de brita | BU114: 0.1 | BV114: m | BW114: DN | BX114: DE | BY114: Peso (kg/m) | BZ114: Peso (kg/m) | CA114: Peso (kg/m) | CB114: DN | CC114: DI | CD114: DE | CH114: DN | CI114: DI | CJ114: DE | CM114: DN | CN114: DE | CO114: Peso (kg / m) | CP114: DN | CQ114: DE | CR114: Peso (kg / m) | CS114: Peso (kg / m) | CT114: Peso (kg / m) | CU114: DN | CV114: DI | CW114: DE (envolt.) | CX114: Parede (espess.) | CY114: Peso (kg / m) | CZ114: DN | DA114: DI | DB114: DE (envolt.) | DC114: DE (espess.) | DD114: Peso (kg / m) | DE114: DN | DF114: DI | DG114: DE (envolt.) | DH114: DE (espess.) | DI114: Peso (kg / m) | DJ114: DN | DK114: Esp | DL114: DE | DM114: Peso (kg/m)
BN115: Esgoto | BQ115: Espessura do lastro de areia | BU115: 0.1 | BV115: m | BW115: 80 | BX115: 98 | BZ115: 14.5 | CB115: 50 | CC115: 60 | CD115: 60 | CE115: =4.525/6 -> 0.75416667 | CF115: =5.46/6 -> 0.91 | CG115: =6.93/6 -> 1.155 | CH115: 100 | CI115: =CJ115-2*2.5 -> 105 | CJ115: 110 | CK115: =8.049/6 -> 1.3415 | CM115: 50 | CN115: =CM115/25*25.4 -> 50.8 | CO115: =(PI()*(CN115/2000)^2-PI()*((CN115-2*($CO$113*25.4))/2000)^2)*7700 -> 6.8278833 | CP115: 300 | CQ115: =(324.5+323.4)/2 -> 323.95 | CR115: 10.3 | CS115: 10.3 | CT115: 9.3 | CU115: 250 | CV115: 250 | CW115: 296 | CX115: 1.5 | CZ115: 450 | DA115: 460 | DB115: =(DA115+2*1.9+DC115)/2 -> 504.4 | DC115: 545 | DD115: =63.4/6 -> 10.566667 | DE115: 100 | DF115: 103 | DG115: =(DF115+2*0.5+DH115)/2 -> 112 | DH115: 120 | DI115: =4/6 -> 0.66666667 | DJ115: 300 | DK115: 52.4 | DL115: =ROUNDUP(DJ115+2*DK115,1) -> 404.8 | DM115: 160
BN116: Travessia Aérea | BQ116: Espessura da envoltória com areia abaixo do tubo | BU116: 0.1 | BV116: m | BW116: 100 | BX116: 118 | BZ116: 18.1 | CA116: =15.119/6 -> 2.5198333 | CB116: 60 | CC116: 75 | CD116: 75 | CE116: =7.118/6 -> 1.1863333 | CF116: =8.638/6 -> 1.4396667 | CG116: =10.568/6 -> 1.7613333 | CH116: 150 | CI116: =CJ116-2*3.6 -> 152.8 | CJ116: 160 | CK116: =16.71/6 -> 2.785 | CL116: =11.17782/6 -> 1.86297 | CM116: 100 | CN116: =CM116/25*25.4 -> 101.6 | CO116: =(PI()*(CN116/2000)^2-PI()*((CN116-2*($CO$113*25.4))/2000)^2)*7700 -> 14.631178 | CP116: 350 | CQ116: =(376.4+375.4)/2 -> 375.9 | CR116: 13.8 | CS116: 14.3 | CT116: 12.3 | CU116: 300 | CV116: 300 | CW116: 371 | CX116: 1.7 | CZ116: 600 | DA116: 614 | DB116: =(DA116+2*2.2+DC116)/2 -> 667.7 | DC116: 717 | DD116: =109.1/6 -> 18.183333 | DE116: 150 | DF116: 153 | DG116: =(DF116+2*0.5+DH116)/2 -> 165 | DH116: 176 | DI116: =8/6 -> 1.3333333 | DJ116: 400 | DK116: 59.4 | DL116: =ROUNDUP(DJ116+2*DK116,1) -> 518.8 | DM116: 228
BQ117: Espessura da envoltória com areia acima do tubo | BU117: 0.1 | BV117: m | BW117: 150 | BX117: 170 | BY117: 23.3 | BZ117: 27.3 | CA117: =30.67/6 -> 5.1116667 | CB117: 75 | CC117: 85 | CD117: 85 | CE117: =9.193/6 -> 1.5321667 | CF117: =10.948/6 -> 1.8246667 | CG117: =13.704/6 -> 2.284 | CH117: 200 | CI117: =CJ117-2*4.5 -> 191 | CJ117: 200 | CK117: =26.698/6 -> 4.4496667 | CL117: =15.98697/6 -> 2.664495 | CM117: 150 | CN117: =CM117/25*25.4 -> 152.4 | CO117: =(PI()*(CN117/2000)^2-PI()*((CN117-2*($CO$113*25.4))/2000)^2)*7700 -> 22.434474 | CP117: 400 | CQ117: =(427.3+426.3)/2 -> 426.8 | CR117: 17.6 | CS117: 18.5 | CT117: 15.8 | CU117: 400 | CV117: 400 | CW117: 465 | CX117: 2.3 | CZ117: 750 | DA117: 774 | DB117: =(DA117+2*2.4+DC117)/2 -> 839.4 | DC117: 900 | DD117: =150/6 -> 25 | DE117: 200 | DF117: 200 | DG117: =(DF117+2*0.6+DH117)/2 -> 216.6 | DH117: 232 | DI117: =14/6 -> 2.3333333 | DJ117: 500 | DK117: 68.9 | DL117: =ROUNDUP(DJ117+2*DK117,1) -> 637.8 | DM117: 344
...

Sheet Q-CX-Entrada
B2: MEMORIAIS DE QUANTITATIVOS DE ORÇAMENTO
B3: Caixa de entrada com paredes em alvenaria e laje de fundo em concreto armado
B5: DADOS
B7: Laje de Fundo em Concreto Armado
B8: Comprimento | C8: 5.8 | D8: m
B9: Largura | C9: 3.2 | D9: m
B10: Altura | C10: 0.25 | D10: m
B11: Altura do lastro de brita | C11: 0.05 | D11: m
B12: Altura do lastro de concreto magro | C12: 0.05 | D12: m
B13: Paredes em Alvenaria (1) | C13: 2 | D13: unid
B14: Comprimento | C14: 5.4 | D14: m
B15: Largura | C15: 0.2 | D15: m
B16: Paredes em Alvenaria (2) | C16: 2 | D16: unid
B17: Comprimento | C17: 2.4 | D17: m
B18: Largura | C18: 0.2 | D18: m
B19: Altura | C19: 1.4 | D19: m
B22: SERVIÇOS TÉCNICOS
B24: Locação de obras localizadas
B26: Total de dias | C26: 1 | D26: dia
B27: Quantidade de equipe x dia | C27: 1 | D27: eqxdia
B28: Subtotal | C28: =(C26*C27) -> 1 | D28: =D27 -> eqxdia
B30: Total de locação de obras localizadas | C30: =(C28) -> 1 | D30: =D28 -> eqxdia | E30: 70010008 | F30: SABESP
B33: MOVIMENTO DE TERRA
B35: Escavação mecanizada de poços e cavas, em solo não rochoso, com profundidade até 2,00 m
B37: Folgas Laterais | C37: 0.5 | D37: m
B38: Altura total | C38: =(C10+C19+C11+C12) -> 1.75 | D38: m
B39: =B8 -> Comprimento | C39: =C8 -> 5.8 | D39: =D8 -> m
B40: =B9 -> Largura | C40: =C9 -> 3.2 | D40: =D9 -> m
B41: Comprimento de escavação (fundo) | C41: =(C37+C39+C37) -> 6.8 | D41: m
B42: Largura de escavação (fundo) | C42: =(C37+C40+C37) -> 4.2 | D42: m
B43: Área da base menor (fundo) | C43: =(C41*C42) -> 28.56 | D43: m²
B44: Comprimento de escavação (superfície) | C44: =C41+C37+C37 -> 7.8 | D44: m
B45: Largura de escavação (superfície) | C45: =C42+C37+C37 -> 5.2 | D45: m
B46: Área da base menor (superfície) | C46: =(C44*C45) -> 40.56 | D46: m²
B47: Subtotal | C47: =((C38/3)*(C43+(SQRT(C43*C46))+C46)) -> 60.173856 | D47: m³
B49: Volume total de escavação mecanizada de poços e cavas, com prof. até 2,00 m | C49: =(C47) -> 60.173856 | D49: m³ | E49: 70030008 | F49: SABESP
B52: Aterro de valas, poços e cavas compactado mecanicamente, sem controle do G.C.
B54: Volume total de escavação | C54: =C49 -> 60.173856 | D54: m³
B55: (-) Volume total de lastro de brita | C55: =C92 -> 0.928 | D55: =D92 -> m³
B56: (-) Volume total de lastro de concreto magro | C56: =C103 -> 0.928 | D56: m³
B57: (-) Volume total de construção | C57: =(C8*C9*C10)+(C14*(C17+C18+C18)*C19) -> 25.808 | D57: =D134 -> m³
B58: Subtotal | C58: =C54-(C55+C56+C57) -> 32.509856 | D58: m³
B60: Volume total de aterro de valas, poços e cavas compactado, sem controle do G.C. | C60: =(C58) -> 32.509856 | D60: m³ | E60: 70030025 | F60: SABESP
B63: Carga, manobra e descarga de solos e materiais granulares em caminhão basculante 10 m³
B65: Volume total de escavação | C65: =C49 -> 60.173856 | D65: m³
B66: (-) Volume total de reaterro | C66: =C60 -> 32.509856 | D66: m³
B67: Considerado 30% de empolamento | C67: 1.3
B68: Subtotal | C68: =((C65-C66)*C67) -> 35.9632 | D68: m³
B70: Volume total de carga, manobra e descarga de solos | C70: =(C68) -> 35.9632 | D70: m³ | E70: 100978 | F70: SINAPI
B73: Transporte com caminhão basculante de 10 m³, em via urbana pavimentada
B75: Distância considerada | C75: 15 | D75: km
B76: =B70 -> Volume total de carga, manobra e descarga de solos | C76: =ROUND(C70,2) -> 35.96 | D76: =D70 -> m³
B77: Subtotal | C77: =(C76*C75) -> 539.4 | D77: m³xkm
B79: Volume total de transporte com caminhão basculante de 10 m³ | C79: =(C77) -> 539.4 | D79: m³xkm | E79: 95875 | F79: SINAPI
B82: FUNDAÇÕES E ESTRUTURAS
B84: Lastro com material granular (pedra britada nº 2), aplicado em pisos ou lajes sobre solo
B86: =B7 -> Laje de Fundo em Concreto Armado
B87: =B8 -> Comprimento | C87: =C8 -> 5.8 | D87: =D8 -> m
B88: =B9 -> Largura | C88: =C9 -> 3.2 | D88: =D9 -> m
B89: =B11 -> Altura do lastro de brita | C89: =C11 -> 0.05 | D89: =D11 -> m
B90: Subtotal | C90: =(C87*C88*C89) -> 0.928 | D90: m³
B92: Volume total de lastro com material granular (pedra britada nº 2) | C92: =(C90) -> 0.928 | D92: m³ | E92: 96622 | F92: SINAPI
B95: Lastro de concreto magro, aplicado em pisos, lajes sobre solo ou radiers
B97: =B7 -> Laje de Fundo em Concreto Armado
B98: =B8 -> Comprimento | C98: =C8 -> 5.8 | D98: =D8 -> m
B99: =B9 -> Largura | C99: =C9 -> 3.2 | D99: =D9 -> m
B100: =B12 -> Altura do lastro de concreto magro | C100: =C12 -> 0.05 | D100: =D12 -> m
B101: Subtotal | C101: =(C98*C99*C100) -> 0.928 | D101: m³
B103: Volume total de lastro de concreto magro, aplicado em pisos, lajes sobre solo | C103: =(C101) -> 0.928 | D103: m³ | E103: 96620 | F103: SINAPI
B106: Fôrma plana de madeira - estrutura
B108: =B7 -> Laje de Fundo em Concreto Armado
B109: =B8 -> Comprimento | C109: =C8 -> 5.8 | D109: =D8 -> m
B110: =B9 -> Largura | C110: =C9 -> 3.2 | D110: =D9 -> m
B111: =B10 -> Altura | C111: =C10 -> 0.25 | D111: =D10 -> m
B112: Subtotal | C112: =((C109*C111*2)+(C110*C111*2)) -> 4.5 | D112: m²
B114: Área total de fôrma plana de madeira - estrutura | C114: =(C112) -> 4.5 | D114: m² | E114: 70070127 | F114: SABESP
B117: Armação em aço CA-50
B119: Taxa adotada | C119: 100 | D119: kg/m³
B120: =B134 -> Volume total de concreto estrutural, FCK = 30,0 MPa | C120: =C134 -> 4.64 | D120: =D134 -> m³
B121: Subtotal | C121: =(C119*C120) -> 464 | D121: kg
B123: Peso total de armação em aço CA-50 | C123: =(C121) -> 464 | D123: kg | E123: 70070135 | F123: SABESP
B126: Concreto estrutural p/ estruturas em contato com água bruta, água tratada, solo e gases agressivos, FCK = 30,0 MPa
B128: =B7 -> Laje de Fundo em Concreto Armado
B129: =B8 -> Comprimento | C129: =C8 -> 5.8 | D129: =D8 -> m
B130: =B9 -> Largura | C130: =C9 -> 3.2 | D130: =D9 -> m
B131: =B10 -> Altura | C131: =C10 -> 0.25 | D131: =D10 -> m
B132: Subtotal | C132: =(C129*C130*C131) -> 4.64 | D132: m³
B134: Volume total de concreto estrutural, FCK = 30,0 MPa | C134: =(C132) -> 4.64 | D134: m³ | E134: 70070147 | F134: SABESP
B137: Concreto não estrutural - mínimo 150 kg de cimento/m³
B139: Enchimento
B140: Comprimento interno | C140: =(C14-C15-C15) -> 5 | D140: m
B141: Largura interna | C141: =C17 -> 2.4 | D141: m
B142: Altura média | C142: 0.1 | D142: m
B143: Subtotal | C143: =(C140*C141*C142) -> 1.2 | D143: m³
B145: Volume total de concreto não estrutural - mínimo 150 kg de cimento/m³ | C145: =(C143) -> 1.2 | D145: m³ | E145: 70070142 | F145: SABESP
B148: ALVENARIAS
B150: Alvenaria de blocos estruturais de concreto 19 x 19 x 39 cm, com armação e grout
B152: =B13 -> Paredes em Alvenaria (1) | C152: =C13 -> 2 | D152: =D13 -> unid
B153: =B14 -> Comprimento | C153: =C14 -> 5.4 | D153: =D14 -> m
B154: =B15 -> Largura | C154: =C15 -> 0.2 | D154: =D15 -> m
...

Sheet Q-Bloco Apoio
B2: MEMORIAIS DE QUANTITATIVOS DE ORÇAMENTO
B3: Bloco de apoio 0,60m x 0,60m x 0,20m
B5: DADOS
B7: Comprimento | C7: 0.6 | D7: m
B8: Largura | C8: 0.6 | D8: m
B9: Altura | C9: 0.2 | D9: m
B12: FUNDAÇÕES E ESTRUTURAS
B14: Fôrma plana de madeira - estrutura
B16: =B7 -> Comprimento | C16: =C7 -> 0.6 | D16: =D7 -> m
B17: =B8 -> Largura | C17: =C8 -> 0.6 | D17: =D8 -> m
B18: =B9 -> Altura | C18: =C9 -> 0.2 | D18: =D9 -> m
B19: Subtotal | C19: =((C16*C18*2)+(C17*C18*2)) -> 0.48 | D19: m²
B21: Área total de fôrma plana de madeira - estrutura | C21: =(C19) -> 0.48 | D21: m² | E21: 70070127 | F21: SABESP
B24: Concreto estrutural p/ estruturas em contato com água bruta, água tratada, solo e gases agressivos, FCK = 30,0 MPa
B26: =B7 -> Comprimento | C26: =C7 -> 0.6 | D26: =D7 -> m
B27: =B8 -> Largura | C27: =C8 -> 0.6 | D27: =D8 -> m
B28: =B9 -> Altura | C28: =C9 -> 0.2 | D28: =D9 -> m
B29: Subtotal | C29: =(C26*C27*C28) -> 0.072 | D29: m³
B31: Volume total de concreto estrutural, FCK = 30,0 MPa | C31: =(C29) -> 0.072 | D31: m³ | E31: 70070147 | F31: SABESP
B34: PINTURAS
B36: Pintura com verniz acrílico em concreto aparente
B38: =B7 -> Comprimento | C38: =C7 -> 0.6 | D38: =D7 -> m
B39: =B8 -> Largura | C39: =C8 -> 0.6 | D39: =D8 -> m
B40: =B9 -> Altura | C40: =C9 -> 0.2 | D40: =D9 -> m
B41: Subtotal | C41: =((C38*C40*2)+(C39*C40*2)) -> 0.48 | D41: m²
B43: Área total de pintura com verniz acrílico em concreto aparente | C43: =(C41) -> 0.48 | D43: m² | E43: 70120057 | F43: SABESP

Sheet Q-Extravasor
BI1: 2.4 | BJ1: t
AN2: SINAPI | AO2: SINAPI | BI2: 1.15 | BJ2: exp
AU3: =ROUND(AU7+AV7+AW7+AX7+AY7,2) -> 0.3 | BI3: 20 | BJ3: dist
E4: MEMORIAIS DE QUANTITATIVOS - INTERLIGAÇÃO DO EXTRAVASOR E DESCARGA | AF4: MEMORIAIS DE QUANTITATIVOS - INTERLIGAÇÃO DO EXTRAVASOR E DESCARGA
A5: Estaca Inicial | C5: Estaca Final | E5: Extensão | F5: Material | G5: Tipo de Obra | H5: Nível de Interferência | I5: Ø | J5: Cota Terreno Inicial (m) | K5: Cota GI Inicial (m) | L5: Prof Inicial (m) | M5: Profundidade Média de Escavação | N5: Largura da Vala | O5: Decliv. | P5: Locação e Cadastro | Q5: Raspagem Superficial | R5: Pavimento | S5: Tipo de Escavação | T5: Escavação Mecânica de Valas | Z5: Escavação Manual de Valas | AF5: Escoramento | AH5: Esgotamento | AI5: Esgotamento | AK5: Tapume | AL5: Passadiços de Madeira para Pedestres | AM5: Embasamento | AP5: Assentamento das Tubulações | AQ5: Reaterro de Vala | AS5: Preparo de Fundo de Vala | AT5: Demolição de Pavimentação | AU5: Pavimentação Asfáltica | AZ5: Passeio Cimentado | BA5: Carga e Transporte | BL5: Limpeza Pós-Obra
T6: =CONCATENATE("até ",FIXED($BU$164,2)," m") -> até 1,50 m | U6: =CONCATENATE("de ",FIXED($BU$164,2)," até ",FIXED(2*$BU$164,2)," m") -> de 1,50 até 3,00 m | V6: =CONCATENATE("de ",FIXED(2*$BU$164,2)," até ",FIXED(3*$BU$164,2)," m") -> de 3,00 até 4,50 m | W6: =CONCATENATE("de ",FIXED(3*$BU$164,2)," até ",FIXED(4*$BU$164,2)," m") -> de 4,50 até 6,00 m | X6: =CONCATENATE("de ",FIXED(4*$BU$164,2)," até ",FIXED(5*$BU$164,2)," m") -> de 6,00 até 7,50 m | Y6: =CONCATENATE("de ",FIXED(5*$BU$164,2)," até ",FIXED(6*$BU$164,2)," m") -> de 7,50 até 9,00 m | Z6: =CONCATENATE("até ",FIXED($BU$165,2)," m") -> até 1,50 m | AA6: =CONCATENATE("de ",FIXED($BU$165,2)," até ",FIXED(2*$BU$165,2)," m") -> de 1,50 até 3,00 m | AB6: =CONCATENATE("de ",FIXED(2*$BU$165,2)," até ",FIXED(3*$BU$165,2)," m") -> de 3,00 até 4,50 m | AC6: =CONCATENATE("de ",FIXED(3*$BU$165,2)," até ",FIXED(4*$BU$165,2)," m") -> de 4,50 até 6,00 m | AD6: =CONCATENATE("de ",FIXED(4*$BU$165,2)," até ",FIXED(5*$BU$165,2)," m") -> de 6,00 até 7,50 m | AE6: =CONCATENATE("de ",FIXED(5*$BU$165,2)," até ",FIXED(6*$BU$165,2)," m") -> de 7,50 até 9,00 m | AF6: Tipo | AG6: Área | AH6: Tipo | AI6: Tempo de Bombeamento | AJ6: Rebaixamento com Ponteiras Filtrantes | AK6: Contínuo | AM6: Lastro de Vala com Brita | AN6: Lastro de Vala com Areia | AO6: Envoltória com Areia | AQ6: Com Controle | AR6: Sem Controle | AU6: Subleito | AV6: Sub Base | AW6: Base | AX6: Imprimação | AY6: Camada de Rolamento | BA6: Carga e Descarga de Terra | BB6: Transporte de Terra | BC6: Carga e Descarga de Brita | BD6: Transporte de Brita | BE6: Carga e Descarga de Areia | BF6: Transporte de Areia | BG6: Carga e Descarga de Entulho | BH6: Transporte de Entulho | BI6: Transporte de Asfalto | BJ6: Carga e Descarga de Tubos | BK6: Transporte de Tubos
J7: Cota Terreno Final (m) | K7: Cota GI Final (m) | L7: Prof Final (m) | AK7: Reaprov. 3x | AT7: Asfática=m² | AU7: 0 | AV7: 0.15 | AW7: 0.1 | AX7: 0 | AY7: 0.05 | AZ7: 0.1 | BB7: =CONCATENATE("d = ",FIXED($BU$179,1),"km") -> d = 15,0km | BD7: =CONCATENATE("d = ",FIXED($BU$181,1),"km") -> d = 15,0km | BF7: =CONCATENATE("d = ",FIXED($BU$182,1),"km") -> d = 15,0km | BH7: =CONCATENATE("d = ",FIXED($BU$183,1),"km") -> d = 15,0km | BI7: =CONCATENATE("d = ",FIXED($BI$3,1),"km") -> d = 20,0km | BK7: =CONCATENATE("d = ",FIXED($BU$184,1),"km") -> d = 30,0km
E8: m | I8: mm | M8: m | N8: m | O8: m | P8: m | Q8: m² | T8: m³ | U8: m³ | V8: m³ | W8: m³ | X8: m³ | Y8: m³ | Z8: m³ | AA8: m³ | AB8: m³ | AC8: m³ | AD8: m³ | AE8: m³ | AG8: m² | AI8: hp x h | AJ8: m | AK8: m | AL8: m² | AM8: m³ | AN8: m³ | AO8: m³ | AP8: m | AQ8: m³ | AR8: m³ | AS8: m² | AT8: Passeio=m³ | AU8: m² | AV8: m³ | AW8: m³ | AX8: m² | AY8: m³ | AZ8: m² | BA8: m³ | BB8: m³ x km | BC8: m³ | BD8: m³ x km | BE8: m³ | BF8: m³ x km | BG8: m³ | BH8: m³ x km | BI8: t x km | BJ8: T | BK8: T x km | BL8: m²
F9: FºFº Classe K7 | G9: Água | H9: Alto | I9: =IF(OR(ISNUMBER(MATCH(F9,$BN$140:$BN$141,0)),ISNUMBER(MATCH(F9,$BN$153:$BN$153,0))),(VLOOKUP(I10,$BW$132:$BX$152,2,FALSE)-I10)/2000,0)+IF(ISNUMBER(MATCH(F9,$BN$154:$BN$155,0)),(VLOOKUP(I10,$CH$132:$CJ$138,3,FALSE)-VLOOKUP(I10,$CH$132:$CJ$138,2,FALSE))/2000,0)+IF(ISNUMBER(MATCH(F9,$BN$156:$BN$158,0)),(VLOOKUP(I10,$CB$132:$CD$135,3,FALSE)-VLOOKUP(I10,$CB$132:$CD$135,2,FALSE))/2000,0)+IF(ISNUMBER(MATCH(F9,$BN$159:$BN$161,0)),(VLOOKUP(I10,$CP$132:$CQ$151,2,FALSE)-I10)/2000,0)+IF(ISNUMBER(MATCH(F9,$BN$149:$BN$150,0)),(VLOOKUP(I10,$CZ$132:$DC$138,4,FALSE)-VLOOKUP(I10,$CZ$132:$DC$138,2,FALSE))/2000,0)+IF(ISNUMBER(MATCH(F9,$BN$151:$BN$152,0)),(VLOOKUP(I10,$DE$132:$DH$144,4,FALSE)-VLOOKUP(I10,$DE$132:$DH$144,2,FALSE))/2000,0)+IF(ISNUMBER(MATCH(F9,$BN$162:$BN$162,0)),(VLOOKUP(I10,$CM$132:$CN$168,2,FALSE)-I10)/2000,0)+IF(ISNUMBER(MATCH(F9,$BN$142:$BN$148,0)),(VLOOKUP(I10,$DJ$132:$DL$144,3,FALSE)-I10)/2000,0) -> 0.016 | J9: 662.29 | K9: 660.64 | L9: =J9-K9 -> 1.65 | R9: Terra | S9: Manual | AH9: Desnecessário
A10: - | B10: - | C10: - | D10: - | E10: 3 | I10: 500 | M10: =ABS((L9+L11)/2)+IF(ISNUMBER(MATCH(F9,$BN$140:$BN$148,0)),$BU$131,0)+IF(ISNUMBER(MATCH(AH9,$BN$202,0)),$BU$132,0)+IF(ISNUMBER(MATCH(F9,$BN$149:$BN$152,0)),IF(I10<=600,$BU$133,$BU$134),0)+IF(ISNUMBER(MATCH(F9,$BN$153:$BN$167,0)),$BU$132,0) -> 1.75 | N10: =IF(MATCH(G9,$BN$131:$BN$133,0)=1,IF(ISNUMBER(MATCH(F9,$BN$140:$BN$161,0)),VLOOKUP(I10,IF(M10<=2,$BN$53:$BS$66,$BN$68:$BS$84),VLOOKUP(AF10,$BO$176:$BP$181,2,FALSE),FALSE),IF(ISNUMBER(MATCH(F9,$BN$162,0)),VLOOKUP(I10,IF(M10<=2,$BU$53:$BZ$66,$BU$68:$BZ$88),VLOOKUP(AF10,$BO$176:$BP$181,2,FALSE),FALSE),0)),0)+IF(MATCH(G9,$BN$131:$BN$133,0)=2,VLOOKUP(I10,IF(M10<=2,$CB$53:$CG$66,IF(M10<=4,$CB$68:$CG$81,IF(M10<=6,$CB$83:$CG$96,IF(M10<=8,$CB$98:$CG$111,$CB$113:$CG$126)))),VLOOKUP(AF10,$BO$176:$BP$181,2,FALSE)),0) -> 1.15 | O10: =ABS((K11-K9)/E10) -> 0 | P10: =E10 -> 3 | Q10: =IF(IF(AND(MATCH(R9,$BN$192:$BN$196,0)<=1),E10*(N10+2*$BP$192))=FALSE,0,IF(AND(MATCH(R9,$BN$192:$BN$196,0)<=1),E10*(N10+2*$BP$192))) -> 5.25 | T10: =IF(AND(ISNUMBER(MATCH(S9,$BN$205,0))),E10*N10*(MIN(M10,$BU$164)-VLOOKUP(R9,$BN$192:$BP$197,2,FALSE)),VLOOKUP(S9,$BN$205:$BP$206,2,FALSE)) -> 0 | U10: =IF(AND(ISNUMBER(MATCH(S9,$BN$205,0))),E10*N10*MAX(MIN(M10-$BU$164,$BU$164),0)+E10*MAX((MIN(M10-$BU$164,-$BU$164)),0),VLOOKUP(S9,$BN$205:$BP$206,2,FALSE)) -> 0 | V10: =IF(AND(ISNUMBER(MATCH(S9,$BN$205,0))),E10*N10*MAX(MIN(M10-2*$BU$164,$BU$164),0)+E10*MAX((MIN(M10-2*$BU$164,-2*$BU$164,-2*$BU$164,$BU$164)),0),VLOOKUP(S9,$BN$205:$BP$206,2,FALSE)) -> 0 | W10: =IF(AND(ISNUMBER(MATCH(S9,$BN$205,0))),E10*N10*MAX(MIN(M10-3*$BU$164,$BU$164),0)+E10*MAX((MIN(M10-3*$BU$164,-3*$BU$164,-3*$BU$164,$BU$164)),0),VLOOKUP(S9,$BN$205:$BP$206,2,FALSE)) -> 0 | X10: =IF(AND(ISNUMBER(MATCH(S9,$BN$205,0))),E10*N10*MAX(MIN(M10-4*$BU$164,$BU$164),0)+E10*MAX((MIN(M10-4*$BU$164,-4*$BU$164,-4*$BU$164,$BU$164)),0),VLOOKUP(S9,$BN$205:$BP$206,2,FALSE)) -> 0 | Y10: =IF(AND(ISNUMBER(MATCH(S9,$BN$205,0))),E10*N10*MAX(MIN(M10-5*$BU$164,$BU$164),0)+E10*MAX((MIN(M10-5*$BU$164,-5*$BU$164,-5*$BU$164,$BU$164)),0),VLOOKUP(S9,$BN$205:$BP$206,2,FALSE)) -> 0 | Z10: =IF(AND(ISNUMBER(MATCH(S9,$BN$206,0))),E10*N10*(MIN(M10,$BU$165)-VLOOKUP(R9,$BN$192:$BP$197,2,FALSE)),VLOOKUP(S9,$BN$205:$BP$206,2,FALSE)) -> 5.175 | AA10: =IF(AND(ISNUMBER(MATCH(S9,$BN$206,0))),E10*N10*MAX(MIN(M10-$BU$165,$BU$165),0)+E10*MAX((MIN(M10-$BU$165,-$BU$165)),0))-VLOOKUP(S9,$BN$205:$BP$206,2,FALSE) -> 0.8625 | AB10: =IF(AND(ISNUMBER(MATCH(S9,$BN$206,0))),E10*N10*MAX(MIN(M10-2*$BU$165,$BU$165),0)+E10*MAX((MIN(M10-2*$BU$165,-2*$BU$165,-2*$BU$165,$BU$165)),0))-VLOOKUP(S9,$BN$205:$BP$206,2,FALSE) -> 0 | AC10: =IF(AND(ISNUMBER(MATCH(S9,$BN$206,0))),E10*N10*MAX(MIN(M10-3*$BU$165,$BU$165),0)+E10*MAX((MIN(M10-3*$BU$165,-3*$BU$165,-3*$BU$165,$BU$165)),0))-VLOOKUP(S9,$BN$205:$BP$206,2,FALSE) -> 0 | AD10: =IF(AND(ISNUMBER(MATCH(S9,$BN$206,0))),E10*N10*MAX(MIN(M10-4*$BU$165,$BU$165),0)+E10*MAX((MIN(M10-4*$BU$165,-4*$BU$165,-4*$BU$165,$BU$165)),0))-VLOOKUP(S9,$BN$205:$BP$206,2,FALSE) -> 0 | AE10: =IF(AND(ISNUMBER(MATCH(S9,$BN$206,0))),E10*N10*MAX(MIN(M10-5*$BU$165,$BU$165),0)+E10*MAX((MIN(M10-5*$BU$165,-5*$BU$165,-5*$BU$165,$BU$165)),0))-VLOOKUP(S9,$BN$205:$BP$206,2,FALSE) -> 0 | AF10: =IF(MATCH(G9,$BN$131:$BN$133,0)<=2,VLOOKUP((M10),$BN$176:$BO$181,2),"-") -> D | AG10: =IF(AND(MATCH(G9,$BN$131:$BN$133,0)<=2,MATCH(AF10,$BO$176:$BO$181,0)>1),(M10)*E10*2,0) -> 10.5 | AI10: =IF(AH9=$BN$201,E10*5*$BU$155,IF(AH9=$BN$200,"-","-")) -> - | AJ10: =IF(MATCH(AH9,$BN$200:$BN$202,0)<=2,0,((_xlfn.CEILING.PRECISE(E10/$BU$156))*$BU$157)) -> 0 | AK10: =IF(MATCH(G9,$BN$131:$BN$133,0)=3,0,E10*$BU$193/($BU$192)*2) -> 2 | AL10: =IF(MATCH(G9,$BN$131:$BN$133,0)=3,0,(E10/$BU$185)*$BU$186*(N10+2*N10)) -> 0.207 | AM10: =IF(ISNUMBER(MATCH(F9,$BN$140:$BN$148,0)),E10*N10*$BU$131,0) -> 0.345 | AN10: =IF(AND(ISNUMBER(MATCH(F9,$BN$140:$BN$148,0)),MATCH(AH9,$BN$200:$BN$202,0)=3),E10*N10*$BU$132,0) -> 0 | AO10: =IF(MATCH(G9,$BN$131:$BN$133,0)<=2,IF(ISNUMBER(MATCH(F9,$BN$153:$BN$162,0)),E10*(N10*(I11+$BU$133+$BU$134)-(((I11/2)^2)*(IF((M10-$BU$133)<I11,2*ACOS(1-(((M10-$BU$133)*2/I11))),2*PI())-SIN(IF((M10-$BU$133)<I11,2*ACOS(1-(((M10-$BU$133)*2/I11))),2*PI()))))/2),0)+IF(ISNUMBER(MATCH(F9,$BN$149:$BN$150,0)),E10*(N10*(VLOOKUP(I10,$CZ$132:$DC$138,3,FALSE)/1000+IF(I10<=600,$BU$136,$BU$137)+$BU$134)-(((VLOOKUP(I10,$CZ$132:$DC$138,3,FALSE)/2000)^2)*(IF((M10-IF(I10<=600,$BU$136,$BU$137))<VLOOKUP(I10,$CZ$132:$DC$138,3,FALSE)/1000,2*ACOS(1-((M10-IF(I10<=600,$BU$136,$BU$137))*2/VLOOKUP(I10,$CZ$132:$DC$138,3,FALSE)/1000)),2*PI())-SIN(IF((M10-IF(I10<=600,$BU$136,$BU$137))<VLOOKUP(I10,$CZ$132:$DC$138,3,FALSE)/1000,2*ACOS(1-((M10-IF(I10<=600,$BU$136,$BU$137))*2/VLOOKUP(I10,$CZ$132:$DC$138,3,FALSE)/1000)),2*PI()))))/2),0)+IF(ISNUMBER(MATCH(F9,$BN$151:$BN$152,0)),E10*(N10*(VLOOKUP(I10,$DE$132:$DH$144,3,FALSE)/1000+IF(I10<=600,$BU$136,$BU$137)+$BU$134)-(((VLOOKUP(I10,$DE$132:$DH$144,3,FALSE)/2000)^2)*(IF((M10-IF(I10<=600,$BU$136,$BU$137))<VLOOKUP(I10,$DE$132:$DH$144,3,FALSE)/1000,2*ACOS(1-((M10-IF(I10<=600,$BU$136,$BU$137))*2/VLOOKUP(I10,$DE$132:$DH$144,3,FALSE)/1000)),2*PI())-SIN(IF((M10-IF(I10<=600,$BU$136,$BU$137))<VLOOKUP(I10,$DE$132:$DH$144,3,FALSE)/1000,2*ACOS(1-((M10-IF(I10<=600,$BU$136,$BU$137))*2/VLOOKUP(I10,$DE$132:$DH$144,3,FALSE)/1000)),2*PI()))))/2),0),0) -> 0 | AP10: =E10 -> 3 | AQ10: =IF(ISNUMBER(MATCH(F9,$BN$140:$BN$148,0)),N10*E10*MAX(IF($BU$138=2,IF((M10-$BU$131-I11-$BU$141-VLOOKUP(R9,$BN$192:$BO$196,2,FALSE))<$BU$140,(M10-$BU$131-I11-$BU$141-VLOOKUP(R9,$BN$192:$BO$196,2,FALSE)),IF((M10-$BU$131-I11-$BU$141-VLOOKUP(R9,$BN$192:$BO$196,2,FALSE))<2*$BU$140,$BU$140,(M10-$BU$131-I11-$BU$141-VLOOKUP(R9,$BN$192:$BO$196,2,FALSE))/2)),M10-$BU$131-I11-$BU$139-VLOOKUP(R9,$BN$192:$BO$196,2,FALSE)),0),0)+IF(ISNUMBER(MATCH(F9,$BN$153:$BN$167,0)),N10*E10*MAX(IF((M10-$BU$133-$BU$134-I11-VLOOKUP(R9,$BN$192:$BO$196,2,FALSE))<$BU$140,(M10-$BU$133-$BU$134-I11-VLOOKUP(R9,$BN$192:$BO$196,2,FALSE)),IF((M10-$BU$133-$BU$134-I11-VLOOKUP(R9,$BN$192:$BO$196,2,FALSE))<2*$BU$140,$BU$140,(M10-$BU$133-$BU$134-I11-VLOOKUP(R9,$BN$192:$BO$196,2,FALSE))/2)),0),0)+IF(ISNUMBER(MATCH(F9,$BN$149:$BN$150,0)),N10*E10*MAX(IF((M10-IF(I10<=600,$BU$136,$BU$137)-$BU$134-VLOOKUP(I10,$CZ$132:$DC$138,3,FALSE)/1000-VLOOKUP(R9,$BN$192:$BO$196,2,FALSE))<$BU$140,(M10-IF(I10<=600,$BU$136,$BU$137)-$BU$134-VLOOKUP(I10,$CZ$132:$DC$138,3,FALSE)/1000-VLOOKUP(R9,$BN$192:$BO$196,2,FALSE)),IF((M10-IF(I10<=600,$BU$136,$BU$137)-$BU$134-VLOOKUP(I10,$CZ$132:$DC$138,3,FALSE)/1000-VLOOKUP(R9,$BN$192:$BO$196,2,FALSE))<2*$BU$140,$BU$140,(M10-IF(I10<=600,$BU$136,$BU$137)-$BU$134-VLOOKUP(I10,$CZ$132:$DC$138,3,FALSE)/1000-VLOOKUP(R9,$BN$192:$BO$196,2,FALSE))/2)),0),0)+IF(ISNUMBER(MATCH(F9,$BN$151:$BN$152,0)),N10*E10*MAX(IF((M10-IF(I10<=600,$BU$136,$BU$137)-$BU$134-VLOOKUP(I10,$DE$132:$DH$144,3,FALSE)/1000-VLOOKUP(R9,$BN$192:$BO$196,2,FALSE))<$BU$140,(M10-IF(I10<=600,$BU$136,$BU$137)-$BU$134-VLOOKUP(I10,$DE$132:$DH$144,3,FALSE)/1000-VLOOKUP(R9,$BN$192:$BO$196,2,FALSE)),IF((M10-IF(I10<=600,$BU$136,$BU$137)-$BU$134-VLOOKUP(I10,$DE$132:$DH$144,3,FALSE)/1000-VLOOKUP(R9,$BN$192:$BO$196,2,FALSE))<2*$BU$140,$BU$140,(M10-IF(I10<=600,$BU$136,$BU$137)-$BU$134-VLOOKUP(I10,$DE$132:$DH$144,3,FALSE)/1000-VLOOKUP(R9,$BN$192:$BO$196,2,FALSE))/2)),0),0) -> 1.41105 | AR10: =IF(ISNUMBER(MATCH(F9,$BN$140:$BN$148,0)),E10*MAX(N10*IF($BU$138=2,IF((M10-$BU$131-I11-$BU$141-VLOOKUP(R9,$BN$192:$BO$196,2,FALSE))<$BU$140,I11+$BU$141,IF((M10-$BU$131-I11-$BU$141-VLOOKUP(R9,$BN$192:$BO$196,2,FALSE))<2*$BU$140,I11+$BU$141+(M10-$BU$131-I11-$BU$141-VLOOKUP(R9,$BN$192:$BO$196,2,FALSE))-$BU$140,I11+$BU$141+(M10-$BU$131-I11-$BU$141-VLOOKUP(R9,$BN$192:$BO$196,2,FALSE))/2)),MAX(MIN(M10-$BU$131-I11-VLOOKUP(R9,$BN$192:$BO$196,2,FALSE),I11+$BU$139),0))-IF((M10-$BU$131)<I11,((I11/2)^2)*(2*ACOS(1-(((M10-$BU$131)*2/I11)))-SIN(2*ACOS(1-(((M10-$BU$131)*2/I11)))))/2,PI()*(I11/2)^2),0),0)+IF(ISNUMBER(MATCH(F9,$BN$153:$BN$167,0)),N10*E10*MAX(IF((M10-$BU$133-$BU$134-I11-VLOOKUP(R9,$BN$192:$BO$196,2,FALSE))<$BU$140,0,IF((M10-$BU$133-$BU$134-I11-VLOOKUP(R9,$BN$192:$BO$196,2,FALSE))<2*$BU$140,(M10-$BU$133-$BU$134-I11-VLOOKUP(R9,$BN$192:$BO$196,2,FALSE))-$BU$140,(M10-$BU$133-$BU$134-I11-VLOOKUP(R9,$BN$192:$BO$196,2,FALSE))/2)),0),0)+IF(ISNUMBER(MATCH(F9,$BN$149:$BN$150,0)),N10*E10*MAX(IF((M10-IF(I10<=600,$BU$136,$BU$137)-$BU$134-VLOOKUP(I10,$CZ$132:$DC$138,3,FALSE)/1000-VLOOKUP(R9,$BN$192:$BO$196,2,FALSE))<$BU$140,0,IF((M10-IF(I10<=600,$BU$136,$BU$137)-$BU$134-VLOOKUP(I10,$CZ$132:$DC$138,3,FALSE)/1000-VLOOKUP(R9,$BN$192:$BO$196,2,FALSE))<2*$BU$140,(M10-IF(I10<=600,$BU$136,$BU$137)-$BU$134-VLOOKUP(I10,$CZ$132:$DC$138,3,FALSE)/1000-VLOOKUP(R9,$BN$192:$BO$196,2,FALSE))-$BU$140,(M10-IF(I10<=600,$BU$136,$BU$137)-$BU$134-VLOOKUP(I10,$CZ$132:$DC$138,3,FALSE)/1000-VLOOKUP(R9,$BN$192:$BO$196,2,FALSE))/2)),0),0)+IF(ISNUMBER(MATCH(F9,$BN$151:$BN$152,0)),N10*E10*MAX(IF((M10-IF(I10<=600,$BU$136,$BU$137)-$BU$134-VLOOKUP(I10,$DE$132:$DH$144,3,FALSE)/1000-VLOOKUP(R9,$BN$192:$BO$196,2,FALSE))<$BU$140,0,IF((M10-IF(I10<=600,$BU$136,$BU$137)-$BU$134-VLOOKUP(I10,$DE$132:$DH$144,3,FALSE)/1000-VLOOKUP(R9,$BN$192:$BO$196,2,FALSE))<2*$BU$140,(M10-IF(I10<=600,$BU$136,$BU$137)-$BU$134-VLOOKUP(I10,$DE$132:$DH$144,3,FALSE)/1000-VLOOKUP(R9,$BN$192:$BO$196,2,FALSE))-$BU$140,(M10-IF(I10<=600,$BU$136,$BU$137)-$BU$134-VLOOKUP(I10,$DE$132:$DH$144,3,FALSE)/1000-VLOOKUP(R9,$BN$192:$BO$196,2,FALSE))/2)),0),0) -> 3.6145904 | AS10: =IF(MATCH(G9,$BN$131:$BN$133,0)=3,0,IF(MATCH(R9,$BN$192:$BN$194,0)>=1,E10*(N10),0)) -> 3.45 | AT10: =IF(AND(MATCH(G9,$BN$131:$BN$133,0)<=2,MATCH(R9,$BN$192:$BN$196,0)>1,NOT(AND(MATCH(R9,$BN$192:$BN$196,0)>1,))),E10*(N10+2*VLOOKUP(R9,$BN$192:$BP$196,3,FALSE))*IF(OR(MATCH(R9,$BN$192:$BN$196,0)=3,MATCH(R9,$BN$192:$BN$196,0)=3),VLOOKUP(R9,$BN$192:$BP$196,2,FALSE),1),0) -> 0 | AU10: =IF(AND(MATCH(G9,$BN$131:$BN$133,0)<=2,MATCH(R9,$BN$192:$BN$196,0)=2),E10*(N10+2*VLOOKUP(R9,$BN$192:$BP$196,3,FALSE)),0) -> 0 | AV10: =IF(AND(MATCH(G9,$BN$131:$BN$133,0)<=2,MATCH(R9,$BN$192:$BN$196,0)=2),E10*(N10+2*VLOOKUP(R9,$BN$192:$BP$196,3,FALSE)),0)*$AV$7 -> 0 | AW10: =IF(AND(MATCH(G9,$BN$131:$BN$133,0)<=2,MATCH(R9,$BN$192:$BN$196,0)=2),E10*(N10+2*VLOOKUP(R9,$BN$192:$BP$196,3,FALSE)),0)*$AW$7 -> 0 | AX10: =IF(AND(MATCH(G9,$BN$131:$BN$133,0)<=2,MATCH(R9,$BN$192:$BN$196,0)=2),E10*(N10+2*VLOOKUP(R9,$BN$192:$BP$196,3,FALSE)),0) -> 0 | AY10: =IF(AND(MATCH(G9,$BN$131:$BN$133,0)<=2,MATCH(R9,$BN$192:$BN$196,0)=2),E10*(N10+2*VLOOKUP(R9,$BN$192:$BP$196,3,FALSE)),0)*$AY$7 -> 0 | AZ10: =IF(MATCH(R9,$BN$192:$BN$196,0)=3,E10*(N10+2*VLOOKUP(R9,$BN$192:$BP$196,3,FALSE)),0) -> 0 | BA10: =MAX(SUM(T10:AE10)-AQ10-AR10,0)*$BU$174 -> 1.3154175 | BB10: =BA10*$BU$179 -> 19.731262 | BC10: =AM10*$BU$176 -> 0.345 | BD10: =BC10*$BU$181 -> 5.175 | BE10: =(AN10+AO10)*$BU$177 -> 0 | BF10: =BE10*$BU$182 -> 0 | BG10: =IF(MATCH(G9,$BN$131:$BN$133,0)<=2,(E10*(N10+2*VLOOKUP(R9,$BN$192:$BP$196,3,FALSE))*VLOOKUP(R9,$BN$192:$BO$196,2,FALSE))*$BU$178,0) -> 0 | BH10: =BG10*$BU$183 -> 0 | BI10: =AY10*$BI$1*$BI$2*$BI$3 -> 0 | BJ10: =E10*(IF(ISNUMBER(MATCH(F9,$BN$140,0)),VLOOKUP(I10,$BW$134:$BY$147,3,FALSE)/1000,0)+IF(ISNUMBER(MATCH(F9,$BN$141,0)),VLOOKUP(I10,$BW$132:$BZ$147,4,FALSE)/1000,0)+IF(ISNUMBER(MATCH(F9,$BN$142:$BN$148,0)),VLOOKUP(I10,$DJ$132:$DM$142,4,FALSE)/1000,0)+IF(ISNUMBER(MATCH(F9,$BN$149:$BN$150,0)),VLOOKUP(I10,$CZ$132:$DD138,5,FALSE)/1000,0)+IF(ISNUMBER(MATCH(F9,$BN$151:$BN$152,0)),VLOOKUP(I10,$DE$132:$DI$143,5,FALSE)/1000,0)+IF(ISNUMBER(MATCH(F9,$BN$153:$BN$153,0)),VLOOKUP(I10,$BW$132:$CA$147,5,FALSE)/1000,0)+IF(ISNUMBER(MATCH(F9,$BN$154:$BN$154,0)),VLOOKUP(I10,$CH$132:$CL$138,4,FALSE)/1000,0)+IF(ISNUMBER(MATCH(F9,$BN$155:$BN$155,0)),VLOOKUP(I10,$CH$132:$CL$138,5,FALSE)/1000,0)+IF(ISNUMBER(MATCH(F9,$BN$156:$BN$156,0)),VLOOKUP(I10,$CB$132:$CG$135,4,FALSE)/1000,0)+IF(ISNUMBER(MATCH(F9,$BN$157:$BN$157,0)),VLOOKUP(I10,$CB$132:$CG$135,5,FALSE)/1000,0)+IF(ISNUMBER(MATCH(F9,$BN$158:$BN$158,0)),VLOOKUP(I10,$CB$132:$CG$135,6,FALSE)/1000,0)+IF(ISNUMBER(MATCH(F9,$BN$159:$BN$159,0)),VLOOKUP(I10,$CP$132:$CT$151,3,FALSE)/1000,0)+IF(ISNUMBER(MATCH(F9,$BN$160:$BN$160,0)),VLOOKUP(I10,$CP$132:$CT$151,4,FALSE)/1000,0)+IF(ISNUMBER(MATCH(F9,$BN$161:$BN$161,0)),VLOOKUP(I10,$CP$132:$CT$151,5,FALSE)/1000,0)+IF(ISNUMBER(MATCH(F9,$BN$162:$BN$162,0)),VLOOKUP(I10,$CM$132:$CO$168,3,FALSE)/1000,0)) -> 0.3183 | BK10: =BJ10*$BU$184 -> 9.549 | BL10: =(E10*(2*$BU$194+N10)) -> 5.25
I11: =IF(OR(ISNUMBER(MATCH(F9,$BN$140:$BN$141,0)),ISNUMBER(MATCH(F9,$BN$153:$BN$153,0))),VLOOKUP(I10,$BW$132:$BX$152,2,FALSE)/1000,0)+IF(ISNUMBER(MATCH(F9,$BN$154:$BN$155,0)),VLOOKUP(I10,$CH$132:$CJ$138,3,FALSE)/1000,0)+IF(ISNUMBER(MATCH(F9,$BN$156:$BN$158,0)),VLOOKUP(I10,$CB$132:$CD$135,3,FALSE)/1000,0)+IF(ISNUMBER(MATCH(F9,$BN$159:$BN$161,0)),VLOOKUP(I10,$CP$132:$CQ$151,2,FALSE)/1000,0)+IF(ISNUMBER(MATCH(F9,$BN$149:$BN$150,0)),VLOOKUP(I10,$CZ$132:$DC$138,4,FALSE)/1000,0)+IF(ISNUMBER(MATCH(F9,$BN$151:$BN$152,0)),VLOOKUP(I10,$DE$132:$DH$144,4,FALSE)/1000,0)+IF(ISNUMBER(MATCH(F9,$BN$162:$BN$162,0)),VLOOKUP(I10,$CM$132:$CN$168,2,FALSE)/1000,0)+IF(ISNUMBER(MATCH(F9,$BN$142:$BN$148,0)),VLOOKUP(I10,$DJ$132:$DL$144,3,FALSE)/1000,0) -> 0.532 | J11: 662.29 | K11: 660.64 | L11: =J11-K11 -> 1.65
F13: FºFº Classe K7 | G13: Água | H13: Alto | I13: =IF(OR(ISNUMBER(MATCH(F13,$BN$140:$BN$141,0)),ISNUMBER(MATCH(F13,$BN$153:$BN$153,0))),(VLOOKUP(I14,$BW$132:$BX$152,2,FALSE)-I14)/2000,0)+IF(ISNUMBER(MATCH(F13,$BN$154:$BN$155,0)),(VLOOKUP(I14,$CH$132:$CJ$138,3,FALSE)-VLOOKUP(I14,$CH$132:$CJ$138,2,FALSE))/2000,0)+IF(ISNUMBER(MATCH(F13,$BN$156:$BN$158,0)),(VLOOKUP(I14,$CB$132:$CD$135,3,FALSE)-VLOOKUP(I14,$CB$132:$CD$135,2,FALSE))/2000,0)+IF(ISNUMBER(MATCH(F13,$BN$159:$BN$161,0)),(VLOOKUP(I14,$CP$132:$CQ$151,2,FALSE)-I14)/2000,0)+IF(ISNUMBER(MATCH(F13,$BN$149:$BN$150,0)),(VLOOKUP(I14,$CZ$132:$DC$138,4,FALSE)-VLOOKUP(I14,$CZ$132:$DC$138,2,FALSE))/2000,0)+IF(ISNUMBER(MATCH(F13,$BN$151:$BN$152,0)),(VLOOKUP(I14,$DE$132:$DH$144,4,FALSE)-VLOOKUP(I14,$DE$132:$DH$144,2,FALSE))/2000,0)+IF(ISNUMBER(MATCH(F13,$BN$162:$BN$162,0)),(VLOOKUP(I14,$CM$132:$CN$168,2,FALSE)-I14)/2000,0)+IF(ISNUMBER(MATCH(F13,$BN$142:$BN$148,0)),(VLOOKUP(I14,$DJ$132:$DL$144,3,FALSE)-I14)/2000,0) -> 0.01 | J13: 662.29 | K13: 661.64 | L13: =J13-K13 -> 0.65 | R13: Terra | S13: Manual | AH13: Desnecessário
A14: - | B14: - | C14: - | D14: - | E14: 2.2 | I14: 150 | M14: =ABS((L13+L15)/2)+IF(ISNUMBER(MATCH(F13,$BN$140:$BN$148,0)),$BU$131,0)+IF(ISNUMBER(MATCH(AH13,$BN$202,0)),$BU$132,0)+IF(ISNUMBER(MATCH(F13,$BN$149:$BN$152,0)),IF(I14<=600,$BU$133,$BU$134),0)+IF(ISNUMBER(MATCH(F13,$BN$153:$BN$167,0)),$BU$132,0) -> 0.75 | N14: =IF(MATCH(G13,$BN$131:$BN$133,0)=1,IF(ISNUMBER(MATCH(F13,$BN$140:$BN$161,0)),VLOOKUP(I14,IF(M14<=2,$BN$53:$BS$66,$BN$68:$BS$84),VLOOKUP(AF14,$BO$176:$BP$181,2,FALSE),FALSE),IF(ISNUMBER(MATCH(F13,$BN$162,0)),VLOOKUP(I14,IF(M14<=2,$BU$53:$BZ$66,$BU$68:$BZ$88),VLOOKUP(AF14,$BO$176:$BP$181,2,FALSE),FALSE),0)),0)+IF(MATCH(G13,$BN$131:$BN$133,0)=2,VLOOKUP(I14,IF(M14<=2,$CB$53:$CG$66,IF(M14<=4,$CB$68:$CG$81,IF(M14<=6,$CB$83:$CG$96,IF(M14<=8,$CB$98:$CG$111,$CB$113:$CG$126)))),VLOOKUP(AF14,$BO$176:$BP$181,2,FALSE)),0) -> 0.65 | O14: =ABS((K15-K13)/E14) -> 0 | P14: =E14 -> 2.2 | Q14: =IF(IF(AND(MATCH(R13,$BN$192:$BN$196,0)<=1),E14*(N14+2*$BP$192))=FALSE,0,IF(AND(MATCH(R13,$BN$192:$BN$196,0)<=1),E14*(N14+2*$BP$192))) -> 2.75 | T14: =IF(AND(ISNUMBER(MATCH(S13,$BN$205,0))),E14*N14*(MIN(M14,$BU$164)-VLOOKUP(R13,$BN$192:$BP$197,2,FALSE)),VLOOKUP(S13,$BN$205:$BP$206,2,FALSE)) -> 0 | U14: =IF(AND(ISNUMBER(MATCH(S13,$BN$205,0))),E14*N14*MAX(MIN(M14-$BU$164,$BU$164),0)+E14*MAX((MIN(M14-$BU$164,-$BU$164)),0),VLOOKUP(S13,$BN$205:$BP$206,2,FALSE)) -> 0 | V14: =IF(AND(ISNUMBER(MATCH(S13,$BN$205,0))),E14*N14*MAX(MIN(M14-2*$BU$164,$BU$164),0)+E14*MAX((MIN(M14-2*$BU$164,-2*$BU$164,-2*$BU$164,$BU$164)),0),VLOOKUP(S13,$BN$205:$BP$206,2,FALSE)) -> 0 | W14: =IF(AND(ISNUMBER(MATCH(S13,$BN$205,0))),E14*N14*MAX(MIN(M14-3*$BU$164,$BU$164),0)+E14*MAX((MIN(M14-3*$BU$164,-3*$BU$164,-3*$BU$164,$BU$164)),0),VLOOKUP(S13,$BN$205:$BP$206,2,FALSE)) -> 0 | X14: =IF(AND(ISNUMBER(MATCH(S13,$BN$205,0))),E14*N14*MAX(MIN(M14-4*$BU$164,$BU$164),0)+E14*MAX((MIN(M14-4*$BU$164,-4*$BU$164,-4*$BU$164,$BU$164)),0),VLOOKUP(S13,$BN$205:$BP$206,2,FALSE)) -> 0 | Y14: =IF(AND(ISNUMBER(MATCH(S13,$BN$205,0))),E14*N14*MAX(MIN(M14-5*$BU$164,$BU$164),0)+E14*MAX((MIN(M14-5*$BU$164,-5*$BU$164,-5*$BU$164,$BU$164)),0),VLOOKUP(S13,$BN$205:$BP$206,2,FALSE)) -> 0 | Z14: =IF(AND(ISNUMBER(MATCH(S13,$BN$206,0))),E14*N14*(MIN(M14,$BU$165)-VLOOKUP(R13,$BN$192:$BP$197,2,FALSE)),VLOOKUP(S13,$BN$205:$BP$206,2,FALSE)) -> 1.0725 | AA14: =IF(AND(ISNUMBER(MATCH(S13,$BN$206,0))),E14*N14*MAX(MIN(M14-$BU$165,$BU$165),0)+E14*MAX((MIN(M14-$BU$165,-$BU$165)),0))-VLOOKUP(S13,$BN$205:$BP$206,2,FALSE) -> 0 | AB14: =IF(AND(ISNUMBER(MATCH(S13,$BN$206,0))),E14*N14*MAX(MIN(M14-2*$BU$165,$BU$165),0)+E14*MAX((MIN(M14-2*$BU$165,-2*$BU$165,-2*$BU$165,$BU$165)),0))-VLOOKUP(S13,$BN$205:$BP$206,2,FALSE) -> 0 | AC14: =IF(AND(ISNUMBER(MATCH(S13,$BN$206,0))),E14*N14*MAX(MIN(M14-3*$BU$165,$BU$165),0)+E14*MAX((MIN(M14-3*$BU$165,-3*$BU$165,-3*$BU$165,$BU$165)),0))-VLOOKUP(S13,$BN$205:$BP$206,2,FALSE) -> 0 | AD14: =IF(AND(ISNUMBER(MATCH(S13,$BN$206,0))),E14*N14*MAX(MIN(M14-4*$BU$165,$BU$165),0)+E14*MAX((MIN(M14-4*$BU$165,-4*$BU$165,-4*$BU$165,$BU$165)),0))-VLOOKUP(S13,$BN$205:$BP$206,2,FALSE) -> 0 | AE14: =IF(AND(ISNUMBER(MATCH(S13,$BN$206,0))),E14*N14*MAX(MIN(M14-5*$BU$165,$BU$165),0)+E14*MAX((MIN(M14-5*$BU$165,-5*$BU$165,-5*$BU$165,$BU$165)),0))-VLOOKUP(S13,$BN$205:$BP$206,2,FALSE) -> 0 | AF14: =IF(MATCH(G13,$BN$131:$BN$133,0)<=2,VLOOKUP((M14),$BN$176:$BO$181,2),"-") -> - | AG14: =IF(AND(MATCH(G13,$BN$131:$BN$133,0)<=2,MATCH(AF14,$BO$176:$BO$181,0)>1),(M14)*E14*2,0) -> 0 | AI14: =IF(AH13=$BN$201,E14*5*$BU$155,IF(AH13=$BN$200,"-","-")) -> - | AJ14: =IF(MATCH(AH13,$BN$200:$BN$202,0)<=2,0,((_xlfn.CEILING.PRECISE(E14/$BU$156))*$BU$157)) -> 0 | AK14: =IF(MATCH(G13,$BN$131:$BN$133,0)=3,0,E14*$BU$193/($BU$192)*2) -> 1.4666667 | AL14: =IF(MATCH(G13,$BN$131:$BN$133,0)=3,0,(E14/$BU$185)*$BU$186*(N14+2*N14)) -> 0.0858 | AM14: =IF(ISNUMBER(MATCH(F13,$BN$140:$BN$148,0)),E14*N14*$BU$131,0) -> 0.143 | AN14: =IF(AND(ISNUMBER(MATCH(F13,$BN$140:$BN$148,0)),MATCH(AH13,$BN$200:$BN$202,0)=3),E14*N14*$BU$132,0) -> 0 | AO14: =IF(MATCH(G13,$BN$131:$BN$133,0)<=2,IF(ISNUMBER(MATCH(F13,$BN$153:$BN$162,0)),E14*(N14*(I15+$BU$133+$BU$134)-(((I15/2)^2)*(IF((M14-$BU$133)<I15,2*ACOS(1-(((M14-$BU$133)*2/I15))),2*PI())-SIN(IF((M14-$BU$133)<I15,2*ACOS(1-(((M14-$BU$133)*2/I15))),2*PI()))))/2),0)+IF(ISNUMBER(MATCH(F13,$BN$149:$BN$150,0)),E14*(N14*(VLOOKUP(I14,$CZ$132:$DC$138,3,FALSE)/1000+IF(I14<=600,$BU$136,$BU$137)+$BU$134)-(((VLOOKUP(I14,$CZ$132:$DC$138,3,FALSE)/2000)^2)*(IF((M14-IF(I14<=600,$BU$136,$BU$137))<VLOOKUP(I14,$CZ$132:$DC$138,3,FALSE)/1000,2*ACOS(1-((M14-IF(I14<=600,$BU$136,$BU$137))*2/VLOOKUP(I14,$CZ$132:$DC$138,3,FALSE)/1000)),2*PI())-SIN(IF((M14-IF(I14<=600,$BU$136,$BU$137))<VLOOKUP(I14,$CZ$132:$DC$138,3,FALSE)/1000,2*ACOS(1-((M14-IF(I14<=600,$BU$136,$BU$137))*2/VLOOKUP(I14,$CZ$132:$DC$138,3,FALSE)/1000)),2*PI()))))/2),0)+IF(ISNUMBER(MATCH(F13,$BN$151:$BN$152,0)),E14*(N14*(VLOOKUP(I14,$DE$132:$DH$144,3,FALSE)/1000+IF(I14<=600,$BU$136,$BU$137)+$BU$134)-(((VLOOKUP(I14,$DE$132:$DH$144,3,FALSE)/2000)^2)*(IF((M14-IF(I14<=600,$BU$136,$BU$137))<VLOOKUP(I14,$DE$132:$DH$144,3,FALSE)/1000,2*ACOS(1-((M14-IF(I14<=600,$BU$136,$BU$137))*2/VLOOKUP(I14,$DE$132:$DH$144,3,FALSE)/1000)),2*PI())-SIN(IF((M14-IF(I14<=600,$BU$136,$BU$137))<VLOOKUP(I14,$DE$132:$DH$144,3,FALSE)/1000,2*ACOS(1-((M14-IF(I14<=600,$BU$136,$BU$137))*2/VLOOKUP(I14,$DE$132:$DH$144,3,FALSE)/1000)),2*PI()))))/2),0),0) -> 0 | AP14: =E14 -> 2.2 | AQ14: =IF(ISNUMBER(MATCH(F13,$BN$140:$BN$148,0)),N14*E14*MAX(IF($BU$138=2,IF((M14-$BU$131-I15-$BU$141-VLOOKUP(R13,$BN$192:$BO$196,2,FALSE))<$BU$140,(M14-$BU$131-I15-$BU$141-VLOOKUP(R13,$BN$192:$BO$196,2,FALSE)),IF((M14-$BU$131-I15-$BU$141-VLOOKUP(R13,$BN$192:$BO$196,2,FALSE))<2*$BU$140,$BU$140,(M14-$BU$131-I15-$BU$141-VLOOKUP(R13,$BN$192:$BO$196,2,FALSE))/2)),M14-$BU$131-I15-$BU$139-VLOOKUP(R13,$BN$192:$BO$196,2,FALSE)),0),0)+IF(ISNUMBER(MATCH(F13,$BN$153:$BN$167,0)),N14*E14*MAX(IF((M14-$BU$133-$BU$134-I15-VLOOKUP(R13,$BN$192:$BO$196,2,FALSE))<$BU$140,(M14-$BU$133-$BU$134-I15-VLOOKUP(R13,$BN$192:$BO$196,2,FALSE)),IF((M14-$BU$133-$BU$134-I15-VLOOKUP(R13,$BN$192:$BO$196,2,FALSE))<2*$BU$140,$BU$140,(M14-$BU$133-$BU$134-I15-VLOOKUP(R13,$BN$192:$BO$196,2,FALSE))/2)),0),0)+IF(ISNUMBER(MATCH(F13,$BN$149:$BN$150,0)),N14*E14*MAX(IF((M14-IF(I14<=600,$BU$136,$BU$137)-$BU$134-VLOOKUP(I14,$CZ$132:$DC$138,3,FALSE)/1000-VLOOKUP(R13,$BN$192:$BO$196,2,FALSE))<$BU$140,(M14-IF(I14<=600,$BU$136,$BU$137)-$BU$134-VLOOKUP(I14,$CZ$132:$DC$138,3,FALSE)/1000-VLOOKUP(R13,$BN$192:$BO$196,2,FALSE)),IF((M14-IF(I14<=600,$BU$136,$BU$137)-$BU$134-VLOOKUP(I14,$CZ$132:$DC$138,3,FALSE)/1000-VLOOKUP(R13,$BN$192:$BO$196,2,FALSE))<2*$BU$140,$BU$140,(M14-IF(I14<=600,$BU$136,$BU$137)-$BU$134-VLOOKUP(I14,$CZ$132:$DC$138,3,FALSE)/1000-VLOOKUP(R13,$BN$192:$BO$196,2,FALSE))/2)),0),0)+IF(ISNUMBER(MATCH(F13,$BN$151:$BN$152,0)),N14*E14*MAX(IF((M14-IF(I14<=600,$BU$136,$BU$137)-$BU$134-VLOOKUP(I14,$DE$132:$DH$144,3,FALSE)/1000-VLOOKUP(R13,$BN$192:$BO$196,2,FALSE))<$BU$140,(M14-IF(I14<=600,$BU$136,$BU$137)-$BU$134-VLOOKUP(I14,$DE$132:$DH$144,3,FALSE)/1000-VLOOKUP(R13,$BN$192:$BO$196,2,FALSE)),IF((M14-IF(I14<=600,$BU$136,$BU$137)-$BU$134-VLOOKUP(I14,$DE$132:$DH$144,3,FALSE)/1000-VLOOKUP(R13,$BN$192:$BO$196,2,FALSE))<2*$BU$140,$BU$140,(M14-IF(I14<=600,$BU$136,$BU$137)-$BU$134-VLOOKUP(I14,$DE$132:$DH$144,3,FALSE)/1000-VLOOKUP(R13,$BN$192:$BO$196,2,FALSE))/2)),0),0) -> 0.2574 | AR14: =IF(ISNUMBER(MATCH(F13,$BN$140:$BN$148,0)),E14*MAX(N14*IF($BU$138=2,IF((M14-$BU$131-I15-$BU$141-VLOOKUP(R13,$BN$192:$BO$196,2,FALSE))<$BU$140,I15+$BU$141,IF((M14-$BU$131-I15-$BU$141-VLOOKUP(R13,$BN$192:$BO$196,2,FALSE))<2*$BU$140,I15+$BU$141+(M14-$BU$131-I15-$BU$141-VLOOKUP(R13,$BN$192:$BO$196,2,FALSE))-$BU$140,I15+$BU$141+(M14-$BU$131-I15-$BU$141-VLOOKUP(R13,$BN$192:$BO$196,2,FALSE))/2)),MAX(MIN(M14-$BU$131-I15-VLOOKUP(R13,$BN$192:$BO$196,2,FALSE),I15+$BU$139),0))-IF((M14-$BU$131)<I15,((I15/2)^2)*(2*ACOS(1-(((M14-$BU$131)*2/I15)))-SIN(2*ACOS(1-(((M14-$BU$131)*2/I15)))))/2,PI()*(I15/2)^2),0),0)+IF(ISNUMBER(MATCH(F13,$BN$153:$BN$167,0)),N14*E14*MAX(IF((M14-$BU$133-$BU$134-I15-VLOOKUP(R13,$BN$192:$BO$196,2,FALSE))<$BU$140,0,IF((M14-$BU$133-$BU$134-I15-VLOOKUP(R13,$BN$192:$BO$196,2,FALSE))<2*$BU$140,(M14-$BU$133-$BU$134-I15-VLOOKUP(R13,$BN$192:$BO$196,2,FALSE))-$BU$140,(M14-$BU$133-$BU$134-I15-VLOOKUP(R13,$BN$192:$BO$196,2,FALSE))/2)),0),0)+IF(ISNUMBER(MATCH(F13,$BN$149:$BN$150,0)),N14*E14*MAX(IF((M14-IF(I14<=600,$BU$136,$BU$137)-$BU$134-VLOOKUP(I14,$CZ$132:$DC$138,3,FALSE)/1000-VLOOKUP(R13,$BN$192:$BO$196,2,FALSE))<$BU$140,0,IF((M14-IF(I14<=600,$BU$136,$BU$137)-$BU$134-VLOOKUP(I14,$CZ$132:$DC$138,3,FALSE)/1000-VLOOKUP(R13,$BN$192:$BO$196,2,FALSE))<2*$BU$140,(M14-IF(I14<=600,$BU$136,$BU$137)-$BU$134-VLOOKUP(I14,$CZ$132:$DC$138,3,FALSE)/1000-VLOOKUP(R13,$BN$192:$BO$196,2,FALSE))-$BU$140,(M14-IF(I14<=600,$BU$136,$BU$137)-$BU$134-VLOOKUP(I14,$CZ$132:$DC$138,3,FALSE)/1000-VLOOKUP(R13,$BN$192:$BO$196,2,FALSE))/2)),0),0)+IF(ISNUMBER(MATCH(F13,$BN$151:$BN$152,0)),N14*E14*MAX(IF((M14-IF(I14<=600,$BU$136,$BU$137)-$BU$134-VLOOKUP(I14,$DE$132:$DH$144,3,FALSE)/1000-VLOOKUP(R13,$BN$192:$BO$196,2,FALSE))<$BU$140,0,IF((M14-IF(I14<=600,$BU$136,$BU$137)-$BU$134-VLOOKUP(I14,$DE$132:$DH$144,3,FALSE)/1000-VLOOKUP(R13,$BN$192:$BO$196,2,FALSE))<2*$BU$140,(M14-IF(I14<=600,$BU$136,$BU$137)-$BU$134-VLOOKUP(I14,$DE$132:$DH$144,3,FALSE)/1000-VLOOKUP(R13,$BN$192:$BO$196,2,FALSE))-$BU$140,(M14-IF(I14<=600,$BU$136,$BU$137)-$BU$134-VLOOKUP(I14,$DE$132:$DH$144,3,FALSE)/1000-VLOOKUP(R13,$BN$192:$BO$196,2,FALSE))/2)),0),0) -> 0.62216438 | AS14: =IF(MATCH(G13,$BN$131:$BN$133,0)=3,0,IF(MATCH(R13,$BN$192:$BN$194,0)>=1,E14*(N14),0)) -> 1.43 | AT14: =IF(AND(MATCH(G13,$BN$131:$BN$133,0)<=2,MATCH(R13,$BN$192:$BN$196,0)>1,NOT(AND(MATCH(R13,$BN$192:$BN$196,0)>1,))),E14*(N14+2*VLOOKUP(R13,$BN$192:$BP$196,3,FALSE))*IF(OR(MATCH(R13,$BN$192:$BN$196,0)=3,MATCH(R13,$BN$192:$BN$196,0)=3),VLOOKUP(R13,$BN$192:$BP$196,2,FALSE),1),0) -> 0 | AU14: =IF(AND(MATCH(G13,$BN$131:$BN$133,0)<=2,MATCH(R13,$BN$192:$BN$196,0)=2),E14*(N14+2*VLOOKUP(R13,$BN$192:$BP$196,3,FALSE)),0) -> 0 | AV14: =IF(AND(MATCH(G13,$BN$131:$BN$133,0)<=2,MATCH(R13,$BN$192:$BN$196,0)=2),E14*(N14+2*VLOOKUP(R13,$BN$192:$BP$196,3,FALSE)),0)*$AV$7 -> 0 | AW14: =IF(AND(MATCH(G13,$BN$131:$BN$133,0)<=2,MATCH(R13,$BN$192:$BN$196,0)=2),E14*(N14+2*VLOOKUP(R13,$BN$192:$BP$196,3,FALSE)),0)*$AW$7 -> 0 | AX14: =IF(AND(MATCH(G13,$BN$131:$BN$133,0)<=2,MATCH(R13,$BN$192:$BN$196,0)=2),E14*(N14+2*VLOOKUP(R13,$BN$192:$BP$196,3,FALSE)),0) -> 0 | AY14: =IF(AND(MATCH(G13,$BN$131:$BN$133,0)<=2,MATCH(R13,$BN$192:$BN$196,0)=2),E14*(N14+2*VLOOKUP(R13,$BN$192:$BP$196,3,FALSE)),0)*$AY$7 -> 0 | AZ14: =IF(MATCH(R13,$BN$192:$BN$196,0)=3,E14*(N14+2*VLOOKUP(R13,$BN$192:$BP$196,3,FALSE)),0) -> 0 | BA14: =MAX(SUM(T14:AE14)-AQ14-AR14,0)*$BU$174 -> 0.2508163 | BB14: =BA14*$BU$179 -> 3.7622445 | BC14: =AM14*$BU$176 -> 0.143 | BD14: =BC14*$BU$181 -> 2.145 | BE14: =(AN14+AO14)*$BU$177 -> 0 | BF14: =BE14*$BU$182 -> 0 | BG14: =IF(MATCH(G13,$BN$131:$BN$133,0)<=2,(E14*(N14+2*VLOOKUP(R13,$BN$192:$BP$196,3,FALSE))*VLOOKUP(R13,$BN$192:$BO$196,2,FALSE))*$BU$178,0) -> 0 | BH14: =BG14*$BU$183 -> 0 | BI14: =AY14*$BI$1*$BI$2*$BI$3 -> 0 | BJ14: =E14*(IF(ISNUMBER(MATCH(F13,$BN$140,0)),VLOOKUP(I14,$BW$134:$BY$147,3,FALSE)/1000,0)+IF(ISNUMBER(MATCH(F13,$BN$141,0)),VLOOKUP(I14,$BW$132:$BZ$147,4,FALSE)/1000,0)+IF(ISNUMBER(MATCH(F13,$BN$142:$BN$148,0)),VLOOKUP(I14,$DJ$132:$DM$142,4,FALSE)/1000,0)+IF(ISNUMBER(MATCH(F13,$BN$149:$BN$150,0)),VLOOKUP(I14,$CZ$132:$DD142,5,FALSE)/1000,0)+IF(ISNUMBER(MATCH(F13,$BN$151:$BN$152,0)),VLOOKUP(I14,$DE$132:$DI$143,5,FALSE)/1000,0)+IF(ISNUMBER(MATCH(F13,$BN$153:$BN$153,0)),VLOOKUP(I14,$BW$132:$CA$147,5,FALSE)/1000,0)+IF(ISNUMBER(MATCH(F13,$BN$154:$BN$154,0)),VLOOKUP(I14,$CH$132:$CL$138,4,FALSE)/1000,0)+IF(ISNUMBER(MATCH(F13,$BN$155:$BN$155,0)),VLOOKUP(I14,$CH$132:$CL$138,5,FALSE)/1000,0)+IF(ISNUMBER(MATCH(F13,$BN$156:$BN$156,0)),VLOOKUP(I14,$CB$132:$CG$135,4,FALSE)/1000,0)+IF(ISNUMBER(MATCH(F13,$BN$157:$BN$157,0)),VLOOKUP(I14,$CB$132:$CG$135,5,FALSE)/1000,0)+IF(ISNUMBER(MATCH(F13,$BN$158:$BN$158,0)),VLOOKUP(I14,$CB$132:$CG$135,6,FALSE)/1000,0)+IF(ISNUMBER(MATCH(F13,$BN$159:$BN$159,0)),VLOOKUP(I14,$CP$132:$CT$151,3,FALSE)/1000,0)+IF(ISNUMBER(MATCH(F13,$BN$160:$BN$160,0)),VLOOKUP(I14,$CP$132:$CT$151,4,FALSE)/1000,0)+IF(ISNUMBER(MATCH(F13,$BN$161:$BN$161,0)),VLOOKUP(I14,$CP$132:$CT$151,5,FALSE)/1000,0)+IF(ISNUMBER(MATCH(F13,$BN$162:$BN$162,0)),VLOOKUP(I14,$CM$132:$CO$168,3,FALSE)/1000,0)) -> 0.05126 | BK14: =BJ14*$BU$184 -> 1.5378 | BL14: =(E14*(2*$BU$194+N14)) -> 2.75
I15: =IF(OR(ISNUMBER(MATCH(F13,$BN$140:$BN$141,0)),ISNUMBER(MATCH(F13,$BN$153:$BN$153,0))),VLOOKUP(I14,$BW$132:$BX$152,2,FALSE)/1000,0)+IF(ISNUMBER(MATCH(F13,$BN$154:$BN$155,0)),VLOOKUP(I14,$CH$132:$CJ$138,3,FALSE)/1000,0)+IF(ISNUMBER(MATCH(F13,$BN$156:$BN$158,0)),VLOOKUP(I14,$CB$132:$CD$135,3,FALSE)/1000,0)+IF(ISNUMBER(MATCH(F13,$BN$159:$BN$161,0)),VLOOKUP(I14,$CP$132:$CQ$151,2,FALSE)/1000,0)+IF(ISNUMBER(MATCH(F13,$BN$149:$BN$150,0)),VLOOKUP(I14,$CZ$132:$DC$138,4,FALSE)/1000,0)+IF(ISNUMBER(MATCH(F13,$BN$151:$BN$152,0)),VLOOKUP(I14,$DE$132:$DH$144,4,FALSE)/1000,0)+IF(ISNUMBER(MATCH(F13,$BN$162:$BN$162,0)),VLOOKUP(I14,$CM$132:$CN$168,2,FALSE)/1000,0)+IF(ISNUMBER(MATCH(F13,$BN$142:$BN$148,0)),VLOOKUP(I14,$DJ$132:$DL$144,3,FALSE)/1000,0) -> 0.17 | J15: 662.29 | K15: 661.64 | L15: =J15-K15 -> 0.65
F17: PVC Coletor (Ocre) | G17: Água | H17: Alto | I17: =IF(OR(ISNUMBER(MATCH(F17,$BN$140:$BN$141,0)),ISNUMBER(MATCH(F17,$BN$153:$BN$153,0))),(VLOOKUP(I18,$BW$132:$BX$152,2,FALSE)-I18)/2000,0)+IF(ISNUMBER(MATCH(F17,$BN$154:$BN$155,0)),(VLOOKUP(I18,$CH$132:$CJ$138,3,FALSE)-VLOOKUP(I18,$CH$132:$CJ$138,2,FALSE))/2000,0)+IF(ISNUMBER(MATCH(F17,$BN$156:$BN$158,0)),(VLOOKUP(I18,$CB$132:$CD$135,3,FALSE)-VLOOKUP(I18,$CB$132:$CD$135,2,FALSE))/2000,0)+IF(ISNUMBER(MATCH(F17,$BN$159:$BN$161,0)),(VLOOKUP(I18,$CP$132:$CQ$151,2,FALSE)-I18)/2000,0)+IF(ISNUMBER(MATCH(F17,$BN$149:$BN$150,0)),(VLOOKUP(I18,$CZ$132:$DC$138,4,FALSE)-VLOOKUP(I18,$CZ$132:$DC$138,2,FALSE))/2000,0)+IF(ISNUMBER(MATCH(F17,$BN$151:$BN$152,0)),(VLOOKUP(I18,$DE$132:$DH$144,4,FALSE)-VLOOKUP(I18,$DE$132:$DH$144,2,FALSE))/2000,0)+IF(ISNUMBER(MATCH(F17,$BN$162:$BN$162,0)),(VLOOKUP(I18,$CM$132:$CN$168,2,FALSE)-I18)/2000,0)+IF(ISNUMBER(MATCH(F17,$BN$142:$BN$148,0)),(VLOOKUP(I18,$DJ$132:$DL$144,3,FALSE)-I18)/2000,0) -> 0.0025 | J17: 662.29 | K17: 661.04 | L17: =J17-K17 -> 1.25 | R17: Terra | S17: Manual | AH17: Desnecessário
A18: Cx-Entrada | C18: CX-AP-1 | E18: 12.1 | I18: 100 | M18: =ABS((L17+L19)/2)+IF(ISNUMBER(MATCH(F17,$BN$140:$BN$148,0)),$BU$131,0)+IF(ISNUMBER(MATCH(AH17,$BN$202,0)),$BU$132,0)+IF(ISNUMBER(MATCH(F17,$BN$149:$BN$152,0)),IF(I18<=600,$BU$133,$BU$134),0)+IF(ISNUMBER(MATCH(F17,$BN$153:$BN$167,0)),$BU$132,0) -> 1.27 | N18: =IF(MATCH(G17,$BN$131:$BN$133,0)=1,IF(ISNUMBER(MATCH(F17,$BN$140:$BN$161,0)),VLOOKUP(I18,IF(M18<=2,$BN$53:$BS$66,$BN$68:$BS$84),VLOOKUP(AF18,$BO$176:$BP$181,2,FALSE),FALSE),IF(ISNUMBER(MATCH(F17,$BN$162,0)),VLOOKUP(I18,IF(M18<=2,$BU$53:$BZ$66,$BU$68:$BZ$88),VLOOKUP(AF18,$BO$176:$BP$181,2,FALSE),FALSE),0)),0)+IF(MATCH(G17,$BN$131:$BN$133,0)=2,VLOOKUP(I18,IF(M18<=2,$CB$53:$CG$66,IF(M18<=4,$CB$68:$CG$81,IF(M18<=6,$CB$83:$CG$96,IF(M18<=8,$CB$98:$CG$111,$CB$113:$CG$126)))),VLOOKUP(AF18,$BO$176:$BP$181,2,FALSE)),0) -> 0.65 | O18: =ABS((K19-K17)/E18) -> 0.00082644628 | P18: =E18 -> 12.1 | Q18: =IF(IF(AND(MATCH(R17,$BN$192:$BN$196,0)<=1),E18*(N18+2*$BP$192))=FALSE,0,IF(AND(MATCH(R17,$BN$192:$BN$196,0)<=1),E18*(N18+2*$BP$192))) -> 15.125 | T18: =IF(AND(ISNUMBER(MATCH(S17,$BN$205,0))),E18*N18*(MIN(M18,$BU$164)-VLOOKUP(R17,$BN$192:$BP$197,2,FALSE)),VLOOKUP(S17,$BN$205:$BP$206,2,FALSE)) -> 0 | U18: =IF(AND(ISNUMBER(MATCH(S17,$BN$205,0))),E18*N18*MAX(MIN(M18-$BU$164,$BU$164),0)+E18*MAX((MIN(M18-$BU$164,-$BU$164)),0),VLOOKUP(S17,$BN$205:$BP$206,2,FALSE)) -> 0 | V18: =IF(AND(ISNUMBER(MATCH(S17,$BN$205,0))),E18*N18*MAX(MIN(M18-2*$BU$164,$BU$164),0)+E18*MAX((MIN(M18-2*$BU$164,-2*$BU$164,-2*$BU$164,$BU$164)),0),VLOOKUP(S17,$BN$205:$BP$206,2,FALSE)) -> 0 | W18: =IF(AND(ISNUMBER(MATCH(S17,$BN$205,0))),E18*N18*MAX(MIN(M18-3*$BU$164,$BU$164),0)+E18*MAX((MIN(M18-3*$BU$164,-3*$BU$164,-3*$BU$164,$BU$164)),0),VLOOKUP(S17,$BN$205:$BP$206,2,FALSE)) -> 0 | X18: =IF(AND(ISNUMBER(MATCH(S17,$BN$205,0))),E18*N18*MAX(MIN(M18-4*$BU$164,$BU$164),0)+E18*MAX((MIN(M18-4*$BU$164,-4*$BU$164,-4*$BU$164,$BU$164)),0),VLOOKUP(S17,$BN$205:$BP$206,2,FALSE)) -> 0 | Y18: =IF(AND(ISNUMBER(MATCH(S17,$BN$205,0))),E18*N18*MAX(MIN(M18-5*$BU$164,$BU$164),0)+E18*MAX((MIN(M18-5*$BU$164,-5*$BU$164,-5*$BU$164,$BU$164)),0),VLOOKUP(S17,$BN$205:$BP$206,2,FALSE)) -> 0 | Z18: =IF(AND(ISNUMBER(MATCH(S17,$BN$206,0))),E18*N18*(MIN(M18,$BU$165)-VLOOKUP(R17,$BN$192:$BP$197,2,FALSE)),VLOOKUP(S17,$BN$205:$BP$206,2,FALSE)) -> 9.98855 | AA18: =IF(AND(ISNUMBER(MATCH(S17,$BN$206,0))),E18*N18*MAX(MIN(M18-$BU$165,$BU$165),0)+E18*MAX((MIN(M18-$BU$165,-$BU$165)),0))-VLOOKUP(S17,$BN$205:$BP$206,2,FALSE) -> 0 | AB18: =IF(AND(ISNUMBER(MATCH(S17,$BN$206,0))),E18*N18*MAX(MIN(M18-2*$BU$165,$BU$165),0)+E18*MAX((MIN(M18-2*$BU$165,-2*$BU$165,-2*$BU$165,$BU$165)),0))-VLOOKUP(S17,$BN$205:$BP$206,2,FALSE) -> 0 | AC18: =IF(AND(ISNUMBER(MATCH(S17,$BN$206,0))),E18*N18*MAX(MIN(M18-3*$BU$165,$BU$165),0)+E18*MAX((MIN(M18-3*$BU$165,-3*$BU$165,-3*$BU$165,$BU$165)),0))-VLOOKUP(S17,$BN$205:$BP$206,2,FALSE) -> 0 | AD18: =IF(AND(ISNUMBER(MATCH(S17,$BN$206,0))),E18*N18*MAX(MIN(M18-4*$BU$165,$BU$165),0)+E18*MAX((MIN(M18-4*$BU$165,-4*$BU$165,-4*$BU$165,$BU$165)),0))-VLOOKUP(S17,$BN$205:$BP$206,2,FALSE) -> 0 | AE18: =IF(AND(ISNUMBER(MATCH(S17,$BN$206,0))),E18*N18*MAX(MIN(M18-5*$BU$165,$BU$165),0)+E18*MAX((MIN(M18-5*$BU$165,-5*$BU$165,-5*$BU$165,$BU$165)),0))-VLOOKUP(S17,$BN$205:$BP$206,2,FALSE) -> 0 | AF18: =IF(MATCH(G17,$BN$131:$BN$133,0)<=2,VLOOKUP((M18),$BN$176:$BO$181,2),"-") -> P | AG18: =IF(AND(MATCH(G17,$BN$131:$BN$133,0)<=2,MATCH(AF18,$BO$176:$BO$181,0)>1),(M18)*E18*2,0) -> 30.734 | AI18: =IF(AH17=$BN$201,E18*5*$BU$155,IF(AH17=$BN$200,"-","-")) -> - | AJ18: =IF(MATCH(AH17,$BN$200:$BN$202,0)<=2,0,((_xlfn.CEILING.PRECISE(E18/$BU$156))*$BU$157)) -> 0 | AK18: =IF(MATCH(G17,$BN$131:$BN$133,0)=3,0,E18*$BU$193/($BU$192)*2) -> 8.0666667 | AL18: =IF(MATCH(G17,$BN$131:$BN$133,0)=3,0,(E18/$BU$185)*$BU$186*(N18+2*N18)) -> 0.4719 | AM18: =IF(ISNUMBER(MATCH(F17,$BN$140:$BN$148,0)),E18*N18*$BU$131,0) -> 0 | AN18: =IF(AND(ISNUMBER(MATCH(F17,$BN$140:$BN$148,0)),MATCH(AH17,$BN$200:$BN$202,0)=3),E18*N18*$BU$132,0) -> 0 | AO18: =IF(MATCH(G17,$BN$131:$BN$133,0)<=2,IF(ISNUMBER(MATCH(F17,$BN$153:$BN$162,0)),E18*(N18*(I19+$BU$133+$BU$134)-(((I19/2)^2)*(IF((M18-$BU$133)<I19,2*ACOS(1-(((M18-$BU$133)*2/I19))),2*PI())-SIN(IF((M18-$BU$133)<I19,2*ACOS(1-(((M18-$BU$133)*2/I19))),2*PI()))))/2),0)+IF(ISNUMBER(MATCH(F17,$BN$149:$BN$150,0)),E18*(N18*(VLOOKUP(I18,$CZ$132:$DC$138,3,FALSE)/1000+IF(I18<=600,$BU$136,$BU$137)+$BU$134)-(((VLOOKUP(I18,$CZ$132:$DC$138,3,FALSE)/2000)^2)*(IF((M18-IF(I18<=600,$BU$136,$BU$137))<VLOOKUP(I18,$CZ$132:$DC$138,3,FALSE)/1000,2*ACOS(1-((M18-IF(I18<=600,$BU$136,$BU$137))*2/VLOOKUP(I18,$CZ$132:$DC$138,3,FALSE)/1000)),2*PI())-SIN(IF((M18-IF(I18<=600,$BU$136,$BU$137))<VLOOKUP(I18,$CZ$132:$DC$138,3,FALSE)/1000,2*ACOS(1-((M18-IF(I18<=600,$BU$136,$BU$137))*2/VLOOKUP(I18,$CZ$132:$DC$138,3,FALSE)/1000)),2*PI()))))/2),0)+IF(ISNUMBER(MATCH(F17,$BN$151:$BN$152,0)),E18*(N18*(VLOOKUP(I18,$DE$132:$DH$144,3,FALSE)/1000+IF(I18<=600,$BU$136,$BU$137)+$BU$134)-(((VLOOKUP(I18,$DE$132:$DH$144,3,FALSE)/2000)^2)*(IF((M18-IF(I18<=600,$BU$136,$BU$137))<VLOOKUP(I18,$DE$132:$DH$144,3,FALSE)/1000,2*ACOS(1-((M18-IF(I18<=600,$BU$136,$BU$137))*2/VLOOKUP(I18,$DE$132:$DH$144,3,FALSE)/1000)),2*PI())-SIN(IF((M18-IF(I18<=600,$BU$136,$BU$137))<VLOOKUP(I18,$DE$132:$DH$144,3,FALSE)/1000,2*ACOS(1-((M18-IF(I18<=600,$BU$136,$BU$137))*2/VLOOKUP(I18,$DE$132:$DH$144,3,FALSE)/1000)),2*PI()))))/2),0),0) -> 2.3231599 | AP18: =E18 -> 12.1 | AQ18: =IF(ISNUMBER(MATCH(F17,$BN$140:$BN$148,0)),N18*E18*MAX(IF($BU$138=2,IF((M18-$BU$131-I19-$BU$141-VLOOKUP(R17,$BN$192:$BO$196,2,FALSE))<$BU$140,(M18-$BU$131-I19-$BU$141-VLOOKUP(R17,$BN$192:$BO$196,2,FALSE)),IF((M18-$BU$131-I19-$BU$141-VLOOKUP(R17,$BN$192:$BO$196,2,FALSE))<2*$BU$140,$BU$140,(M18-$BU$131-I19-$BU$141-VLOOKUP(R17,$BN$192:$BO$196,2,FALSE))/2)),M18-$BU$131-I19-$BU$139-VLOOKUP(R17,$BN$192:$BO$196,2,FALSE)),0),0)+IF(ISNUMBER(MATCH(F17,$BN$153:$BN$167,0)),N18*E18*MAX(IF((M18-$BU$133-$BU$134-I19-VLOOKUP(R17,$BN$192:$BO$196,2,FALSE))<$BU$140,(M18-$BU$133-$BU$134-I19-VLOOKUP(R17,$BN$192:$BO$196,2,FALSE)),IF((M18-$BU$133-$BU$134-I19-VLOOKUP(R17,$BN$192:$BO$196,2,FALSE))<2*$BU$140,$BU$140,(M18-$BU$133-$BU$134-I19-VLOOKUP(R17,$BN$192:$BO$196,2,FALSE))/2)),0),0)+IF(ISNUMBER(MATCH(F17,$BN$149:$BN$150,0)),N18*E18*MAX(IF((M18-IF(I18<=600,$BU$136,$BU$137)-$BU$134-VLOOKUP(I18,$CZ$132:$DC$138,3,FALSE)/1000-VLOOKUP(R17,$BN$192:$BO$196,2,FALSE))<$BU$140,(M18-IF(I18<=600,$BU$136,$BU$137)-$BU$134-VLOOKUP(I18,$CZ$132:$DC$138,3,FALSE)/1000-VLOOKUP(R17,$BN$192:$BO$196,2,FALSE)),IF((M18-IF(I18<=600,$BU$136,$BU$137)-$BU$134-VLOOKUP(I18,$CZ$132:$DC$138,3,FALSE)/1000-VLOOKUP(R17,$BN$192:$BO$196,2,FALSE))<2*$BU$140,$BU$140,(M18-IF(I18<=600,$BU$136,$BU$137)-$BU$134-VLOOKUP(I18,$CZ$132:$DC$138,3,FALSE)/1000-VLOOKUP(R17,$BN$192:$BO$196,2,FALSE))/2)),0),0)+IF(ISNUMBER(MATCH(F17,$BN$151:$BN$152,0)),N18*E18*MAX(IF((M18-IF(I18<=600,$BU$136,$BU$137)-$BU$134-VLOOKUP(I18,$DE$132:$DH$144,3,FALSE)/1000-VLOOKUP(R17,$BN$192:$BO$196,2,FALSE))<$BU$140,(M18-IF(I18<=600,$BU$136,$BU$137)-$BU$134-VLOOKUP(I18,$DE$132:$DH$144,3,FALSE)/1000-VLOOKUP(R17,$BN$192:$BO$196,2,FALSE)),IF((M18-IF(I18<=600,$BU$136,$BU$137)-$BU$134-VLOOKUP(I18,$DE$132:$DH$144,3,FALSE)/1000-VLOOKUP(R17,$BN$192:$BO$196,2,FALSE))<2*$BU$140,$BU$140,(M18-IF(I18<=600,$BU$136,$BU$137)-$BU$134-VLOOKUP(I18,$DE$132:$DH$144,3,FALSE)/1000-VLOOKUP(R17,$BN$192:$BO$196,2,FALSE))/2)),0),0) -> 3.7752 | AR18: =IF(ISNUMBER(MATCH(F17,$BN$140:$BN$148,0)),E18*MAX(N18*IF($BU$138=2,IF((M18-$BU$131-I19-$BU$141-VLOOKUP(R17,$BN$192:$BO$196,2,FALSE))<$BU$140,I19+$BU$141,IF((M18-$BU$131-I19-$BU$141-VLOOKUP(R17,$BN$192:$BO$196,2,FALSE))<2*$BU$140,I19+$BU$141+(M18-$BU$131-I19-$BU$141-VLOOKUP(R17,$BN$192:$BO$196,2,FALSE))-$BU$140,I19+$BU$141+(M18-$BU$131-I19-$BU$141-VLOOKUP(R17,$BN$192:$BO$196,2,FALSE))/2)),MAX(MIN(M18-$BU$131-I19-VLOOKUP(R17,$BN$192:$BO$196,2,FALSE),I19+$BU$139),0))-IF((M18-$BU$131)<I19,((I19/2)^2)*(2*ACOS(1-(((M18-$BU$131)*2/I19)))-SIN(2*ACOS(1-(((M18-$BU$131)*2/I19)))))/2,PI()*(I19/2)^2),0),0)+IF(ISNUMBER(MATCH(F17,$BN$153:$BN$167,0)),N18*E18*MAX(IF((M18-$BU$133-$BU$134-I19-VLOOKUP(R17,$BN$192:$BO$196,2,FALSE))<$BU$140,0,IF((M18-$BU$133-$BU$134-I19-VLOOKUP(R17,$BN$192:$BO$196,2,FALSE))<2*$BU$140,(M18-$BU$133-$BU$134-I19-VLOOKUP(R17,$BN$192:$BO$196,2,FALSE))-$BU$140,(M18-$BU$133-$BU$134-I19-VLOOKUP(R17,$BN$192:$BO$196,2,FALSE))/2)),0),0)+IF(ISNUMBER(MATCH(F17,$BN$149:$BN$150,0)),N18*E18*MAX(IF((M18-IF(I18<=600,$BU$136,$BU$137)-$BU$134-VLOOKUP(I18,$CZ$132:$DC$138,3,FALSE)/1000-VLOOKUP(R17,$BN$192:$BO$196,2,FALSE))<$BU$140,0,IF((M18-IF(I18<=600,$BU$136,$BU$137)-$BU$134-VLOOKUP(I18,$CZ$132:$DC$138,3,FALSE)/1000-VLOOKUP(R17,$BN$192:$BO$196,2,FALSE))<2*$BU$140,(M18-IF(I18<=600,$BU$136,$BU$137)-$BU$134-VLOOKUP(I18,$CZ$132:$DC$138,3,FALSE)/1000-VLOOKUP(R17,$BN$192:$BO$196,2,FALSE))-$BU$140,(M18-IF(I18<=600,$BU$136,$BU$137)-$BU$134-VLOOKUP(I18,$CZ$132:$DC$138,3,FALSE)/1000-VLOOKUP(R17,$BN$192:$BO$196,2,FALSE))/2)),0),0)+IF(ISNUMBER(MATCH(F17,$BN$151:$BN$152,0)),N18*E18*MAX(IF((M18-IF(I18<=600,$BU$136,$BU$137)-$BU$134-VLOOKUP(I18,$DE$132:$DH$144,3,FALSE)/1000-VLOOKUP(R17,$BN$192:$BO$196,2,FALSE))<$BU$140,0,IF((M18-IF(I18<=600,$BU$136,$BU$137)-$BU$134-VLOOKUP(I18,$DE$132:$DH$144,3,FALSE)/1000-VLOOKUP(R17,$BN$192:$BO$196,2,FALSE))<2*$BU$140,(M18-IF(I18<=600,$BU$136,$BU$137)-$BU$134-VLOOKUP(I18,$DE$132:$DH$144,3,FALSE)/1000-VLOOKUP(R17,$BN$192:$BO$196,2,FALSE))-$BU$140,(M18-IF(I18<=600,$BU$136,$BU$137)-$BU$134-VLOOKUP(I18,$DE$132:$DH$144,3,FALSE)/1000-VLOOKUP(R17,$BN$192:$BO$196,2,FALSE))/2)),0),0) -> 3.7752 | AS18: =IF(MATCH(G17,$BN$131:$BN$133,0)=3,0,IF(MATCH(R17,$BN$192:$BN$194,0)>=1,E18*(N18),0)) -> 7.865 | AT18: =IF(AND(MATCH(G17,$BN$131:$BN$133,0)<=2,MATCH(R17,$BN$192:$BN$196,0)>1,NOT(AND(MATCH(R17,$BN$192:$BN$196,0)>1,))),E18*(N18+2*VLOOKUP(R17,$BN$192:$BP$196,3,FALSE))*IF(OR(MATCH(R17,$BN$192:$BN$196,0)=3,MATCH(R17,$BN$192:$BN$196,0)=3),VLOOKUP(R17,$BN$192:$BP$196,2,FALSE),1),0) -> 0 | AU18: =IF(AND(MATCH(G17,$BN$131:$BN$133,0)<=2,MATCH(R17,$BN$192:$BN$196,0)=2),E18*(N18+2*VLOOKUP(R17,$BN$192:$BP$196,3,FALSE)),0) -> 0 | AV18: =IF(AND(MATCH(G17,$BN$131:$BN$133,0)<=2,MATCH(R17,$BN$192:$BN$196,0)=2),E18*(N18+2*VLOOKUP(R17,$BN$192:$BP$196,3,FALSE)),0)*$AV$7 -> 0 | AW18: =IF(AND(MATCH(G17,$BN$131:$BN$133,0)<=2,MATCH(R17,$BN$192:$BN$196,0)=2),E18*(N18+2*VLOOKUP(R17,$BN$192:$BP$196,3,FALSE)),0)*$AW$7 -> 0 | AX18: =IF(AND(MATCH(G17,$BN$131:$BN$133,0)<=2,MATCH(R17,$BN$192:$BN$196,0)=2),E18*(N18+2*VLOOKUP(R17,$BN$192:$BP$196,3,FALSE)),0) -> 0 | AY18: =IF(AND(MATCH(G17,$BN$131:$BN$133,0)<=2,MATCH(R17,$BN$192:$BN$196,0)=2),E18*(N18+2*VLOOKUP(R17,$BN$192:$BP$196,3,FALSE)),0)*$AY$7 -> 0 | AZ18: =IF(MATCH(R17,$BN$192:$BN$196,0)=3,E18*(N18+2*VLOOKUP(R17,$BN$192:$BP$196,3,FALSE)),0) -> 0 | BA18: =MAX(SUM(T18:AE18)-AQ18-AR18,0)*$BU$174 -> 3.169595 | BB18: =BA18*$BU$179 -> 47.543925 | BC18: =AM18*$BU$176 -> 0 | BD18: =BC18*$BU$181 -> 0 | BE18: =(AN18+AO18)*$BU$177 -> 3.0201078 | BF18: =BE18*$BU$182 -> 45.301617 | BG18: =IF(MATCH(G17,$BN$131:$BN$133,0)<=2,(E18*(N18+2*VLOOKUP(R17,$BN$192:$BP$196,3,FALSE))*VLOOKUP(R17,$BN$192:$BO$196,2,FALSE))*$BU$178,0) -> 0 | BH18: =BG18*$BU$183 -> 0 | BI18: =AY18*$BI$1*$BI$2*$BI$3 -> 0 | BJ18: =E18*(IF(ISNUMBER(MATCH(F17,$BN$140,0)),VLOOKUP(I18,$BW$134:$BY$147,3,FALSE)/1000,0)+IF(ISNUMBER(MATCH(F17,$BN$141,0)),VLOOKUP(I18,$BW$132:$BZ$147,4,FALSE)/1000,0)+IF(ISNUMBER(MATCH(F17,$BN$142:$BN$148,0)),VLOOKUP(I18,$DJ$132:$DM$142,4,FALSE)/1000,0)+IF(ISNUMBER(MATCH(F17,$BN$149:$BN$150,0)),VLOOKUP(I18,$CZ$132:$DD146,5,FALSE)/1000,0)+IF(ISNUMBER(MATCH(F17,$BN$151:$BN$152,0)),VLOOKUP(I18,$DE$132:$DI$143,5,FALSE)/1000,0)+IF(ISNUMBER(MATCH(F17,$BN$153:$BN$153,0)),VLOOKUP(I18,$BW$132:$CA$147,5,FALSE)/1000,0)+IF(ISNUMBER(MATCH(F17,$BN$154:$BN$154,0)),VLOOKUP(I18,$CH$132:$CL$138,4,FALSE)/1000,0)+IF(ISNUMBER(MATCH(F17,$BN$155:$BN$155,0)),VLOOKUP(I18,$CH$132:$CL$138,5,FALSE)/1000,0)+IF(ISNUMBER(MATCH(F17,$BN$156:$BN$156,0)),VLOOKUP(I18,$CB$132:$CG$135,4,FALSE)/1000,0)+IF(ISNUMBER(MATCH(F17,$BN$157:$BN$157,0)),VLOOKUP(I18,$CB$132:$CG$135,5,FALSE)/1000,0)+IF(ISNUMBER(MATCH(F17,$BN$158:$BN$158,0)),VLOOKUP(I18,$CB$132:$CG$135,6,FALSE)/1000,0)+IF(ISNUMBER(MATCH(F17,$BN$159:$BN$159,0)),VLOOKUP(I18,$CP$132:$CT$151,3,FALSE)/1000,0)+IF(ISNUMBER(MATCH(F17,$BN$160:$BN$160,0)),VLOOKUP(I18,$CP$132:$CT$151,4,FALSE)/1000,0)+IF(ISNUMBER(MATCH(F17,$BN$161:$BN$161,0)),VLOOKUP(I18,$CP$132:$CT$151,5,FALSE)/1000,0)+IF(ISNUMBER(MATCH(F17,$BN$162:$BN$162,0)),VLOOKUP(I18,$CM$132:$CO$168,3,FALSE)/1000,0)) -> 0.01623215 | BK18: =BJ18*$BU$184 -> 0.4869645 | BL18: =(E18*(2*$BU$194+N18)) -> 15.125
I19: =IF(OR(ISNUMBER(MATCH(F17,$BN$140:$BN$141,0)),ISNUMBER(MATCH(F17,$BN$153:$BN$153,0))),VLOOKUP(I18,$BW$132:$BX$152,2,FALSE)/1000,0)+IF(ISNUMBER(MATCH(F17,$BN$154:$BN$155,0)),VLOOKUP(I18,$CH$132:$CJ$138,3,FALSE)/1000,0)+IF(ISNUMBER(MATCH(F17,$BN$156:$BN$158,0)),VLOOKUP(I18,$CB$132:$CD$135,3,FALSE)/1000,0)+IF(ISNUMBER(MATCH(F17,$BN$159:$BN$161,0)),VLOOKUP(I18,$CP$132:$CQ$151,2,FALSE)/1000,0)+IF(ISNUMBER(MATCH(F17,$BN$149:$BN$150,0)),VLOOKUP(I18,$CZ$132:$DC$138,4,FALSE)/1000,0)+IF(ISNUMBER(MATCH(F17,$BN$151:$BN$152,0)),VLOOKUP(I18,$DE$132:$DH$144,4,FALSE)/1000,0)+IF(ISNUMBER(MATCH(F17,$BN$162:$BN$162,0)),VLOOKUP(I18,$CM$132:$CN$168,2,FALSE)/1000,0)+IF(ISNUMBER(MATCH(F17,$BN$142:$BN$148,0)),VLOOKUP(I18,$DJ$132:$DL$144,3,FALSE)/1000,0) -> 0.11 | J19: 662.12 | K19: 661.03 | L19: =J19-K19 -> 1.09
F20: PVC Coletor (Ocre) | G20: Água | H20: Alto | I20: =IF(OR(ISNUMBER(MATCH(F20,$BN$140:$BN$141,0)),ISNUMBER(MATCH(F20,$BN$153:$BN$153,0))),(VLOOKUP(I21,$BW$132:$BX$152,2,FALSE)-I21)/2000,0)+IF(ISNUMBER(MATCH(F20,$BN$154:$BN$155,0)),(VLOOKUP(I21,$CH$132:$CJ$138,3,FALSE)-VLOOKUP(I21,$CH$132:$CJ$138,2,FALSE))/2000,0)+IF(ISNUMBER(MATCH(F20,$BN$156:$BN$158,0)),(VLOOKUP(I21,$CB$132:$CD$135,3,FALSE)-VLOOKUP(I21,$CB$132:$CD$135,2,FALSE))/2000,0)+IF(ISNUMBER(MATCH(F20,$BN$159:$BN$161,0)),(VLOOKUP(I21,$CP$132:$CQ$151,2,FALSE)-I21)/2000,0)+IF(ISNUMBER(MATCH(F20,$BN$149:$BN$150,0)),(VLOOKUP(I21,$CZ$132:$DC$138,4,FALSE)-VLOOKUP(I21,$CZ$132:$DC$138,2,FALSE))/2000,0)+IF(ISNUMBER(MATCH(F20,$BN$151:$BN$152,0)),(VLOOKUP(I21,$DE$132:$DH$144,4,FALSE)-VLOOKUP(I21,$DE$132:$DH$144,2,FALSE))/2000,0)+IF(ISNUMBER(MATCH(F20,$BN$162:$BN$162,0)),(VLOOKUP(I21,$CM$132:$CN$168,2,FALSE)-I21)/2000,0)+IF(ISNUMBER(MATCH(F20,$BN$142:$BN$148,0)),(VLOOKUP(I21,$DJ$132:$DL$144,3,FALSE)-I21)/2000,0) -> 0.0025 | J20: =J19 -> 662.12 | K20: =K19 -> 661.03 | L20: =J20-K20 -> 1.09 | R20: Terra | S20: Manual | AH20: Desnecessário
